Workbook

Sheet Resumen
B2: CST 2026–2027 Flowcharts por programa
B4: Escenario de pauta con honorarios incluidos (comisión 15%). Presupuestos y entregas estimadas por programa.
B6: Inversión total | C6: =SUM(D10:D18) -> 3763000 | E6: Balance | F6: =SUM(E10:E18) -> 0
B9: PO | C9: Programa | D9: Inversión del plan | E9: Balance vs. AGA | F9: TV abierta | G9: Radio | H9: Exterior | I9: Digital y gaming | J9: Creadores | K9: SOI %
B10: 27-12-01 | C10: Alcohol adultos | D10: ='01 Alcohol adultos'!L12 -> 1625000 | E10: =ROUND('AGA y criterios'!D9-D10,2) -> 0 | F10: ='01 Alcohol adultos'!D12 -> 474381.94 | G10: ='01 Alcohol adultos'!E12 -> 150896.75 | H10: ='01 Alcohol adultos'!F12 -> 0 | I10: =SUM('01 Alcohol adultos'!G12:J12) -> 919448.51 | J10: ='01 Alcohol adultos'!K12 -> 80272.8 | K10: =D10/$C$6 -> 0.4318363
B11: 27-12-02 | C11: Alcohol jóvenes | D11: ='02 Alcohol jóvenes'!L12 -> 195000 | E11: =ROUND('AGA y criterios'!D10-D11,2) -> 0 | F11: ='02 Alcohol jóvenes'!D12 -> 56925.82 | G11: ='02 Alcohol jóvenes'!E12 -> 18107.62 | H11: ='02 Alcohol jóvenes'!F12 -> 0 | I11: =SUM('02 Alcohol jóvenes'!G12:J12) -> 110333.82 | J11: ='02 Alcohol jóvenes'!K12 -> 9632.74 | K11: =D11/$C$6 -> 0.051820356
B12: 27-12-03 | C12: Velocidad y agresividad | D12: ='03 Velocidad y agresividad'!L13 -> 330000 | E12: =ROUND('AGA y criterios'!D11-D12,2) -> 0 | F12: ='03 Velocidad y agresividad'!D13 -> 98120.03 | G12: ='03 Velocidad y agresividad'!E13 -> 47144.07 | H12: ='03 Velocidad y agresividad'!F13 -> 43708.5 | I12: =SUM('03 Velocidad y agresividad'!G13:J13) -> 141027.4 | J12: ='03 Velocidad y agresividad'!K13 -> 0 | K12: =D12/$C$6 -> 0.087695987
B13: 27-12-07 | C13: Protección al ocupante | D13: ='04 Protección al ocupante'!L14 -> 625000 | E13: =ROUND('AGA y criterios'!D12-D13,2) -> 0 | F13: ='04 Protección al ocupante'!D14 -> 215084.05 | G13: ='04 Protección al ocupante'!E14 -> 53572.81 | H13: ='04 Protección al ocupante'!F14 -> 0 | I13: =SUM('04 Protección al ocupante'!G14:J14) -> 319294.18 | J13: ='04 Protección al ocupante'!K14 -> 37048.96 | K13: =D13/$C$6 -> 0.16609088
B14: 27-12-10 | C14: No motorizados | D14: ='05 No motorizados'!L15 -> 400000 | E14: =ROUND('AGA y criterios'!D13-D14,2) -> 0 | F14: ='05 No motorizados'!D15 -> 116770.92 | G14: ='05 No motorizados'!E15 -> 55715.7 | H14: ='05 No motorizados'!F15 -> 52980 | I14: =SUM('05 No motorizados'!G15:J15) -> 159713.8 | J14: ='05 No motorizados'!K15 -> 14819.58 | K14: =D14/$C$6 -> 0.10629817
B15: 27-12-13 | C15: Motocicletas | D15: ='06 Motocicletas'!L13 -> 198000 | E15: =ROUND('AGA y criterios'!D14-D15,2) -> 0 | F15: ='06 Motocicletas'!D13 -> 36699.44 | G15: ='06 Motocicletas'!E13 -> 0 | H15: ='06 Motocicletas'!F13 -> 0 | I15: =SUM('06 Motocicletas'!G13:J13) -> 131608.46 | J15: ='06 Motocicletas'!K13 -> 29692.1 | K15: =D15/$C$6 -> 0.052617592
B16: 27-12-14 | C16: Distracción | D16: ='07 Distracción'!L12 -> 125000 | E16: =ROUND('AGA y criterios'!D15-D16,2) -> 0 | F16: ='07 Distracción'!D12 -> 17376.63 | G16: ='07 Distracción'!E12 -> 0 | H16: ='07 Distracción'!F12 -> 0 | I16: =SUM('07 Distracción'!G12:J12) -> 95494.24 | J16: ='07 Distracción'!K12 -> 12129.13 | K16: =D16/$C$6 -> 0.033218177
B17: 27-12-15 | C17: PESET | D17: ='08 PESET'!L12 -> 140000 | E17: =ROUND('AGA y criterios'!D16-D17,2) -> 0 | F17: ='08 PESET'!D12 -> 39356.14 | G17: ='08 PESET'!E12 -> 0 | H17: ='08 PESET'!F12 -> 0 | I17: =SUM('08 PESET'!G12:J12) -> 79896.44 | J17: ='08 PESET'!K12 -> 20747.42 | K17: =D17/$C$6 -> 0.037204358
B18: 27-12-16 | C18: Drogas y conducción | D18: ='09 Drogas y conducción'!L12 -> 125000 | E18: =ROUND('AGA y criterios'!D17-D18,2) -> 0 | F18: ='09 Drogas y conducción'!D12 -> 27030.3 | G18: ='09 Drogas y conducción'!E12 -> 8928.8 | H18: ='09 Drogas y conducción'!F12 -> 0 | I18: =SUM('09 Drogas y conducción'!G12:J12) -> 89040.9 | J18: ='09 Drogas y conducción'!K12 -> 0 | K18: =D18/$C$6 -> 0.033218177
B19: TOTAL PAUTA | D19: =SUM(D10:D18) -> 3763000 | E19: =SUM(E10:E18) -> 0 | F19: =SUM(F10:F18) -> 1081745.3 | G19: =SUM(G10:G18) -> 334365.75 | H19: =SUM(H10:H18) -> 96688.5 | I19: =SUM(I10:I18) -> 2045857.7 | J19: =SUM(J10:J18) -> 204342.73 | K19: =SUM(K10:K18) -> 1
B21: Los importes ya incluyen honorarios del 15% sobre el costo neto de pauta. No se añaden nuevamente a cada campaña.
B22: Auspicios: $1,075,000 pendientes de con con el RFP. No están sumados al escenario de $3,763,000.
B23: No se asignan los $117,200 sin desglose del PO de no motorizados. Producción y reproducción están fuera de estos flowcharts de pauta.
B24: Jóvenes, golpe de calor y PESET incluyen calendarios propuestos. Los demás planes conservan las ventanas y el mix de origen, escalados por partida.
B25: Entregas estimadas con tarifas de referencia.
B28: Medio | C28: Inversión | D28: SOI total
B29: TV abierta | C29: =SUM('01 Alcohol adultos'!D12,'02 Alcohol jóvenes'!D12,'03 Velocidad y agresividad'!D13,'04 Protección al ocupante'!D14,'05 No motorizados'!D15,'06 Motocicletas'!D13,'07 Distracción'!D12,'08 PESET'!D12,'09 Drogas y conducción'!D12) -> 1081745.3 | D29: =C29/$C$6 -> 0.28746885
B30: Radio regional | C30: =SUM('01 Alcohol adultos'!E12,'02 Alcohol jóvenes'!E12,'03 Velocidad y agresividad'!E13,'04 Protección al ocupante'!E14,'05 No motorizados'!E15,'06 Motocicletas'!E13,'07 Distracción'!E12,'08 PESET'!E12,'09 Drogas y conducción'!E12) -> 334365.75 | D30: =C30/$C$6 -> 0.088856165
B31: Exterior / OOH | C31: =SUM('01 Alcohol adultos'!F12,'02 Alcohol jóvenes'!F12,'03 Velocidad y agresividad'!F13,'04 Protección al ocupante'!F14,'05 No motorizados'!F15,'06 Motocicletas'!F13,'07 Distracción'!F12,'08 PESET'!F12,'09 Drogas y conducción'!F12) -> 96688.5 | D31: =C31/$C$6 -> 0.025694526
B32: Meta | C32: =SUM('01 Alcohol adultos'!G12,'02 Alcohol jóvenes'!G12,'03 Velocidad y agresividad'!G13,'04 Protección al ocupante'!G14,'05 No motorizados'!G15,'06 Motocicletas'!G13,'07 Distracción'!G12,'08 PESET'!G12,'09 Drogas y conducción'!G12) -> 1077307.6 | D32: =C32/$C$6 -> 0.28628957
B33: YouTube | C33: =SUM('01 Alcohol adultos'!H12,'02 Alcohol jóvenes'!H12,'03 Velocidad y agresividad'!H13,'04 Protección al ocupante'!H14,'05 No motorizados'!H15,'06 Motocicletas'!H13,'07 Distracción'!H12,'08 PESET'!H12,'09 Drogas y conducción'!H12) -> 682150.03 | D33: =C33/$C$6 -> 0.18127824
B34: Programática | C34: =SUM('01 Alcohol adultos'!I12,'02 Alcohol jóvenes'!I12,'03 Velocidad y agresividad'!I13,'04 Protección al ocupante'!I14,'05 No motorizados'!I15,'06 Motocicletas'!I13,'07 Distracción'!I12,'08 PESET'!I12,'09 Drogas y conducción'!I12) -> 60650.06 | D34: =C34/$C$6 -> 0.016117475
B35: Gaming | C35: =SUM('01 Alcohol adultos'!J12,'02 Alcohol jóvenes'!J12,'03 Velocidad y agresividad'!J13,'04 Protección al ocupante'!J14,'05 No motorizados'!J15,'06 Motocicletas'!J13,'07 Distracción'!J12,'08 PESET'!J12,'09 Drogas y conducción'!J12) -> 225750.02 | D35: =C35/$C$6 -> 0.059992033
B36: Creadores e integraciones | C36: =SUM('01 Alcohol adultos'!K12,'02 Alcohol jóvenes'!K12,'03 Velocidad y agresividad'!K13,'04 Protección al ocupante'!K14,'05 No motorizados'!K15,'06 Motocicletas'!K13,'07 Distracción'!K12,'08 PESET'!K12,'09 Drogas y conducción'!K12) -> 204342.73 | D36: =C36/$C$6 -> 0.054303144
B37: TOTAL | C37: =SUM(C29:C36) -> 3763000 | D37: =SUM(D29:D36) -> 1

Sheet 01 Alcohol adultos
B2: 27-12-01 Alcohol adultos
B4: Escenario de pauta con honorarios incluidos (comisión 15%). Presupuestos y entregas estimadas por programa.
B6: Presupuesto AGA | C6: ='AGA y criterios'!D9 -> 1625000 | E6: Inversión del plan | F6: =L12 -> 1625000 | H6: Balance | I6: =ROUND(C6-F6,2) -> 0 | K6: Auspicios AGA pendientes | M6: ='AGA y criterios'!E9 -> 570000
B8: Auspicios AGA pendientes de conciliación; no se suman al plan. Ver “AGA y criterios”. Alcance y frecuencia requieren datos de audiencia.
B10: Campaña | C10: Presupuesto | D10: TV abierta | E10: Radio | F10: Exterior | G10: Meta | H10: YouTube | I10: Programática | J10: Gaming | K10: Creadores | L10: Total asignado | M10: Balance | N10: SOI programa
B11: Alcohol adultos | C11: ='AGA y criterios'!D26 -> 1625000 | D11: =M23 -> 474381.94 | E11: =M24 -> 150896.75 | F11: 0 | G11: =M25 -> 431948.51 | H11: =M26 -> 325000 | I11: 0 | J11: =M27 -> 162500 | K11: =M28 -> 80272.8 | L11: =M29 -> 1625000 | M11: =ROUND(C11-L11,2) -> 0 | N11: =L11/$C$6 -> 1
B12: TOTAL PROGRAMA | C12: =SUM(C11:C11) -> 1625000 | D12: =SUM(D11:D11) -> 474381.94 | E12: =SUM(E11:E11) -> 150896.75 | F12: =SUM(F11:F11) -> 0 | G12: =SUM(G11:G11) -> 431948.51 | H12: =SUM(H11:H11) -> 325000 | I12: =SUM(I11:I11) -> 0 | J12: =SUM(J11:J11) -> 162500 | ... N12: =SUM(N11:N11) -> 1
B16: 27-12-01 Alcohol adultos
B17: Público: Hombres 25–34. Secundario: hombres 35–44.
B18: Mensaje: Si guías borracho, serás arrestado. Si vas a beber, utiliza un conductor designado o un transporte alterno.
B19: 7 campañas. Se conservan las siete ventanas del archivo base.
B20: Presupuesto de campaña | C20: ='AGA y criterios'!D26 -> 1625000
B22: Auspicios pendientes de con con el RFP. No están sumados al escenario de $3,763,000. | C22: Unidad estimada | D22: Tarifa integrada | E22: 19–31 oct 26 | F22: 1–28 nov 26 | G22: 1–28 dic 26 | H22: 1–28 mar 27 | I22: 1–28 jun 27 | J22: 1–28 jul 27 | K22: 1–28 sep 27 | L22: Entrega estimada | M22: Inversión total | N22: SOI %
B23: TV abierta | C23: Spots de 60 s eq. | D23: =SUM(Tarifas!E7:E12) -> 10068.25 | E23: =ROUND($C$20*('Base de distribución'!E8/SUM('Base de distribución'!E8,'Base de distribución'!E9,'Base de distribución'!E10,'Base de distribución'!E11,'Base de distribución'!E12,'Base de distribución'!E13,'Base de distribución'!E14,'Base de distribución'!E15,'Base de distribución'!E16,'Base de distribución'!E17,'Base de distribución'!E18,'Base de distribución'!E19,'Base de distribución'!E20,'Base de distribución'!E21,'Base de distribución'!E22,'Base de distribución'!E23,'Base de distribución'!E24,'Base de distribución'!E25,'Base de distribución'!E26,'Base de distribución'!E27,'Base de distribución'!E28,'Base de distribución'!E29,'Base de distribución'!E30,'Base de distribución'!E31,'Base de distribución'!E32,'Base de distribución'!E33,'Base de distribución'!E34,'Base de distribución'!E35,'Base de distribución'!E36,'Base de distribución'!E37,'Base de distribución'!E38,'Base de distribución'!E39,'Base de distribución'!E40,'Base de distribución'!E41,'Base de distribución'!E42,'Base de distribución'!E43,'Base de distribución'!E44,'Base de distribución'!E45,'Base de distribución'!E46,'Base de distribución'!E47,'Base de distribución'!E48,'Base de distribución'!E49)),2) -> 52709.1 | F23: =ROUND($C$20*('Base de distribución'!E9/SUM('Base de distribución'!E8,'Base de distribución'!E9,'Base de distribución'!E10,'Base de distribución'!E11,'Base de distribución'!E12,'Base de distribución'!E13,'Base de distribución'!E14,'Base de distribución'!E15,'Base de distribución'!E16,'Base de distribución'!E17,'Base de distribución'!E18,'Base de distribución'!E19,'Base de distribución'!E20,'Base de distribución'!E21,'Base de distribución'!E22,'Base de distribución'!E23,'Base de distribución'!E24,'Base de distribución'!E25,'Base de distribución'!E26,'Base de distribución'!E27,'Base de distribución'!E28,'Base de distribución'!E29,'Base de distribución'!E30,'Base de distribución'!E31,'Base de distribución'!E32,'Base de distribución'!E33,'Base de distribución'!E34,'Base de distribución'!E35,'Base de distribución'!E36,'Base de distribución'!E37,'Base de distribución'!E38,'Base de distribución'!E39,'Base de distribución'!E40,'Base de distribución'!E41,'Base de distribución'!E42,'Base de distribución'!E43,'Base de distribución'!E44,'Base de distribución'!E45,'Base de distribución'!E46,'Base de distribución'!E47,'Base de distribución'!E48,'Base de distribución'!E49)),2) -> 52709.1 | G23: =ROUND($C$20*('Base de distribución'!E10/SUM('Base de distribución'!E8,'Base de distribución'!E9,'Base de distribución'!E10,'Base de distribución'!E11,'Base de distribución'!E12,'Base de distribución'!E13,'Base de distribución'!E14,'Base de distribución'!E15,'Base de distribución'!E16,'Base de distribución'!E17,'Base de distribución'!E18,'Base de distribución'!E19,'Base de distribución'!E20,'Base de distribución'!E21,'Base de distribución'!E22,'Base de distribución'!E23,'Base de distribución'!E24,'Base de distribución'!E25,'Base de distribución'!E26,'Base de distribución'!E27,'Base de distribución'!E28,'Base de distribución'!E29,'Base de distribución'!E30,'Base de distribución'!E31,'Base de distribución'!E32,'Base de distribución'!E33,'Base de distribución'!E34,'Base de distribución'!E35,'Base de distribución'!E36,'Base de distribución'!E37,'Base de distribución'!E38,'Base de distribución'!E39,'Base de distribución'!E40,'Base de distribución'!E41,'Base de distribución'!E42,'Base de distribución'!E43,'Base de distribución'!E44,'Base de distribución'!E45,'Base de distribución'!E46,'Base de distribución'!E47,'Base de distribución'!E48,'Base de distribución'!E49)),2) -> 87848.5 | H23: =ROUND($C$20*('Base de distribución'!E11/SUM('Base de distribución'!E8,'Base de distribución'!E9,'Base de distribución'!E10,'Base de distribución'!E11,'Base de distribución'!E12,'Base de distribución'!E13,'Base de distribución'!E14,'Base de distribución'!E15,'Base de distribución'!E16,'Base de distribución'!E17,'Base de distribución'!E18,'Base de distribución'!E19,'Base de distribución'!E20,'Base de distribución'!E21,'Base de distribución'!E22,'Base de distribución'!E23,'Base de distribución'!E24,'Base de distribución'!E25,'Base de distribución'!E26,'Base de distribución'!E27,'Base de distribución'!E28,'Base de distribución'!E29,'Base de distribución'!E30,'Base de distribución'!E31,'Base de distribución'!E32,'Base de distribución'!E33,'Base de distribución'!E34,'Base de distribución'!E35,'Base de distribución'!E36,'Base de distribución'!E37,'Base de distribución'!E38,'Base de distribución'!E39,'Base de distribución'!E40,'Base de distribución'!E41,'Base de distribución'!E42,'Base de distribución'!E43,'Base de distribución'!E44,'Base de distribución'!E45,'Base de distribución'!E46,'Base de distribución'!E47,'Base de distribución'!E48,'Base de distribución'!E49)),2) -> 70278.81 | I23: =ROUND($C$20*('Base de distribución'!E12/SUM('Base de distribución'!E8,'Base de distribución'!E9,'Base de distribución'!E10,'Base de distribución'!E11,'Base de distribución'!E12,'Base de distribución'!E13,'Base de distribución'!E14,'Base de distribución'!E15,'Base de distribución'!E16,'Base de distribución'!E17,'Base de distribución'!E18,'Base de distribución'!E19,'Base de distribución'!E20,'Base de distribución'!E21,'Base de distribución'!E22,'Base de distribución'!E23,'Base de distribución'!E24,'Base de distribución'!E25,'Base de distribución'!E26,'Base de distribución'!E27,'Base de distribución'!E28,'Base de distribución'!E29,'Base de distribución'!E30,'Base de distribución'!E31,'Base de distribución'!E32,'Base de distribución'!E33,'Base de distribución'!E34,'Base de distribución'!E35,'Base de distribución'!E36,'Base de distribución'!E37,'Base de distribución'!E38,'Base de distribución'!E39,'Base de distribución'!E40,'Base de distribución'!E41,'Base de distribución'!E42,'Base de distribución'!E43,'Base de distribución'!E44,'Base de distribución'!E45,'Base de distribución'!E46,'Base de distribución'!E47,'Base de distribución'!E48,'Base de distribución'!E49)),2) -> 70278.81 | J23: =ROUND($C$20*('Base de distribución'!E13/SUM('Base de distribución'!E8,'Base de distribución'!E9,'Base de distribución'!E10,'Base de distribución'!E11,'Base de distribución'!E12,'Base de distribución'!E13,'Base de distribución'!E14,'Base de distribución'!E15,'Base de distribución'!E16,'Base de distribución'!E17,'Base de distribución'!E18,'Base de distribución'!E19,'Base de distribución'!E20,'Base de distribución'!E21,'Base de distribución'!E22,'Base de distribución'!E23,'Base de distribución'!E24,'Base de distribución'!E25,'Base de distribución'!E26,'Base de distribución'!E27,'Base de distribución'!E28,'Base de distribución'!E29,'Base de distribución'!E30,'Base de distribución'!E31,'Base de distribución'!E32,'Base de distribución'!E33,'Base de distribución'!E34,'Base de distribución'!E35,'Base de distribución'!E36,'Base de distribución'!E37,'Base de distribución'!E38,'Base de distribución'!E39,'Base de distribución'!E40,'Base de distribución'!E41,'Base de distribución'!E42,'Base de distribución'!E43,'Base de distribución'!E44,'Base de distribución'!E45,'Base de distribución'!E46,'Base de distribución'!E47,'Base de distribución'!E48,'Base de distribución'!E49)),2) -> 70278.81 | K23: =ROUND($C$20*('Base de distribución'!E14/SUM('Base de distribución'!E8,'Base de distribución'!E9,'Base de distribución'!E10,'Base de distribución'!E11,'Base de distribución'!E12,'Base de distribución'!E13,'Base de distribución'!E14,'Base de distribución'!E15,'Base de distribución'!E16,'Base de distribución'!E17,'Base de distribución'!E18,'Base de distribución'!E19,'Base de distribución'!E20,'Base de distribución'!E21,'Base de distribución'!E22,'Base de distribución'!E23,'Base de distribución'!E24,'Base de distribución'!E25,'Base de distribución'!E26,'Base de distribución'!E27,'Base de distribución'!E28,'Base de distribución'!E29,'Base de distribución'!E30,'Base de distribución'!E31,'Base de distribución'!E32,'Base de distribución'!E33,'Base de distribución'!E34,'Base de distribución'!E35,'Base de distribución'!E36,'Base de distribución'!E37,'Base de distribución'!E38,'Base de distribución'!E39,'Base de distribución'!E40,'Base de distribución'!E41,'Base de distribución'!E42,'Base de distribución'!E43,'Base de distribución'!E44,'Base de distribución'!E45,'Base de distribución'!E46,'Base de distribución'!E47,'Base de distribución'!E48,'Base de distribución'!E49)),2) -> 70278.81 | L23: =SUM(L46:L51) -> 282.69974 | M23: =SUM(E23:K23) -> 474381.94 | N23: =M23/$C$20 -> 0.29192735
B24: Radio regional | C24: Cuñas de 30 s eq. | D24: =SUM(Tarifas!E13:E30) -> 665.16 | E24: =ROUND($C$20*('Base de distribución'!E15/SUM('Base de distribución'!E8,'Base de distribución'!E9,'Base de distribución'!E10,'Base de distribución'!E11,'Base de distribución'!E12,'Base de distribución'!E13,'Base de distribución'!E14,'Base de distribución'!E15,'Base de distribución'!E16,'Base de distribución'!E17,'Base de distribución'!E18,'Base de distribución'!E19,'Base de distribución'!E20,'Base de distribución'!E21,'Base de distribución'!E22,'Base de distribución'!E23,'Base de distribución'!E24,'Base de distribución'!E25,'Base de distribución'!E26,'Base de distribución'!E27,'Base de distribución'!E28,'Base de distribución'!E29,'Base de distribución'!E30,'Base de distribución'!E31,'Base de distribución'!E32,'Base de distribución'!E33,'Base de distribución'!E34,'Base de distribución'!E35,'Base de distribución'!E36,'Base de distribución'!E37,'Base de distribución'!E38,'Base de distribución'!E39,'Base de distribución'!E40,'Base de distribución'!E41,'Base de distribución'!E42,'Base de distribución'!E43,'Base de distribución'!E44,'Base de distribución'!E45,'Base de distribución'!E46,'Base de distribución'!E47,'Base de distribución'!E48,'Base de distribución'!E49)),2) -> 11607.45 | F24: =ROUND($C$20*('Base de distribución'!E16/SUM('Base de distribución'!E8,'Base de distribución'!E9,'Base de distribución'!E10,'Base de distribución'!E11,'Base de distribución'!E12,'Base de distribución'!E13,'Base de distribución'!E14,'Base de distribución'!E15,'Base de distribución'!E16,'Base de distribución'!E17,'Base de distribución'!E18,'Base de distribución'!E19,'Base de distribución'!E20,'Base de distribución'!E21,'Base de distribución'!E22,'Base de distribución'!E23,'Base de distribución'!E24,'Base de distribución'!E25,'Base de distribución'!E26,'Base de distribución'!E27,'Base de distribución'!E28,'Base de distribución'!E29,'Base de distribución'!E30,'Base de distribución'!E31,'Base de distribución'!E32,'Base de distribución'!E33,'Base de distribución'!E34,'Base de distribución'!E35,'Base de distribución'!E36,'Base de distribución'!E37,'Base de distribución'!E38,'Base de distribución'!E39,'Base de distribución'!E40,'Base de distribución'!E41,'Base de distribución'!E42,'Base de distribución'!E43,'Base de distribución'!E44,'Base de distribución'!E45,'Base de distribución'!E46,'Base de distribución'!E47,'Base de distribución'!E48,'Base de distribución'!E49)),2) -> 11607.45 | G24: =ROUND($C$20*('Base de distribución'!E17/SUM('Base de distribución'!E8,'Base de distribución'!E9,'Base de distribución'!E10,'Base de distribución'!E11,'Base de distribución'!E12,'Base de distribución'!E13,'Base de distribución'!E14,'Base de distribución'!E15,'Base de distribución'!E16,'Base de distribución'!E17,'Base de distribución'!E18,'Base de distribución'!E19,'Base de distribución'!E20,'Base de distribución'!E21,'Base de distribución'!E22,'Base de distribución'!E23,'Base de distribución'!E24,'Base de distribución'!E25,'Base de distribución'!E26,'Base de distribución'!E27,'Base de distribución'!E28,'Base de distribución'!E29,'Base de distribución'!E30,'Base de distribución'!E31,'Base de distribución'!E32,'Base de distribución'!E33,'Base de distribución'!E34,'Base de distribución'!E35,'Base de distribución'!E36,'Base de distribución'!E37,'Base de distribución'!E38,'Base de distribución'!E39,'Base de distribución'!E40,'Base de distribución'!E41,'Base de distribución'!E42,'Base de distribución'!E43,'Base de distribución'!E44,'Base de distribución'!E45,'Base de distribución'!E46,'Base de distribución'!E47,'Base de distribución'!E48,'Base de distribución'!E49)),2) -> 34822.33 | H24: =ROUND($C$20*('Base de distribución'!E18/SUM('Base de distribución'!E8,'Base de distribución'!E9,'Base de distribución'!E10,'Base de distribución'!E11,'Base de distribución'!E12,'Base de distribución'!E13,'Base de distribución'!E14,'Base de distribución'!E15,'Base de distribución'!E16,'Base de distribución'!E17,'Base de distribución'!E18,'Base de distribución'!E19,'Base de distribución'!E20,'Base de distribución'!E21,'Base de distribución'!E22,'Base de distribución'!E23,'Base de distribución'!E24,'Base de distribución'!E25,'Base de distribución'!E26,'Base de distribución'!E27,'Base de distribución'!E28,'Base de distribución'!E29,'Base de distribución'!E30,'Base de distribución'!E31,'Base de distribución'!E32,'Base de distribución'!E33,'Base de distribución'!E34,'Base de distribución'!E35,'Base de distribución'!E36,'Base de distribución'!E37,'Base de distribución'!E38,'Base de distribución'!E39,'Base de distribución'!E40,'Base de distribución'!E41,'Base de distribución'!E42,'Base de distribución'!E43,'Base de distribución'!E44,'Base de distribución'!E45,'Base de distribución'!E46,'Base de distribución'!E47,'Base de distribución'!E48,'Base de distribución'!E49)),2) -> 23214.88 | I24: =ROUND($C$20*('Base de distribución'!E19/SUM('Base de distribución'!E8,'Base de distribución'!E9,'Base de distribución'!E10,'Base de distribución'!E11,'Base de distribución'!E12,'Base de distribución'!E13,'Base de distribución'!E14,'Base de distribución'!E15,'Base de distribución'!E16,'Base de distribución'!E17,'Base de distribución'!E18,'Base de distribución'!E19,'Base de distribución'!E20,'Base de distribución'!E21,'Base de distribución'!E22,'Base de distribución'!E23,'Base de distribución'!E24,'Base de distribución'!E25,'Base de distribución'!E26,'Base de distribución'!E27,'Base de distribución'!E28,'Base de distribución'!E29,'Base de distribución'!E30,'Base de distribución'!E31,'Base de distribución'!E32,'Base de distribución'!E33,'Base de distribución'!E34,'Base de distribución'!E35,'Base de distribución'!E36,'Base de distribución'!E37,'Base de distribución'!E38,'Base de distribución'!E39,'Base de distribución'!E40,'Base de distribución'!E41,'Base de distribución'!E42,'Base de distribución'!E43,'Base de distribución'!E44,'Base de distribución'!E45,'Base de distribución'!E46,'Base de distribución'!E47,'Base de distribución'!E48,'Base de distribución'!E49)),2) -> 23214.88 | J24: =ROUND($C$20*('Base de distribución'!E20/SUM('Base de distribución'!E8,'Base de distribución'!E9,'Base de distribución'!E10,'Base de distribución'!E11,'Base de distribución'!E12,'Base de distribución'!E13,'Base de distribución'!E14,'Base de distribución'!E15,'Base de distribución'!E16,'Base de distribución'!E17,'Base de distribución'!E18,'Base de distribución'!E19,'Base de distribución'!E20,'Base de distribución'!E21,'Base de distribución'!E22,'Base de distribución'!E23,'Base de distribución'!E24,'Base de distribución'!E25,'Base de distribución'!E26,'Base de distribución'!E27,'Base de distribución'!E28,'Base de distribución'!E29,'Base de distribución'!E30,'Base de distribución'!E31,'Base de distribución'!E32,'Base de distribución'!E33,'Base de distribución'!E34,'Base de distribución'!E35,'Base de distribución'!E36,'Base de distribución'!E37,'Base de distribución'!E38,'Base de distribución'!E39,'Base de distribución'!E40,'Base de distribución'!E41,'Base de distribución'!E42,'Base de distribución'!E43,'Base de distribución'!E44,'Base de distribución'!E45,'Base de distribución'!E46,'Base de distribución'!E47,'Base de distribución'!E48,'Base de distribución'!E49)),2) -> 23214.88 | K24: =ROUND($C$20*('Base de distribución'!E21/SUM('Base de distribución'!E8,'Base de distribución'!E9,'Base de distribución'!E10,'Base de distribución'!E11,'Base de distribución'!E12,'Base de distribución'!E13,'Base de distribución'!E14,'Base de distribución'!E15,'Base de distribución'!E16,'Base de distribución'!E17,'Base de distribución'!E18,'Base de distribución'!E19,'Base de distribución'!E20,'Base de distribución'!E21,'Base de distribución'!E22,'Base de distribución'!E23,'Base de distribución'!E24,'Base de distribución'!E25,'Base de distribución'!E26,'Base de distribución'!E27,'Base de distribución'!E28,'Base de distribución'!E29,'Base de distribución'!E30,'Base de distribución'!E31,'Base de distribución'!E32,'Base de distribución'!E33,'Base de distribución'!E34,'Base de distribución'!E35,'Base de distribución'!E36,'Base de distribución'!E37,'Base de distribución'!E38,'Base de distribución'!E39,'Base de distribución'!E40,'Base de distribución'!E41,'Base de distribución'!E42,'Base de distribución'!E43,'Base de distribución'!E44,'Base de distribución'!E45,'Base de distribución'!E46,'Base de distribución'!E47,'Base de distribución'!E48,'Base de distribución'!E49)),2) -> 23214.88 | L24: =SUM(L54:L71) -> 4083.4408 | M24: =SUM(E24:K24) -> 150896.75 | N24: =M24/$C$20 -> 0.092859538
B25: Entregas estimadas con tarifas de referencia. | C25: Impresiones | D25: =Tarifas!E35 -> 8.625 | E25: =ROUND($C$20*('Base de distribución'!E22/SUM('Base de distribución'!E8,'Base de distribución'!E9,'Base de distribución'!E10,'Base de distribución'!E11,'Base de distribución'!E12,'Base de distribución'!E13,'Base de distribución'!E14,'Base de distribución'!E15,'Base de distribución'!E16,'Base de distribución'!E17,'Base de distribución'!E18,'Base de distribución'!E19,'Base de distribución'!E20,'Base de distribución'!E21,'Base de distribución'!E22,'Base de distribución'!E23,'Base de distribución'!E24,'Base de distribución'!E25,'Base de distribución'!E26,'Base de distribución'!E27,'Base de distribución'!E28,'Base de distribución'!E29,'Base de distribución'!E30,'Base de distribución'!E31,'Base de distribución'!E32,'Base de distribución'!E33,'Base de distribución'!E34,'Base de distribución'!E35,'Base de distribución'!E36,'Base de distribución'!E37,'Base de distribución'!E38,'Base de distribución'!E39,'Base de distribución'!E40,'Base de distribución'!E41,'Base de distribución'!E42,'Base de distribución'!E43,'Base de distribución'!E44,'Base de distribución'!E45,'Base de distribución'!E46,'Base de distribución'!E47,'Base de distribución'!E48,'Base de distribución'!E49)),2) -> 39399.35 | F25: =ROUND($C$20*('Base de distribución'!E23/SUM('Base de distribución'!E8,'Base de distribución'!E9,'Base de distribución'!E10,'Base de distribución'!E11,'Base de distribución'!E12,'Base de distribución'!E13,'Base de distribución'!E14,'Base de distribución'!E15,'Base de distribución'!E16,'Base de distribución'!E17,'Base de distribución'!E18,'Base de distribución'!E19,'Base de distribución'!E20,'Base de distribución'!E21,'Base de distribución'!E22,'Base de distribución'!E23,'Base de distribución'!E24,'Base de distribución'!E25,'Base de distribución'!E26,'Base de distribución'!E27,'Base de distribución'!E28,'Base de distribución'!E29,'Base de distribución'!E30,'Base de distribución'!E31,'Base de distribución'!E32,'Base de distribución'!E33,'Base de distribución'!E34,'Base de distribución'!E35,'Base de distribución'!E36,'Base de distribución'!E37,'Base de distribución'!E38,'Base de distribución'!E39,'Base de distribución'!E40,'Base de distribución'!E41,'Base de distribución'!E42,'Base de distribución'!E43,'Base de distribución'!E44,'Base de distribución'!E45,'Base de distribución'!E46,'Base de distribución'!E47,'Base de distribución'!E48,'Base de distribución'!E49)),2) -> 39399.35 | G25: =ROUND($C$20*('Base de distribución'!E24/SUM('Base de distribución'!E8,'Base de distribución'!E9,'Base de distribución'!E10,'Base de distribución'!E11,'Base de distribución'!E12,'Base de distribución'!E13,'Base de distribución'!E14,'Base de distribución'!E15,'Base de distribución'!E16,'Base de distribución'!E17,'Base de distribución'!E18,'Base de distribución'!E19,'Base de distribución'!E20,'Base de distribución'!E21,'Base de distribución'!E22,'Base de distribución'!E23,'Base de distribución'!E24,'Base de distribución'!E25,'Base de distribución'!E26,'Base de distribución'!E27,'Base de distribución'!E28,'Base de distribución'!E29,'Base de distribución'!E30,'Base de distribución'!E31,'Base de distribución'!E32,'Base de distribución'!E33,'Base de distribución'!E34,'Base de distribución'!E35,'Base de distribución'!E36,'Base de distribución'!E37,'Base de distribución'!E38,'Base de distribución'!E39,'Base de distribución'!E40,'Base de distribución'!E41,'Base de distribución'!E42,'Base de distribución'!E43,'Base de distribución'!E44,'Base de distribución'!E45,'Base de distribución'!E46,'Base de distribución'!E47,'Base de distribución'!E48,'Base de distribución'!E49)),2) -> 89778.02 | H25: =ROUND($C$20*('Base de distribución'!E25/SUM('Base de distribución'!E8,'Base de distribución'!E9,'Base de distribución'!E10,'Base de distribución'!E11,'Base de distribución'!E12,'Base de distribución'!E13,'Base de distribución'!E14,'Base de distribución'!E15,'Base de distribución'!E16,'Base de distribución'!E17,'Base de distribución'!E18,'Base de distribución'!E19,'Base de distribución'!E20,'Base de distribución'!E21,'Base de distribución'!E22,'Base de distribución'!E23,'Base de distribución'!E24,'Base de distribución'!E25,'Base de distribución'!E26,'Base de distribución'!E27,'Base de distribución'!E28,'Base de distribución'!E29,'Base de distribución'!E30,'Base de distribución'!E31,'Base de distribución'!E32,'Base de distribución'!E33,'Base de distribución'!E34,'Base de distribución'!E35,'Base de distribución'!E36,'Base de distribución'!E37,'Base de distribución'!E38,'Base de distribución'!E39,'Base de distribución'!E40,'Base de distribución'!E41,'Base de distribución'!E42,'Base de distribución'!E43,'Base de distribución'!E44,'Base de distribución'!E45,'Base de distribución'!E46,'Base de distribución'!E47,'Base de distribución'!E48,'Base de distribución'!E49)),2) -> 62080.16 | I25: =ROUND($C$20*('Base de distribución'!E26/SUM('Base de distribución'!E8,'Base de distribución'!E9,'Base de distribución'!E10,'Base de distribución'!E11,'Base de distribución'!E12,'Base de distribución'!E13,'Base de distribución'!E14,'Base de distribución'!E15,'Base de distribución'!E16,'Base de distribución'!E17,'Base de distribución'!E18,'Base de distribución'!E19,'Base de distribución'!E20,'Base de distribución'!E21,'Base de distribución'!E22,'Base de distribución'!E23,'Base de distribución'!E24,'Base de distribución'!E25,'Base de distribución'!E26,'Base de distribución'!E27,'Base de distribución'!E28,'Base de distribución'!E29,'Base de distribución'!E30,'Base de distribución'!E31,'Base de distribución'!E32,'Base de distribución'!E33,'Base de distribución'!E34,'Base de distribución'!E35,'Base de distribución'!E36,'Base de distribución'!E37,'Base de distribución'!E38,'Base de distribución'!E39,'Base de distribución'!E40,'Base de distribución'!E41,'Base de distribución'!E42,'Base de distribución'!E43,'Base de distribución'!E44,'Base de distribución'!E45,'Base de distribución'!E46,'Base de distribución'!E47,'Base de distribución'!E48,'Base de distribución'!E49)),2) -> 67097.21 | J25: =ROUND($C$20*('Base de distribución'!E27/SUM('Base de distribución'!E8,'Base de distribución'!E9,'Base de distribución'!E10,'Base de distribución'!E11,'Base de distribución'!E12,'Base de distribución'!E13,'Base de distribución'!E14,'Base de distribución'!E15,'Base de distribución'!E16,'Base de distribución'!E17,'Base de distribución'!E18,'Base de distribución'!E19,'Base de distribución'!E20,'Base de distribución'!E21,'Base de distribución'!E22,'Base de distribución'!E23,'Base de distribución'!E24,'Base de distribución'!E25,'Base de distribución'!E26,'Base de distribución'!E27,'Base de distribución'!E28,'Base de distribución'!E29,'Base de distribución'!E30,'Base de distribución'!E31,'Base de distribución'!E32,'Base de distribución'!E33,'Base de distribución'!E34,'Base de distribución'!E35,'Base de distribución'!E36,'Base de distribución'!E37,'Base de distribución'!E38,'Base de distribución'!E39,'Base de distribución'!E40,'Base de distribución'!E41,'Base de distribución'!E42,'Base de distribución'!E43,'Base de distribución'!E44,'Base de distribución'!E45,'Base de distribución'!E46,'Base de distribución'!E47,'Base de distribución'!E48,'Base de distribución'!E49)),2) -> 67097.21 | K25: =ROUND($C$20*('Base de distribución'!E28/SUM('Base de distribución'!E8,'Base de distribución'!E9,'Base de distribución'!E10,'Base de distribución'!E11,'Base de distribución'!E12,'Base de distribución'!E13,'Base de distribución'!E14,'Base de distribución'!E15,'Base de distribución'!E16,'Base de distribución'!E17,'Base de distribución'!E18,'Base de distribución'!E19,'Base de distribución'!E20,'Base de distribución'!E21,'Base de distribución'!E22,'Base de distribución'!E23,'Base de distribución'!E24,'Base de distribución'!E25,'Base de distribución'!E26,'Base de distribución'!E27,'Base de distribución'!E28,'Base de distribución'!E29,'Base de distribución'!E30,'Base de distribución'!E31,'Base de distribución'!E32,'Base de distribución'!E33,'Base de distribución'!E34,'Base de distribución'!E35,'Base de distribución'!E36,'Base de distribución'!E37,'Base de distribución'!E38,'Base de distribución'!E39,'Base de distribución'!E40,'Base de distribución'!E41,'Base de distribución'!E42,'Base de distribución'!E43,'Base de distribución'!E44,'Base de distribución'!E45,'Base de distribución'!E46,'Base de distribución'!E47,'Base de distribución'!E48,'Base de distribución'!E49)),2) -> 67097.21 | L25: =SUM(L74:L74) -> 50080982 | M25: =SUM(E25:K25) -> 431948.51 | N25: =M25/$C$20 -> 0.26581447
B26: YouTube | C26: Impresiones | D26: =Tarifas!E36 -> 6.9 | E26: =ROUND($C$20*('Base de distribución'!E29/SUM('Base de distribución'!E8,'Base de distribución'!E9,'Base de distribución'!E10,'Base de distribución'!E11,'Base de distribución'!E12,'Base de distribución'!E13,'Base de distribución'!E14,'Base de distribución'!E15,'Base de distribución'!E16,'Base de distribución'!E17,'Base de distribución'!E18,'Base de distribución'!E19,'Base de distribución'!E20,'Base de distribución'!E21,'Base de distribución'!E22,'Base de distribución'!E23,'Base de distribución'!E24,'Base de distribución'!E25,'Base de distribución'!E26,'Base de distribución'!E27,'Base de distribución'!E28,'Base de distribución'!E29,'Base de distribución'!E30,'Base de distribución'!E31,'Base de distribución'!E32,'Base de distribución'!E33,'Base de distribución'!E34,'Base de distribución'!E35,'Base de distribución'!E36,'Base de distribución'!E37,'Base de distribución'!E38,'Base de distribución'!E39,'Base de distribución'!E40,'Base de distribución'!E41,'Base de distribución'!E42,'Base de distribución'!E43,'Base de distribución'!E44,'Base de distribución'!E45,'Base de distribución'!E46,'Base de distribución'!E47,'Base de distribución'!E48,'Base de distribución'!E49)),2) -> 32500 | F26: =ROUND($C$20*('Base de distribución'!E30/SUM('Base de distribución'!E8,'Base de distribución'!E9,'Base de distribución'!E10,'Base de distribución'!E11,'Base de distribución'!E12,'Base de distribución'!E13,'Base de distribución'!E14,'Base de distribución'!E15,'Base de distribución'!E16,'Base de distribución'!E17,'Base de distribución'!E18,'Base de distribución'!E19,'Base de distribución'!E20,'Base de distribución'!E21,'Base de distribución'!E22,'Base de distribución'!E23,'Base de distribución'!E24,'Base de distribución'!E25,'Base de distribución'!E26,'Base de distribución'!E27,'Base de distribución'!E28,'Base de distribución'!E29,'Base de distribución'!E30,'Base de distribución'!E31,'Base de distribución'!E32,'Base de distribución'!E33,'Base de distribución'!E34,'Base de distribución'!E35,'Base de distribución'!E36,'Base de distribución'!E37,'Base de distribución'!E38,'Base de distribución'!E39,'Base de distribución'!E40,'Base de distribución'!E41,'Base de distribución'!E42,'Base de distribución'!E43,'Base de distribución'!E44,'Base de distribución'!E45,'Base de distribución'!E46,'Base de distribución'!E47,'Base de distribución'!E48,'Base de distribución'!E49)),2) -> 32500 | G26: =ROUND($C$20*('Base de distribución'!E31/SUM('Base de distribución'!E8,'Base de distribución'!E9,'Base de distribución'!E10,'Base de distribución'!E11,'Base de distribución'!E12,'Base de distribución'!E13,'Base de distribución'!E14,'Base de distribución'!E15,'Base de distribución'!E16,'Base de distribución'!E17,'Base de distribución'!E18,'Base de distribución'!E19,'Base de distribución'!E20,'Base de distribución'!E21,'Base de distribución'!E22,'Base de distribución'!E23,'Base de distribución'!E24,'Base de distribución'!E25,'Base de distribución'!E26,'Base de distribución'!E27,'Base de distribución'!E28,'Base de distribución'!E29,'Base de distribución'!E30,'Base de distribución'!E31,'Base de distribución'!E32,'Base de distribución'!E33,'Base de distribución'!E34,'Base de distribución'!E35,'Base de distribución'!E36,'Base de distribución'!E37,'Base de distribución'!E38,'Base de distribución'!E39,'Base de distribución'!E40,'Base de distribución'!E41,'Base de distribución'!E42,'Base de distribución'!E43,'Base de distribución'!E44,'Base de distribución'!E45,'Base de distribución'!E46,'Base de distribución'!E47,'Base de distribución'!E48,'Base de distribución'!E49)),2) -> 65000 | H26: =ROUND($C$20*('Base de distribución'!E32/SUM('Base de distribución'!E8,'Base de distribución'!E9,'Base de distribución'!E10,'Base de distribución'!E11,'Base de distribución'!E12,'Base de distribución'!E13,'Base de distribución'!E14,'Base de distribución'!E15,'Base de distribución'!E16,'Base de distribución'!E17,'Base de distribución'!E18,'Base de distribución'!E19,'Base de distribución'!E20,'Base de distribución'!E21,'Base de distribución'!E22,'Base de distribución'!E23,'Base de distribución'!E24,'Base de distribución'!E25,'Base de distribución'!E26,'Base de distribución'!E27,'Base de distribución'!E28,'Base de distribución'!E29,'Base de distribución'!E30,'Base de distribución'!E31,'Base de distribución'!E32,'Base de distribución'!E33,'Base de distribución'!E34,'Base de distribución'!E35,'Base de distribución'!E36,'Base de distribución'!E37,'Base de distribución'!E38,'Base de distribución'!E39,'Base de distribución'!E40,'Base de distribución'!E41,'Base de distribución'!E42,'Base de distribución'!E43,'Base de distribución'!E44,'Base de distribución'!E45,'Base de distribución'!E46,'Base de distribución'!E47,'Base de distribución'!E48,'Base de distribución'!E49)),2) -> 48750 | I26: =ROUND($C$20*('Base de distribución'!E33/SUM('Base de distribución'!E8,'Base de distribución'!E9,'Base de distribución'!E10,'Base de distribución'!E11,'Base de distribución'!E12,'Base de distribución'!E13,'Base de distribución'!E14,'Base de distribución'!E15,'Base de distribución'!E16,'Base de distribución'!E17,'Base de distribución'!E18,'Base de distribución'!E19,'Base de distribución'!E20,'Base de distribución'!E21,'Base de distribución'!E22,'Base de distribución'!E23,'Base de distribución'!E24,'Base de distribución'!E25,'Base de distribución'!E26,'Base de distribución'!E27,'Base de distribución'!E28,'Base de distribución'!E29,'Base de distribución'!E30,'Base de distribución'!E31,'Base de distribución'!E32,'Base de distribución'!E33,'Base de distribución'!E34,'Base de distribución'!E35,'Base de distribución'!E36,'Base de distribución'!E37,'Base de distribución'!E38,'Base de distribución'!E39,'Base de distribución'!E40,'Base de distribución'!E41,'Base de distribución'!E42,'Base de distribución'!E43,'Base de distribución'!E44,'Base de distribución'!E45,'Base de distribución'!E46,'Base de distribución'!E47,'Base de distribución'!E48,'Base de distribución'!E49)),2) -> 48750 | J26: =ROUND($C$20*('Base de distribución'!E34/SUM('Base de distribución'!E8,'Base de distribución'!E9,'Base de distribución'!E10,'Base de distribución'!E11,'Base de distribución'!E12,'Base de distribución'!E13,'Base de distribución'!E14,'Base de distribución'!E15,'Base de distribución'!E16,'Base de distribución'!E17,'Base de distribución'!E18,'Base de distribución'!E19,'Base de distribución'!E20,'Base de distribución'!E21,'Base de distribución'!E22,'Base de distribución'!E23,'Base de distribución'!E24,'Base de distribución'!E25,'Base de distribución'!E26,'Base de distribución'!E27,'Base de distribución'!E28,'Base de distribución'!E29,'Base de distribución'!E30,'Base de distribución'!E31,'Base de distribución'!E32,'Base de distribución'!E33,'Base de distribución'!E34,'Base de distribución'!E35,'Base de distribución'!E36,'Base de distribución'!E37,'Base de distribución'!E38,'Base de distribución'!E39,'Base de distribución'!E40,'Base de distribución'!E41,'Base de distribución'!E42,'Base de distribución'!E43,'Base de distribución'!E44,'Base de distribución'!E45,'Base de distribución'!E46,'Base de distribución'!E47,'Base de distribución'!E48,'Base de distribución'!E49)),2) -> 48750 | K26: =ROUND($C$20*('Base de distribución'!E35/SUM('Base de distribución'!E8,'Base de distribución'!E9,'Base de distribución'!E10,'Base de distribución'!E11,'Base de distribución'!E12,'Base de distribución'!E13,'Base de distribución'!E14,'Base de distribución'!E15,'Base de distribución'!E16,'Base de distribución'!E17,'Base de distribución'!E18,'Base de distribución'!E19,'Base de distribución'!E20,'Base de distribución'!E21,'Base de distribución'!E22,'Base de distribución'!E23,'Base de distribución'!E24,'Base de distribución'!E25,'Base de distribución'!E26,'Base de distribución'!E27,'Base de distribución'!E28,'Base de distribución'!E29,'Base de distribución'!E30,'Base de distribución'!E31,'Base de distribución'!E32,'Base de distribución'!E33,'Base de distribución'!E34,'Base de distribución'!E35,'Base de distribución'!E36,'Base de distribución'!E37,'Base de distribución'!E38,'Base de distribución'!E39,'Base de distribución'!E40,'Base de distribución'!E41,'Base de distribución'!E42,'Base de distribución'!E43,'Base de distribución'!E44,'Base de distribución'!E45,'Base de distribución'!E46,'Base de distribución'!E47,'Base de distribución'!E48,'Base de distribución'!E49)),2) -> 48750 | L26: =SUM(L77:L77) -> 47101445 | M26: =SUM(E26:K26) -> 325000 | N26: =M26/$C$20 -> 0.2
B27: Gaming | C27: Vistas completas | D27: =Tarifas!E38 -> 0.115 | E27: =ROUND($C$20*('Base de distribución'!E36/SUM('Base de distribución'!E8,'Base de distribución'!E9,'Base de distribución'!E10,'Base de distribución'!E11,'Base de distribución'!E12,'Base de distribución'!E13,'Base de distribución'!E14,'Base de distribución'!E15,'Base de distribución'!E16,'Base de distribución'!E17,'Base de distribución'!E18,'Base de distribución'!E19,'Base de distribución'!E20,'Base de distribución'!E21,'Base de distribución'!E22,'Base de distribución'!E23,'Base de distribución'!E24,'Base de distribución'!E25,'Base de distribución'!E26,'Base de distribución'!E27,'Base de distribución'!E28,'Base de distribución'!E29,'Base de distribución'!E30,'Base de distribución'!E31,'Base de distribución'!E32,'Base de distribución'!E33,'Base de distribución'!E34,'Base de distribución'!E35,'Base de distribución'!E36,'Base de distribución'!E37,'Base de distribución'!E38,'Base de distribución'!E39,'Base de distribución'!E40,'Base de distribución'!E41,'Base de distribución'!E42,'Base de distribución'!E43,'Base de distribución'!E44,'Base de distribución'!E45,'Base de distribución'!E46,'Base de distribución'!E47,'Base de distribución'!E48,'Base de distribución'!E49)),2) -> 16250 | F27: =ROUND($C$20*('Base de distribución'!E37/SUM('Base de distribución'!E8,'Base de distribución'!E9,'Base de distribución'!E10,'Base de distribución'!E11,'Base de distribución'!E12,'Base de distribución'!E13,'Base de distribución'!E14,'Base de distribución'!E15,'Base de distribución'!E16,'Base de distribución'!E17,'Base de distribución'!E18,'Base de distribución'!E19,'Base de distribución'!E20,'Base de distribución'!E21,'Base de distribución'!E22,'Base de distribución'!E23,'Base de distribución'!E24,'Base de distribución'!E25,'Base de distribución'!E26,'Base de distribución'!E27,'Base de distribución'!E28,'Base de distribución'!E29,'Base de distribución'!E30,'Base de distribución'!E31,'Base de distribución'!E32,'Base de distribución'!E33,'Base de distribución'!E34,'Base de distribución'!E35,'Base de distribución'!E36,'Base de distribución'!E37,'Base de distribución'!E38,'Base de distribución'!E39,'Base de distribución'!E40,'Base de distribución'!E41,'Base de distribución'!E42,'Base de distribución'!E43,'Base de distribución'!E44,'Base de distribución'!E45,'Base de distribución'!E46,'Base de distribución'!E47,'Base de distribución'!E48,'Base de distribución'!E49)),2) -> 16250 | G27: =ROUND($C$20*('Base de distribución'!E38/SUM('Base de distribución'!E8,'Base de distribución'!E9,'Base de distribución'!E10,'Base de distribución'!E11,'Base de distribución'!E12,'Base de distribución'!E13,'Base de distribución'!E14,'Base de distribución'!E15,'Base de distribución'!E16,'Base de distribución'!E17,'Base de distribución'!E18,'Base de distribución'!E19,'Base de distribución'!E20,'Base de distribución'!E21,'Base de distribución'!E22,'Base de distribución'!E23,'Base de distribución'!E24,'Base de distribución'!E25,'Base de distribución'!E26,'Base de distribución'!E27,'Base de distribución'!E28,'Base de distribución'!E29,'Base de distribución'!E30,'Base de distribución'!E31,'Base de distribución'!E32,'Base de distribución'!E33,'Base de distribución'!E34,'Base de distribución'!E35,'Base de distribución'!E36,'Base de distribución'!E37,'Base de distribución'!E38,'Base de distribución'!E39,'Base de distribución'!E40,'Base de distribución'!E41,'Base de distribución'!E42,'Base de distribución'!E43,'Base de distribución'!E44,'Base de distribución'!E45,'Base de distribución'!E46,'Base de distribución'!E47,'Base de distribución'!E48,'Base de distribución'!E49)),2) -> 32500 | H27: =ROUND($C$20*('Base de distribución'!E39/SUM('Base de distribución'!E8,'Base de distribución'!E9,'Base de distribución'!E10,'Base de distribución'!E11,'Base de distribución'!E12,'Base de distribución'!E13,'Base de distribución'!E14,'Base de distribución'!E15,'Base de distribución'!E16,'Base de distribución'!E17,'Base de distribución'!E18,'Base de distribución'!E19,'Base de distribución'!E20,'Base de distribución'!E21,'Base de distribución'!E22,'Base de distribución'!E23,'Base de distribución'!E24,'Base de distribución'!E25,'Base de distribución'!E26,'Base de distribución'!E27,'Base de distribución'!E28,'Base de distribución'!E29,'Base de distribución'!E30,'Base de distribución'!E31,'Base de distribución'!E32,'Base de distribución'!E33,'Base de distribución'!E34,'Base de distribución'!E35,'Base de distribución'!E36,'Base de distribución'!E37,'Base de distribución'!E38,'Base de distribución'!E39,'Base de distribución'!E40,'Base de distribución'!E41,'Base de distribución'!E42,'Base de distribución'!E43,'Base de distribución'!E44,'Base de distribución'!E45,'Base de distribución'!E46,'Base de distribución'!E47,'Base de distribución'!E48,'Base de distribución'!E49)),2) -> 24375 | I27: =ROUND($C$20*('Base de distribución'!E40/SUM('Base de distribución'!E8,'Base de distribución'!E9,'Base de distribución'!E10,'Base de distribución'!E11,'Base de distribución'!E12,'Base de distribución'!E13,'Base de distribución'!E14,'Base de distribución'!E15,'Base de distribución'!E16,'Base de distribución'!E17,'Base de distribución'!E18,'Base de distribución'!E19,'Base de distribución'!E20,'Base de distribución'!E21,'Base de distribución'!E22,'Base de distribución'!E23,'Base de distribución'!E24,'Base de distribución'!E25,'Base de distribución'!E26,'Base de distribución'!E27,'Base de distribución'!E28,'Base de distribución'!E29,'Base de distribución'!E30,'Base de distribución'!E31,'Base de distribución'!E32,'Base de distribución'!E33,'Base de distribución'!E34,'Base de distribución'!E35,'Base de distribución'!E36,'Base de distribución'!E37,'Base de distribución'!E38,'Base de distribución'!E39,'Base de distribución'!E40,'Base de distribución'!E41,'Base de distribución'!E42,'Base de distribución'!E43,'Base de distribución'!E44,'Base de distribución'!E45,'Base de distribución'!E46,'Base de distribución'!E47,'Base de distribución'!E48,'Base de distribución'!E49)),2) -> 24375 | J27: =ROUND($C$20*('Base de distribución'!E41/SUM('Base de distribución'!E8,'Base de distribución'!E9,'Base de distribución'!E10,'Base de distribución'!E11,'Base de distribución'!E12,'Base de distribución'!E13,'Base de distribución'!E14,'Base de distribución'!E15,'Base de distribución'!E16,'Base de distribución'!E17,'Base de distribución'!E18,'Base de distribución'!E19,'Base de distribución'!E20,'Base de distribución'!E21,'Base de distribución'!E22,'Base de distribución'!E23,'Base de distribución'!E24,'Base de distribución'!E25,'Base de distribución'!E26,'Base de distribución'!E27,'Base de distribución'!E28,'Base de distribución'!E29,'Base de distribución'!E30,'Base de distribución'!E31,'Base de distribución'!E32,'Base de distribución'!E33,'Base de distribución'!E34,'Base de distribución'!E35,'Base de distribución'!E36,'Base de distribución'!E37,'Base de distribución'!E38,'Base de distribución'!E39,'Base de distribución'!E40,'Base de distribución'!E41,'Base de distribución'!E42,'Base de distribución'!E43,'Base de distribución'!E44,'Base de distribución'!E45,'Base de distribución'!E46,'Base de distribución'!E47,'Base de distribución'!E48,'Base de distribución'!E49)),2) -> 24375 | K27: =ROUND($C$20*('Base de distribución'!E42/SUM('Base de distribución'!E8,'Base de distribución'!E9,'Base de distribución'!E10,'Base de distribución'!E11,'Base de distribución'!E12,'Base de distribución'!E13,'Base de distribución'!E14,'Base de distribución'!E15,'Base de distribución'!E16,'Base de distribución'!E17,'Base de distribución'!E18,'Base de distribución'!E19,'Base de distribución'!E20,'Base de distribución'!E21,'Base de distribución'!E22,'Base de distribución'!E23,'Base de distribución'!E24,'Base de distribución'!E25,'Base de distribución'!E26,'Base de distribución'!E27,'Base de distribución'!E28,'Base de distribución'!E29,'Base de distribución'!E30,'Base de distribución'!E31,'Base de distribución'!E32,'Base de distribución'!E33,'Base de distribución'!E34,'Base de distribución'!E35,'Base de distribución'!E36,'Base de distribución'!E37,'Base de distribución'!E38,'Base de distribución'!E39,'Base de distribución'!E40,'Base de distribución'!E41,'Base de distribución'!E42,'Base de distribución'!E43,'Base de distribución'!E44,'Base de distribución'!E45,'Base de distribución'!E46,'Base de distribución'!E47,'Base de distribución'!E48,'Base de distribución'!E49)),2) -> 24375 | L27: =SUM(L80:L80) -> 1413040 | M27: =SUM(E27:K27) -> 162500 | N27: =M27/$C$20 -> 0.1
B28: Creadores e integraciones | C28: Publicaciones eq. | D28: =Tarifas!E39 -> 2875 | E28: =ROUND($C$20*('Base de distribución'!E43/SUM('Base de distribución'!E8,'Base de distribución'!E9,'Base de distribución'!E10,'Base de distribución'!E11,'Base de distribución'!E12,'Base de distribución'!E13,'Base de distribución'!E14,'Base de distribución'!E15,'Base de distribución'!E16,'Base de distribución'!E17,'Base de distribución'!E18,'Base de distribución'!E19,'Base de distribución'!E20,'Base de distribución'!E21,'Base de distribución'!E22,'Base de distribución'!E23,'Base de distribución'!E24,'Base de distribución'!E25,'Base de distribución'!E26,'Base de distribución'!E27,'Base de distribución'!E28,'Base de distribución'!E29,'Base de distribución'!E30,'Base de distribución'!E31,'Base de distribución'!E32,'Base de distribución'!E33,'Base de distribución'!E34,'Base de distribución'!E35,'Base de distribución'!E36,'Base de distribución'!E37,'Base de distribución'!E38,'Base de distribución'!E39,'Base de distribución'!E40,'Base de distribución'!E41,'Base de distribución'!E42,'Base de distribución'!E43,'Base de distribución'!E44,'Base de distribución'!E45,'Base de distribución'!E46,'Base de distribución'!E47,'Base de distribución'!E48,'Base de distribución'!E49)),2) -> 10034.09 | F28: =ROUND($C$20*('Base de distribución'!E44/SUM('Base de distribución'!E8,'Base de distribución'!E9,'Base de distribución'!E10,'Base de distribución'!E11,'Base de distribución'!E12,'Base de distribución'!E13,'Base de distribución'!E14,'Base de distribución'!E15,'Base de distribución'!E16,'Base de distribución'!E17,'Base de distribución'!E18,'Base de distribución'!E19,'Base de distribución'!E20,'Base de distribución'!E21,'Base de distribución'!E22,'Base de distribución'!E23,'Base de distribución'!E24,'Base de distribución'!E25,'Base de distribución'!E26,'Base de distribución'!E27,'Base de distribución'!E28,'Base de distribución'!E29,'Base de distribución'!E30,'Base de distribución'!E31,'Base de distribución'!E32,'Base de distribución'!E33,'Base de distribución'!E34,'Base de distribución'!E35,'Base de distribución'!E36,'Base de distribución'!E37,'Base de distribución'!E38,'Base de distribución'!E39,'Base de distribución'!E40,'Base de distribución'!E41,'Base de distribución'!E42,'Base de distribución'!E43,'Base de distribución'!E44,'Base de distribución'!E45,'Base de distribución'!E46,'Base de distribución'!E47,'Base de distribución'!E48,'Base de distribución'!E49)),2) -> 10034.09 | G28: =ROUND($C$20*('Base de distribución'!E45/SUM('Base de distribución'!E8,'Base de distribución'!E9,'Base de distribución'!E10,'Base de distribución'!E11,'Base de distribución'!E12,'Base de distribución'!E13,'Base de distribución'!E14,'Base de distribución'!E15,'Base de distribución'!E16,'Base de distribución'!E17,'Base de distribución'!E18,'Base de distribución'!E19,'Base de distribución'!E20,'Base de distribución'!E21,'Base de distribución'!E22,'Base de distribución'!E23,'Base de distribución'!E24,'Base de distribución'!E25,'Base de distribución'!E26,'Base de distribución'!E27,'Base de distribución'!E28,'Base de distribución'!E29,'Base de distribución'!E30,'Base de distribución'!E31,'Base de distribución'!E32,'Base de distribución'!E33,'Base de distribución'!E34,'Base de distribución'!E35,'Base de distribución'!E36,'Base de distribución'!E37,'Base de distribución'!E38,'Base de distribución'!E39,'Base de distribución'!E40,'Base de distribución'!E41,'Base de distribución'!E42,'Base de distribución'!E43,'Base de distribución'!E44,'Base de distribución'!E45,'Base de distribución'!E46,'Base de distribución'!E47,'Base de distribución'!E48,'Base de distribución'!E49)),2) -> 15051.15 | H28: =ROUND($C$20*('Base de distribución'!E46/SUM('Base de distribución'!E8,'Base de distribución'!E9,'Base de distribución'!E10,'Base de distribución'!E11,'Base de distribución'!E12,'Base de distribución'!E13,'Base de distribución'!E14,'Base de distribución'!E15,'Base de distribución'!E16,'Base de distribución'!E17,'Base de distribución'!E18,'Base de distribución'!E19,'Base de distribución'!E20,'Base de distribución'!E21,'Base de distribución'!E22,'Base de distribución'!E23,'Base de distribución'!E24,'Base de distribución'!E25,'Base de distribución'!E26,'Base de distribución'!E27,'Base de distribución'!E28,'Base de distribución'!E29,'Base de distribución'!E30,'Base de distribución'!E31,'Base de distribución'!E32,'Base de distribución'!E33,'Base de distribución'!E34,'Base de distribución'!E35,'Base de distribución'!E36,'Base de distribución'!E37,'Base de distribución'!E38,'Base de distribución'!E39,'Base de distribución'!E40,'Base de distribución'!E41,'Base de distribución'!E42,'Base de distribución'!E43,'Base de distribución'!E44,'Base de distribución'!E45,'Base de distribución'!E46,'Base de distribución'!E47,'Base de distribución'!E48,'Base de distribución'!E49)),2) -> 15051.15 | I28: =ROUND($C$20*('Base de distribución'!E47/SUM('Base de distribución'!E8,'Base de distribución'!E9,'Base de distribución'!E10,'Base de distribución'!E11,'Base de distribución'!E12,'Base de distribución'!E13,'Base de distribución'!E14,'Base de distribución'!E15,'Base de distribución'!E16,'Base de distribución'!E17,'Base de distribución'!E18,'Base de distribución'!E19,'Base de distribución'!E20,'Base de distribución'!E21,'Base de distribución'!E22,'Base de distribución'!E23,'Base de distribución'!E24,'Base de distribución'!E25,'Base de distribución'!E26,'Base de distribución'!E27,'Base de distribución'!E28,'Base de distribución'!E29,'Base de distribución'!E30,'Base de distribución'!E31,'Base de distribución'!E32,'Base de distribución'!E33,'Base de distribución'!E34,'Base de distribución'!E35,'Base de distribución'!E36,'Base de distribución'!E37,'Base de distribución'!E38,'Base de distribución'!E39,'Base de distribución'!E40,'Base de distribución'!E41,'Base de distribución'!E42,'Base de distribución'!E43,'Base de distribución'!E44,'Base de distribución'!E45,'Base de distribución'!E46,'Base de distribución'!E47,'Base de distribución'!E48,'Base de distribución'!E49)),2) -> 10034.09 | J28: =ROUND($C$20*('Base de distribución'!E48/SUM('Base de distribución'!E8,'Base de distribución'!E9,'Base de distribución'!E10,'Base de distribución'!E11,'Base de distribución'!E12,'Base de distribución'!E13,'Base de distribución'!E14,'Base de distribución'!E15,'Base de distribución'!E16,'Base de distribución'!E17,'Base de distribución'!E18,'Base de distribución'!E19,'Base de distribución'!E20,'Base de distribución'!E21,'Base de distribución'!E22,'Base de distribución'!E23,'Base de distribución'!E24,'Base de distribución'!E25,'Base de distribución'!E26,'Base de distribución'!E27,'Base de distribución'!E28,'Base de distribución'!E29,'Base de distribución'!E30,'Base de distribución'!E31,'Base de distribución'!E32,'Base de distribución'!E33,'Base de distribución'!E34,'Base de distribución'!E35,'Base de distribución'!E36,'Base de distribución'!E37,'Base de distribución'!E38,'Base de distribución'!E39,'Base de distribución'!E40,'Base de distribución'!E41,'Base de distribución'!E42,'Base de distribución'!E43,'Base de distribución'!E44,'Base de distribución'!E45,'Base de distribución'!E46,'Base de distribución'!E47,'Base de distribución'!E48,'Base de distribución'!E49)),2) -> 10034.09 | K28: =ROUND($C$20-SUM(E23:K23,E24:K24,E25:K25,E26:K26,E27:K27,E28:J28),2) -> 10034.14 | L28: =L83*Tarifas!F39 -> 83.762922 | M28: =SUM(E28:K28) -> 80272.8 | N28: =M28/$C$20 -> 0.049398646
B29: TOTAL CAMPAÑA | E29: =SUM(E23:E28) -> 162499.99 | F29: =SUM(F23:F28) -> 162499.99 | G29: =SUM(G23:G28) -> 325000 | H29: =SUM(H23:H28) -> 243750 | I29: =SUM(I23:I28) -> 243749.99 | J29: =SUM(J23:J28) -> 243749.99 | K29: =SUM(K23:K28) -> 243750.04 | M29: =SUM(M23:M28) -> 1625000 | N29: =SUM(N23:N28) -> 1
B30: Balance de campaña | C30: =ROUND(C20-M29,2) -> 0
B31: “eq.” = unidades equivalentes de planificación, no colocaciones enteras contratadas. Ajuste de centavos en la última celda. Tarifas incluyen honorarios.
B32: Base de tarifa: TV = paquete de 6 spots; radio = 18 cuñas; OOH = 28 puntos × 5 días; digital = CPM; gaming = vista completa; creadores = 3 publicaciones.
B34: Fechas de pauta por medio
B35: Medio | C35: Formato | D35: Condición | E35: 19–31 oct 26 | F35: 1–28 nov 26 | G35: 1–28 dic 26 | H35: 1–28 mar 27 | I35: 1–28 jun 27 | J35: 1–28 jul 27 | K35: 1–28 sep 27
B36: TV abierta | C36: TMD / WAPA / TeleOnce; programas del detalle | D36: Ventana de pauta | E36: 19–31 oct 26 | F36: 1–28 nov 26 | G36: 1–28 dic 26 | H36: 1–28 mar 27 | I36: 1–28 jun 27 | J36: 1–28 jul 27 | K36: 1–28 sep 27
B37: Radio regional | C37: 18 emisoras; ROS 7 a. m.–5 p. m. y excepciones del detalle | D37: Bloques y días exactos por confirmar | E37: 19–31 oct 26 | F37: 1–28 nov 26 | G37: 1–28 dic 26 | H37: 1–28 mar 27 | I37: 1–28 jun 27 | J37: 1–28 jul 27 | K37: 1–28 sep 27
B38: Meta | C38: Video / Reels / Stories | D38: Ventana de pauta | E38: 19–31 oct 26 | F38: 1–28 nov 26 | G38: 1–28 dic 26 | H38: 1–28 mar 27 | I38: 1–28 jun 27 | J38: 1–28 jul 27 | K38: 1–28 sep 27
B39: YouTube | C39: Video 15–30 s | D39: Ventana de pauta | E39: 19–31 oct 26 | F39: 1–28 nov 26 | G39: 1–28 dic 26 | H39: 1–28 mar 27 | I39: 1–28 jun 27 | J39: 1–28 jul 27 | K39: 1–28 sep 27
B40: Gaming | C40: Admazing Video Reward | D40: Ventana de pauta | E40: 19–31 oct 26 | F40: 1–28 nov 26 | G40: 1–28 dic 26 | H40: 1–28 mar 27 | I40: 1–28 jun 27 | J40: 1–28 jul 27 | K40: 1–28 sep 27
B41: Creadores e integraciones | C41: 1 video + 2 Stories por paquete | D41: Ventana de pauta | E41: 19–31 oct 26 | F41: 1–28 nov 26 | G41: 1–28 dic 26 | H41: 1–28 mar 27 | I41: 1–28 jun 27 | J41: 1–28 jul 27 | K41: 1–28 sep 27
B43: Colocaciones por proveedor y periodo
B44: Proveedor | C44: Programa / formato | D44: Tarifa integrada | E44: 19–31 oct 26 | F44: 1–28 nov 26 | G44: 1–28 dic 26 | H44: 1–28 mar 27 | I44: 1–28 jun 27 | J44: 1–28 jul 27 | K44: 1–28 sep 27 | L44: Cantidad total | M44: Inversión total | N44: SOI campaña
B45: TV abierta
B46: =Tarifas!B7 -> Telemundo | C46: =Tarifas!C7 -> Dia a Dia | D46: =Tarifas!E7 -> 782 | E46: =E23/$D$23 -> 5.2351799 | F46: =F23/$D$23 -> 5.2351799 | G46: =G23/$D$23 -> 8.7252998 | H46: =H23/$D$23 -> 6.9802409 | I46: =I23/$D$23 -> 6.9802409 | J46: =J23/$D$23 -> 6.9802409 | K46: =K23/$D$23 -> 6.9802409 | L46: =SUM(E46:K46) -> 47.116623 | M46: =ROUND(L46*D46,2) -> 36845.2 | N46: =M46/$C$20 -> 0.022673969
B47: =Tarifas!B8 -> Telemundo | C47: =Tarifas!C8 -> PR Gana 6pm (M,W,T,f,Su) | D47: =Tarifas!E8 -> 2541.5 | E47: =E23/$D$23 -> 5.2351799 | F47: =F23/$D$23 -> 5.2351799 | G47: =G23/$D$23 -> 8.7252998 | H47: =H23/$D$23 -> 6.9802409 | I47: =I23/$D$23 -> 6.9802409 | J47: =J23/$D$23 -> 6.9802409 | K47: =K23/$D$23 -> 6.9802409 | L47: =SUM(E47:K47) -> 47.116623 | M47: =ROUND(L47*D47,2) -> 119746.9 | N47: =M47/$C$20 -> 0.0736904
B48: =Tarifas!B9 -> WAPA | C48: =Tarifas!C9 -> Pegate al MedioDIa | D48: =Tarifas!E9 -> 977.5 | E48: =E23/$D$23 -> 5.2351799 | F48: =F23/$D$23 -> 5.2351799 | G48: =G23/$D$23 -> 8.7252998 | H48: =H23/$D$23 -> 6.9802409 | I48: =I23/$D$23 -> 6.9802409 | J48: =J23/$D$23 -> 6.9802409 | K48: =K23/$D$23 -> 6.9802409 | L48: =SUM(E48:K48) -> 47.116623 | M48: =ROUND(L48*D48,2) -> 46056.5 | N48: =M48/$C$20 -> 0.028342462
B49: =Tarifas!B10 -> WAPA | C49: =Tarifas!C10 -> Reality-Funcion Estelar 7p | D49: =Tarifas!E10 -> 3519 | E49: =E23/$D$23 -> 5.2351799 | F49: =F23/$D$23 -> 5.2351799 | G49: =G23/$D$23 -> 8.7252998 | H49: =H23/$D$23 -> 6.9802409 | I49: =I23/$D$23 -> 6.9802409 | J49: =J23/$D$23 -> 6.9802409 | K49: =K23/$D$23 -> 6.9802409 | L49: =SUM(E49:K49) -> 47.116623 | M49: =ROUND(L49*D49,2) -> 165803.4 | N49: =M49/$C$20 -> 0.10203286
B50: =Tarifas!B11 -> TeleOnce | C50: =Tarifas!C11 -> PR en Vivo | D50: =Tarifas!E11 -> 586.5 | E50: =E23/$D$23 -> 5.2351799 | F50: =F23/$D$23 -> 5.2351799 | G50: =G23/$D$23 -> 8.7252998 | H50: =H23/$D$23 -> 6.9802409 | I50: =I23/$D$23 -> 6.9802409 | J50: =J23/$D$23 -> 6.9802409 | K50: =K23/$D$23 -> 6.9802409 | L50: =SUM(E50:K50) -> 47.116623 | M50: =ROUND(L50*D50,2) -> 27633.9 | N50: =M50/$C$20 -> 0.017005477
B51: =Tarifas!B12 -> TeleOnce | C51: =Tarifas!C12 -> Las Noticias Prime | D51: =Tarifas!E12 -> 1661.75 | E51: =E23/$D$23 -> 5.2351799 | F51: =F23/$D$23 -> 5.2351799 | G51: =G23/$D$23 -> 8.7252998 | H51: =H23/$D$23 -> 6.9802409 | I51: =I23/$D$23 -> 6.9802409 | J51: =J23/$D$23 -> 6.9802409 | K51: =K23/$D$23 -> 6.9802409 | L51: =SUM(E51:K51) -> 47.116623 | M51: =ROUND(M23-SUM(M46:M50),2) -> 78296.04 | N51: =M51/$C$20 -> 0.048182178
B52: Subtotal TV abierta | M52: =SUM(M46:M51) -> 474381.94
B53: Radio regional
B54: =Tarifas!B13 -> Unica Radio-1230am | C54: =Tarifas!C13 -> ROS 7 a. m.–5 p. m. | D54: =Tarifas!E13 -> 36.8 | E54: =E24/$D$24 -> 17.450613 | F54: =F24/$D$24 -> 17.450613 | G54: =G24/$D$24 -> 52.35181 | H54: =H24/$D$24 -> 34.901197 | I54: =I24/$D$24 -> 34.901197 | J54: =J24/$D$24 -> 34.901197 | K54: =K24/$D$24 -> 34.901197 | L54: =SUM(E54:K54) -> 226.85782 | M54: =ROUND(L54*D54,2) -> 8348.37 | N54: =M54/$C$20 -> 0.0051374585
B55: =Tarifas!B14 -> Radio Once-1120AM | C55: =Tarifas!C14 -> ROS 7 a. m.–5 p. m. | D55: =Tarifas!E14 -> 36.8 | E55: =E24/$D$24 -> 17.450613 | F55: =F24/$D$24 -> 17.450613 | G55: =G24/$D$24 -> 52.35181 | H55: =H24/$D$24 -> 34.901197 | I55: =I24/$D$24 -> 34.901197 | J55: =J24/$D$24 -> 34.901197 | K55: =K24/$D$24 -> 34.901197 | L55: =SUM(E55:K55) -> 226.85782 | M55: =ROUND(L55*D55,2) -> 8348.37 | N55: =M55/$C$20 -> 0.0051374585
B56: =Tarifas!B15 -> WAPA Radio-Borinquen | C56: =Tarifas!C15 -> ROS 7 a. m.–5 p. m. | D56: =Tarifas!E15 -> 55.2 | E56: =E24/$D$24 -> 17.450613 | F56: =F24/$D$24 -> 17.450613 | G56: =G24/$D$24 -> 52.35181 | H56: =H24/$D$24 -> 34.901197 | I56: =I24/$D$24 -> 34.901197 | J56: =J24/$D$24 -> 34.901197 | K56: =K24/$D$24 -> 34.901197 | L56: =SUM(E56:K56) -> 226.85782 | M56: =ROUND(L56*D56,2) -> 12522.55 | N56: =M56/$C$20 -> 0.0077061846
B57: =Tarifas!B16 -> WAEL-FM | C57: =Tarifas!C16 -> ROS 7 a. m.–5 p. m. | D57: =Tarifas!E16 -> 36.8 | E57: =E24/$D$24 -> 17.450613 | F57: =F24/$D$24 -> 17.450613 | G57: =G24/$D$24 -> 52.35181 | H57: =H24/$D$24 -> 34.901197 | I57: =I24/$D$24 -> 34.901197 | J57: =J24/$D$24 -> 34.901197 | K57: =K24/$D$24 -> 34.901197 | L57: =SUM(E57:K57) -> 226.85782 | M57: =ROUND(L57*D57,2) -> 8348.37 | N57: =M57/$C$20 -> 0.0051374585
B58: =Tarifas!B17 -> WABA-AM (Aguadilla) | C58: =Tarifas!C17 -> ROS 7 a. m.–5 p. m. | D58: =Tarifas!E17 -> 28.52 | E58: =E24/$D$24 -> 17.450613 | F58: =F24/$D$24 -> 17.450613 | G58: =G24/$D$24 -> 52.35181 | H58: =H24/$D$24 -> 34.901197 | I58: =I24/$D$24 -> 34.901197 | J58: =J24/$D$24 -> 34.901197 | K58: =K24/$D$24 -> 34.901197 | L58: =SUM(E58:K58) -> 226.85782 | M58: =ROUND(L58*D58,2) -> 6469.99 | N58: =M58/$C$20 -> 0.0039815323
B59: =Tarifas!B18 -> WHOY-AM (Salinas) | C59: =Tarifas!C18 -> ROS 7 a. m.–5 p. m. | D59: =Tarifas!E18 -> 28.52 | E59: =E24/$D$24 -> 17.450613 | F59: =F24/$D$24 -> 17.450613 | G59: =G24/$D$24 -> 52.35181 | H59: =H24/$D$24 -> 34.901197 | I59: =I24/$D$24 -> 34.901197 | J59: =J24/$D$24 -> 34.901197 | K59: =K24/$D$24 -> 34.901197 | L59: =SUM(E59:K59) -> 226.85782 | M59: =ROUND(L59*D59,2) -> 6469.99 | N59: =M59/$C$20 -> 0.0039815323
B60: =Tarifas!B19 -> WGDL-AM/FM (Lares/Aguadilla) | C60: =Tarifas!C19 -> ROS 7 a. m.–5 p. m. | D60: =Tarifas!E19 -> 45.08 | E60: =E24/$D$24 -> 17.450613 | F60: =F24/$D$24 -> 17.450613 | G60: =G24/$D$24 -> 52.35181 | H60: =H24/$D$24 -> 34.901197 | I60: =I24/$D$24 -> 34.901197 | J60: =J24/$D$24 -> 34.901197 | K60: =K24/$D$24 -> 34.901197 | L60: =SUM(E60:K60) -> 226.85782 | M60: =ROUND(L60*D60,2) -> 10226.75 | N60: =M60/$C$20 -> 0.0062933846
B61: =Tarifas!B20 -> WPRA-AM (Mayaguez) | C61: =Tarifas!C20 -> ROS 7 a. m.–5 p. m. | D61: =Tarifas!E20 -> 28.52 | E61: =E24/$D$24 -> 17.450613 | F61: =F24/$D$24 -> 17.450613 | G61: =G24/$D$24 -> 52.35181 | H61: =H24/$D$24 -> 34.901197 | I61: =I24/$D$24 -> 34.901197 | J61: =J24/$D$24 -> 34.901197 | K61: =K24/$D$24 -> 34.901197 | L61: =SUM(E61:K61) -> 226.85782 | M61: =ROUND(L61*D61,2) -> 6469.99 | N61: =M61/$C$20 -> 0.0039815323
B62: =Tarifas!B21 -> WISA-AM (Isabela) | C62: =Tarifas!C21 -> ROS 7 a. m.–5 p. m. | D62: =Tarifas!E21 -> 28.52 | E62: =E24/$D$24 -> 17.450613 | F62: =F24/$D$24 -> 17.450613 | G62: =G24/$D$24 -> 52.35181 | H62: =H24/$D$24 -> 34.901197 | I62: =I24/$D$24 -> 34.901197 | J62: =J24/$D$24 -> 34.901197 | K62: =K24/$D$24 -> 34.901197 | L62: =SUM(E62:K62) -> 226.85782 | M62: =ROUND(L62*D62,2) -> 6469.99 | N62: =M62/$C$20 -> 0.0039815323
B63: =Tarifas!B22 -> Auspicios: $1,075,000 pendientes de con con el RFP. No están sumados al escenario de $3,763,000. | C63: =Tarifas!C22 -> ROS 7 a. m.–5 p. m. | D63: =Tarifas!E22 -> 28.52 | E63: =E24/$D$24 -> 17.450613 | F63: =F24/$D$24 -> 17.450613 | G63: =G24/$D$24 -> 52.35181 | H63: =H24/$D$24 -> 34.901197 | I63: =I24/$D$24 -> 34.901197 | J63: =J24/$D$24 -> 34.901197 | K63: =K24/$D$24 -> 34.901197 | L63: =SUM(E63:K63) -> 226.85782 | M63: =ROUND(L63*D63,2) -> 6469.99 | N63: =M63/$C$20 -> 0.0039815323
B64: =Tarifas!B23 -> WCPR-AM (Coamo) | C64: =Tarifas!C23 -> ROS 7 a. m.–5 p. m. | D64: =Tarifas!E23 -> 28.52 | E64: =E24/$D$24 -> 17.450613 | F64: =F24/$D$24 -> 17.450613 | G64: =G24/$D$24 -> 52.35181 | H64: =H24/$D$24 -> 34.901197 | I64: =I24/$D$24 -> 34.901197 | J64: =J24/$D$24 -> 34.901197 | K64: =K24/$D$24 -> 34.901197 | L64: =SUM(E64:K64) -> 226.85782 | M64: =ROUND(L64*D64,2) -> 6469.99 | N64: =M64/$C$20 -> 0.0039815323
B65: =Tarifas!B24 -> WLPR-AM (SanSebastian) | C65: =Tarifas!C24 -> ROS 7 a. m.–5 p. m. | D65: =Tarifas!E24 -> 28.52 | E65: =E24/$D$24 -> 17.450613 | F65: =F24/$D$24 -> 17.450613 | G65: =G24/$D$24 -> 52.35181 | H65: =H24/$D$24 -> 34.901197 | I65: =I24/$D$24 -> 34.901197 | J65: =J24/$D$24 -> 34.901197 | K65: =K24/$D$24 -> 34.901197 | L65: =SUM(E65:K65) -> 226.85782 | M65: =ROUND(L65*D65,2) -> 6469.99 | N65: =M65/$C$20 -> 0.0039815323
B66: =Tarifas!B25 -> Entregas estimadas con tarifas de referencia. | C66: =Tarifas!C25 -> ROS 7 a. m.–5 p. m. | D66: =Tarifas!E25 -> 28.52 | E66: =E24/$D$24 -> 17.450613 | F66: =F24/$D$24 -> 17.450613 | G66: =G24/$D$24 -> 52.35181 | H66: =H24/$D$24 -> 34.901197 | I66: =I24/$D$24 -> 34.901197 | J66: =J24/$D$24 -> 34.901197 | K66: =K24/$D$24 -> 34.901197 | L66: =SUM(E66:K66) -> 226.85782 | M66: =ROUND(L66*D66,2) -> 6469.99 | N66: =M66/$C$20 -> 0.0039815323
B67: =Tarifas!B26 -> WENA-AM (Yauco) | C67: =Tarifas!C26 -> ROS 7 a. m.–5 p. m. | D67: =Tarifas!E26 -> 28.52 | E67: =E24/$D$24 -> 17.450613 | F67: =F24/$D$24 -> 17.450613 | G67: =G24/$D$24 -> 52.35181 | H67: =H24/$D$24 -> 34.901197 | I67: =I24/$D$24 -> 34.901197 | J67: =J24/$D$24 -> 34.901197 | K67: =K24/$D$24 -> 34.901197 | L67: =SUM(E67:K67) -> 226.85782 | M67: =ROUND(L67*D67,2) -> 6469.99 | N67: =M67/$C$20 -> 0.0039815323
B68: =Tarifas!B27 -> SuperK 106Fm (Arecibo) | C68: =Tarifas!C27 -> ROS 7 a. m.–5 p. m. | D68: =Tarifas!E27 -> 69 | E68: =E24/$D$24 -> 17.450613 | F68: =F24/$D$24 -> 17.450613 | G68: =G24/$D$24 -> 52.35181 | H68: =H24/$D$24 -> 34.901197 | I68: =I24/$D$24 -> 34.901197 | J68: =J24/$D$24 -> 34.901197 | K68: =K24/$D$24 -> 34.901197 | L68: =SUM(E68:K68) -> 226.85782 | M68: =ROUND(L68*D68,2) -> 15653.19 | N68: =M68/$C$20 -> 0.0096327323
B69: =Tarifas!B28 -> Radio Grito (Lares)-Hora del Grito 12md | C69: 30 s · 12 m. | D69: =Tarifas!E28 -> 27.6 | E69: =E24/$D$24 -> 17.450613 | F69: =F24/$D$24 -> 17.450613 | G69: =G24/$D$24 -> 52.35181 | H69: =H24/$D$24 -> 34.901197 | I69: =I24/$D$24 -> 34.901197 | J69: =J24/$D$24 -> 34.901197 | K69: =K24/$D$24 -> 34.901197 | L69: =SUM(E69:K69) -> 226.85782 | M69: =ROUND(L69*D69,2) -> 6261.28 | N69: =M69/$C$20 -> 0.0038530954
B70: =Tarifas!B29 -> NotiUno (NORTE)-La Hornilla & John Alma-Spots | C70: 30 s · La Hornilla / John Alma | D70: =Tarifas!E29 -> 50.6 | E70: =E24/$D$24 -> 17.450613 | F70: =F24/$D$24 -> 17.450613 | G70: =G24/$D$24 -> 52.35181 | H70: =H24/$D$24 -> 34.901197 | I70: =I24/$D$24 -> 34.901197 | J70: =J24/$D$24 -> 34.901197 | K70: =K24/$D$24 -> 34.901197 | L70: =SUM(E70:K70) -> 226.85782 | M70: =ROUND(L70*D70,2) -> 11479.01 | N70: =M70/$C$20 -> 0.0070640062
B71: =Tarifas!B30 -> NotiUno (SUR-Ponce) ROS | C71: =Tarifas!C30 -> ROS 7 a. m.–5 p. m. | D71: =Tarifas!E30 -> 50.6 | E71: =E24/$D$24 -> 17.450613 | F71: =F24/$D$24 -> 17.450613 | G71: =G24/$D$24 -> 52.35181 | H71: =H24/$D$24 -> 34.901197 | I71: =I24/$D$24 -> 34.901197 | J71: =J24/$D$24 -> 34.901197 | K71: =K24/$D$24 -> 34.901197 | L71: =SUM(E71:K71) -> 226.85782 | M71: =ROUND(M24-SUM(M54:M70),2) -> 11478.95 | N71: =M71/$C$20 -> 0.0070639692
B72: Subtotal Radio regional | M72: =SUM(M54:M71) -> 150896.75
B73: Meta
B74: =Tarifas!B35 -> Meta | C74: =Tarifas!C35 -> Video / Reels / Stories | D74: =Tarifas!E35 -> 8.625 | E74: =ROUNDDOWN(E25/$D74*1000,0) -> 4568040 | F74: =ROUNDDOWN(F25/$D74*1000,0) -> 4568040 | G74: =ROUNDDOWN(G25/$D74*1000,0) -> 10409045 | H74: =ROUNDDOWN(H25/$D74*1000,0) -> 7197699 | I74: =ROUNDDOWN(I25/$D74*1000,0) -> 7779386 | J74: =ROUNDDOWN(J25/$D74*1000,0) -> 7779386 | K74: =ROUNDDOWN(K25/$D74*1000,0) -> 7779386 | L74: =SUM(E74:K74) -> 50080982 | M74: =M25 -> 431948.51 | N74: =M74/$C$20 -> 0.26581447
B75: Subtotal Meta | M75: =SUM(M74:M74) -> 431948.51
B76: YouTube
B77: =Tarifas!B36 -> YouTube | C77: =Tarifas!C36 -> Video 15–30 s | D77: =Tarifas!E36 -> 6.9 | E77: =ROUNDDOWN(E26/$D77*1000,0) -> 4710144 | F77: =ROUNDDOWN(F26/$D77*1000,0) -> 4710144 | G77: =ROUNDDOWN(G26/$D77*1000,0) -> 9420289 | H77: =ROUNDDOWN(H26/$D77*1000,0) -> 7065217 | I77: =ROUNDDOWN(I26/$D77*1000,0) -> 7065217 | J77: =ROUNDDOWN(J26/$D77*1000,0) -> 7065217 | K77: =ROUNDDOWN(K26/$D77*1000,0) -> 7065217 | L77: =SUM(E77:K77) -> 47101445 | M77: =M26 -> 325000 | N77: =M77/$C$20 -> 0.2
B78: Subtotal YouTube | M78: =SUM(M77:M77) -> 325000
B79: Gaming
B80: =Tarifas!B38 -> Gaming | C80: =Tarifas!C38 -> Admazing Video Reward | D80: =Tarifas!E38 -> 0.115 | E80: =ROUNDDOWN(E27/$D80*1,0) -> 141304 | F80: =ROUNDDOWN(F27/$D80*1,0) -> 141304 | G80: =ROUNDDOWN(G27/$D80*1,0) -> 282608 | H80: =ROUNDDOWN(H27/$D80*1,0) -> 211956 | I80: =ROUNDDOWN(I27/$D80*1,0) -> 211956 | J80: =ROUNDDOWN(J27/$D80*1,0) -> 211956 | K80: =ROUNDDOWN(K27/$D80*1,0) -> 211956 | L80: =SUM(E80:K80) -> 1413040 | M80: =M27 -> 162500 | N80: =M80/$C$20 -> 0.1
B81: Subtotal Gaming | M81: =SUM(M80:M80) -> 162500
B82: Creadores e integraciones
B83: =Tarifas!B39 -> Creadores e integraciones | C83: =Tarifas!C39 -> 1 video + 2 Stories | D83: =Tarifas!E39 -> 2875 | E83: =E28/$D$28 -> 3.4901183 | F83: =F28/$D$28 -> 3.4901183 | G83: =G28/$D$28 -> 5.2351826 | H83: =H28/$D$28 -> 5.2351826 | I83: =I28/$D$28 -> 3.4901183 | J83: =J28/$D$28 -> 3.4901183 | K83: =K28/$D$28 -> 3.4901357 | L83: =SUM(E83:K83) -> 27.920974 | M83: =M28 -> 80272.8 | N83: =M83/$C$20 -> 0.049398646
B84: Subtotal Creadores e integraciones | M84: =SUM(M83:M83) -> 80272.8
B85: Cantidad del proveedor = paquetes equivalentes. Entrega en el cuadro principal = paquetes × 3 publicaciones. Perfiles y unidades enteras pendientes.

Sheet 02 Alcohol jóvenes
B2: 27-12-02 Alcohol jóvenes
B4: Escenario de pauta con honorarios incluidos (comisión 15%). Presupuestos y entregas estimadas por programa.
B6: Presupuesto AGA | C6: ='AGA y criterios'!D10 -> 195000 | E6: Inversión del plan | F6: =L12 -> 195000 | H6: Balance | I6: =ROUND(C6-F6,2) -> 0 | K6: Auspicios AGA pendientes | M6: ='AGA y criterios'!E10 -> 300000
B8: Auspicios AGA pendientes de conciliación; no se suman al plan. Ver “AGA y criterios”. Alcance y frecuencia requieren datos de audiencia.
B10: Campaña | C10: Presupuesto | D10: TV abierta | E10: Radio | F10: Exterior | G10: Meta | H10: YouTube | I10: Programática | J10: Gaming | K10: Creadores | L10: Total asignado | M10: Balance | N10: SOI programa
B11: Alcohol jóvenes | C11: ='AGA y criterios'!D27 -> 195000 | D11: =K23 -> 56925.82 | E11: =K24 -> 18107.62 | F11: 0 | G11: =K25 -> 51833.82 | H11: =K26 -> 39000 | I11: 0 | J11: =K27 -> 19500 | K11: =K28 -> 9632.74 | L11: =K29 -> 195000 | M11: =ROUND(C11-L11,2) -> 0 | N11: =L11/$C$6 -> 1
B12: TOTAL PROGRAMA | C12: =SUM(C11:C11) -> 195000 | D12: =SUM(D11:D11) -> 56925.82 | E12: =SUM(E11:E11) -> 18107.62 | F12: =SUM(F11:F11) -> 0 | G12: =SUM(G11:G11) -> 51833.82 | H12: =SUM(H11:H11) -> 39000 | I12: =SUM(I11:I11) -> 0 | J12: =SUM(J11:J11) -> 19500 | ... N12: =SUM(N11:N11) -> 1
B16: 27-12-02 Alcohol jóvenes
B17: Público: Hombres 16–24. Secundario: hombres 18–20, según AGA.
B18: Mensaje: Si vas a beber, pasa la llave.
B19: 5 campañas. Ventanas propuestas: diciembre, marzo, junio, julio y septiembre. Mix heredado de alcohol, sujeto a validar afinidad del público juvenil.
B20: Presupuesto de campaña | C20: ='AGA y criterios'!D27 -> 195000
B22: Auspicios: $1,075,000 pendientes de con con el RFP. No están sumados al escenario de $3,763,000. | C22: Unidad estimada | D22: Tarifa integrada | E22: 1–28 dic 26 | F22: 1–28 mar 27 | G22: 1–28 jun 27 | H22: 1–28 jul 27 | I22: 1–28 sep 27 | J22: Entrega estimada | K22: Inversión total | L22: SOI %
B23: TV abierta | C23: Spots de 60 s eq. | D23: =SUM(Tarifas!E7:E12) -> 10068.25 | E23: =ROUND($C$20*(SUM('Base de distribución'!E8,'Base de distribución'!E9,'Base de distribución'!E10,'Base de distribución'!E11,'Base de distribución'!E12,'Base de distribución'!E13,'Base de distribución'!E14)/SUM('Base de distribución'!E8,'Base de distribución'!E9,'Base de distribución'!E10,'Base de distribución'!E11,'Base de distribución'!E12,'Base de distribución'!E13,'Base de distribución'!E14,'Base de distribución'!E15,'Base de distribución'!E16,'Base de distribución'!E17,'Base de distribución'!E18,'Base de distribución'!E19,'Base de distribución'!E20,'Base de distribución'!E21,'Base de distribución'!E22,'Base de distribución'!E23,'Base de distribución'!E24,'Base de distribución'!E25,'Base de distribución'!E26,'Base de distribución'!E27,'Base de distribución'!E28,'Base de distribución'!E29,'Base de distribución'!E30,'Base de distribución'!E31,'Base de distribución'!E32,'Base de distribución'!E33,'Base de distribución'!E34,'Base de distribución'!E35,'Base de distribución'!E36,'Base de distribución'!E37,'Base de distribución'!E38,'Base de distribución'!E39,'Base de distribución'!E40,'Base de distribución'!E41,'Base de distribución'!E42,'Base de distribución'!E43,'Base de distribución'!E44,'Base de distribución'!E45,'Base de distribución'!E46,'Base de distribución'!E47,'Base de distribución'!E48,'Base de distribución'!E49)*SUM('Base de distribución'!E10,'Base de distribución'!E17,'Base de distribución'!E24,'Base de distribución'!E31,'Base de distribución'!E38,'Base de distribución'!E45)/SUM('Base de distribución'!E10,'Base de distribución'!E11,'Base de distribución'!E12,'Base de distribución'!E13,'Base de distribución'!E14,'Base de distribución'!E17,'Base de distribución'!E18,'Base de distribución'!E19,'Base de distribución'!E20,'Base de distribución'!E21,'Base de distribución'!E24,'Base de distribución'!E25,'Base de distribución'!E26,'Base de distribución'!E27,'Base de distribución'!E28,'Base de distribución'!E31,'Base de distribución'!E32,'Base de distribución'!E33,'Base de distribución'!E34,'Base de distribución'!E35,'Base de distribución'!E38,'Base de distribución'!E39,'Base de distribución'!E40,'Base de distribución'!E41,'Base de distribución'!E42,'Base de distribución'!E45,'Base de distribución'!E46,'Base de distribución'!E47,'Base de distribución'!E48,'Base de distribución'!E49)),2) -> 14231.46 | F23: =ROUND($C$20*(SUM('Base de distribución'!E8,'Base de distribución'!E9,'Base de distribución'!E10,'Base de distribución'!E11,'Base de distribución'!E12,'Base de distribución'!E13,'Base de distribución'!E14)/SUM('Base de distribución'!E8,'Base de distribución'!E9,'Base de distribución'!E10,'Base de distribución'!E11,'Base de distribución'!E12,'Base de distribución'!E13,'Base de distribución'!E14,'Base de distribución'!E15,'Base de distribución'!E16,'Base de distribución'!E17,'Base de distribución'!E18,'Base de distribución'!E19,'Base de distribución'!E20,'Base de distribución'!E21,'Base de distribución'!E22,'Base de distribución'!E23,'Base de distribución'!E24,'Base de distribución'!E25,'Base de distribución'!E26,'Base de distribución'!E27,'Base de distribución'!E28,'Base de distribución'!E29,'Base de distribución'!E30,'Base de distribución'!E31,'Base de distribución'!E32,'Base de distribución'!E33,'Base de distribución'!E34,'Base de distribución'!E35,'Base de distribución'!E36,'Base de distribución'!E37,'Base de distribución'!E38,'Base de distribución'!E39,'Base de distribución'!E40,'Base de distribución'!E41,'Base de distribución'!E42,'Base de distribución'!E43,'Base de distribución'!E44,'Base de distribución'!E45,'Base de distribución'!E46,'Base de distribución'!E47,'Base de distribución'!E48,'Base de distribución'!E49)*SUM('Base de distribución'!E11,'Base de distribución'!E18,'Base de distribución'!E25,'Base de distribución'!E32,'Base de distribución'!E39,'Base de distribución'!E46)/SUM('Base de distribución'!E10,'Base de distribución'!E11,'Base de distribución'!E12,'Base de distribución'!E13,'Base de distribución'!E14,'Base de distribución'!E17,'Base de distribución'!E18,'Base de distribución'!E19,'Base de distribución'!E20,'Base de distribución'!E21,'Base de distribución'!E24,'Base de distribución'!E25,'Base de distribución'!E26,'Base de distribución'!E27,'Base de distribución'!E28,'Base de distribución'!E31,'Base de distribución'!E32,'Base de distribución'!E33,'Base de distribución'!E34,'Base de distribución'!E35,'Base de distribución'!E38,'Base de distribución'!E39,'Base de distribución'!E40,'Base de distribución'!E41,'Base de distribución'!E42,'Base de distribución'!E45,'Base de distribución'!E46,'Base de distribución'!E47,'Base de distribución'!E48,'Base de distribución'!E49)),2) -> 10673.59 | G23: =ROUND($C$20*(SUM('Base de distribución'!E8,'Base de distribución'!E9,'Base de distribución'!E10,'Base de distribución'!E11,'Base de distribución'!E12,'Base de distribución'!E13,'Base de distribución'!E14)/SUM('Base de distribución'!E8,'Base de distribución'!E9,'Base de distribución'!E10,'Base de distribución'!E11,'Base de distribución'!E12,'Base de distribución'!E13,'Base de distribución'!E14,'Base de distribución'!E15,'Base de distribución'!E16,'Base de distribución'!E17,'Base de distribución'!E18,'Base de distribución'!E19,'Base de distribución'!E20,'Base de distribución'!E21,'Base de distribución'!E22,'Base de distribución'!E23,'Base de distribución'!E24,'Base de distribución'!E25,'Base de distribución'!E26,'Base de distribución'!E27,'Base de distribución'!E28,'Base de distribución'!E29,'Base de distribución'!E30,'Base de distribución'!E31,'Base de distribución'!E32,'Base de distribución'!E33,'Base de distribución'!E34,'Base de distribución'!E35,'Base de distribución'!E36,'Base de distribución'!E37,'Base de distribución'!E38,'Base de distribución'!E39,'Base de distribución'!E40,'Base de distribución'!E41,'Base de distribución'!E42,'Base de distribución'!E43,'Base de distribución'!E44,'Base de distribución'!E45,'Base de distribución'!E46,'Base de distribución'!E47,'Base de distribución'!E48,'Base de distribución'!E49)*SUM('Base de distribución'!E12,'Base de distribución'!E19,'Base de distribución'!E26,'Base de distribución'!E33,'Base de distribución'!E40,'Base de distribución'!E47)/SUM('Base de distribución'!E10,'Base de distribución'!E11,'Base de distribución'!E12,'Base de distribución'!E13,'Base de distribución'!E14,'Base de distribución'!E17,'Base de distribución'!E18,'Base de distribución'!E19,'Base de distribución'!E20,'Base de distribución'!E21,'Base de distribución'!E24,'Base de distribución'!E25,'Base de distribución'!E26,'Base de distribución'!E27,'Base de distribución'!E28,'Base de distribución'!E31,'Base de distribución'!E32,'Base de distribución'!E33,'Base de distribución'!E34,'Base de distribución'!E35,'Base de distribución'!E38,'Base de distribución'!E39,'Base de distribución'!E40,'Base de distribución'!E41,'Base de distribución'!E42,'Base de distribución'!E45,'Base de distribución'!E46,'Base de distribución'!E47,'Base de distribución'!E48,'Base de distribución'!E49)),2) -> 10673.59 | H23: =ROUND($C$20*(SUM('Base de distribución'!E8,'Base de distribución'!E9,'Base de distribución'!E10,'Base de distribución'!E11,'Base de distribución'!E12,'Base de distribución'!E13,'Base de distribución'!E14)/SUM('Base de distribución'!E8,'Base de distribución'!E9,'Base de distribución'!E10,'Base de distribución'!E11,'Base de distribución'!E12,'Base de distribución'!E13,'Base de distribución'!E14,'Base de distribución'!E15,'Base de distribución'!E16,'Base de distribución'!E17,'Base de distribución'!E18,'Base de distribución'!E19,'Base de distribución'!E20,'Base de distribución'!E21,'Base de distribución'!E22,'Base de distribución'!E23,'Base de distribución'!E24,'Base de distribución'!E25,'Base de distribución'!E26,'Base de distribución'!E27,'Base de distribución'!E28,'Base de distribución'!E29,'Base de distribución'!E30,'Base de distribución'!E31,'Base de distribución'!E32,'Base de distribución'!E33,'Base de distribución'!E34,'Base de distribución'!E35,'Base de distribución'!E36,'Base de distribución'!E37,'Base de distribución'!E38,'Base de distribución'!E39,'Base de distribución'!E40,'Base de distribución'!E41,'Base de distribución'!E42,'Base de distribución'!E43,'Base de distribución'!E44,'Base de distribución'!E45,'Base de distribución'!E46,'Base de distribución'!E47,'Base de distribución'!E48,'Base de distribución'!E49)*SUM('Base de distribución'!E13,'Base de distribución'!E20,'Base de distribución'!E27,'Base de distribución'!E34,'Base de distribución'!E41,'Base de distribución'!E48)/SUM('Base de distribución'!E10,'Base de distribución'!E11,'Base de distribución'!E12,'Base de distribución'!E13,'Base de distribución'!E14,'Base de distribución'!E17,'Base de distribución'!E18,'Base de distribución'!E19,'Base de distribución'!E20,'Base de distribución'!E21,'Base de distribución'!E24,'Base de distribución'!E25,'Base de distribución'!E26,'Base de distribución'!E27,'Base de distribución'!E28,'Base de distribución'!E31,'Base de distribución'!E32,'Base de distribución'!E33,'Base de distribución'!E34,'Base de distribución'!E35,'Base de distribución'!E38,'Base de distribución'!E39,'Base de distribución'!E40,'Base de distribución'!E41,'Base de distribución'!E42,'Base de distribución'!E45,'Base de distribución'!E46,'Base de distribución'!E47,'Base de distribución'!E48,'Base de distribución'!E49)),2) -> 10673.59 | I23: =ROUND($C$20*(SUM('Base de distribución'!E8,'Base de distribución'!E9,'Base de distribución'!E10,'Base de distribución'!E11,'Base de distribución'!E12,'Base de distribución'!E13,'Base de distribución'!E14)/SUM('Base de distribución'!E8,'Base de distribución'!E9,'Base de distribución'!E10,'Base de distribución'!E11,'Base de distribución'!E12,'Base de distribución'!E13,'Base de distribución'!E14,'Base de distribución'!E15,'Base de distribución'!E16,'Base de distribución'!E17,'Base de distribución'!E18,'Base de distribución'!E19,'Base de distribución'!E20,'Base de distribución'!E21,'Base de distribución'!E22,'Base de distribución'!E23,'Base de distribución'!E24,'Base de distribución'!E25,'Base de distribución'!E26,'Base de distribución'!E27,'Base de distribución'!E28,'Base de distribución'!E29,'Base de distribución'!E30,'Base de distribución'!E31,'Base de distribución'!E32,'Base de distribución'!E33,'Base de distribución'!E34,'Base de distribución'!E35,'Base de distribución'!E36,'Base de distribución'!E37,'Base de distribución'!E38,'Base de distribución'!E39,'Base de distribución'!E40,'Base de distribución'!E41,'Base de distribución'!E42,'Base de distribución'!E43,'Base de distribución'!E44,'Base de distribución'!E45,'Base de distribución'!E46,'Base de distribución'!E47,'Base de distribución'!E48,'Base de distribución'!E49)*SUM('Base de distribución'!E14,'Base de distribución'!E21,'Base de distribución'!E28,'Base de distribución'!E35,'Base de distribución'!E42,'Base de distribución'!E49)/SUM('Base de distribución'!E10,'Base de distribución'!E11,'Base de distribución'!E12,'Base de distribución'!E13,'Base de distribución'!E14,'Base de distribución'!E17,'Base de distribución'!E18,'Base de distribución'!E19,'Base de distribución'!E20,'Base de distribución'!E21,'Base de distribución'!E24,'Base de distribución'!E25,'Base de distribución'!E26,'Base de distribución'!E27,'Base de distribución'!E28,'Base de distribución'!E31,'Base de distribución'!E32,'Base de distribución'!E33,'Base de distribución'!E34,'Base de distribución'!E35,'Base de distribución'!E38,'Base de distribución'!E39,'Base de distribución'!E40,'Base de distribución'!E41,'Base de distribución'!E42,'Base de distribución'!E45,'Base de distribución'!E46,'Base de distribución'!E47,'Base de distribución'!E48,'Base de distribución'!E49)),2) -> 10673.59 | J23: =SUM(J46:J51) -> 33.923961 | K23: =SUM(E23:I23) -> 56925.82 | L23: =K23/$C$20 -> 0.29192728
B24: Radio regional | C24: Cuñas de 30 s eq. | D24: =SUM(Tarifas!E13:E30) -> 665.16 | E24: =ROUND($C$20*(SUM('Base de distribución'!E15,'Base de distribución'!E16,'Base de distribución'!E17,'Base de distribución'!E18,'Base de distribución'!E19,'Base de distribución'!E20,'Base de distribución'!E21)/SUM('Base de distribución'!E8,'Base de distribución'!E9,'Base de distribución'!E10,'Base de distribución'!E11,'Base de distribución'!E12,'Base de distribución'!E13,'Base de distribución'!E14,'Base de distribución'!E15,'Base de distribución'!E16,'Base de distribución'!E17,'Base de distribución'!E18,'Base de distribución'!E19,'Base de distribución'!E20,'Base de distribución'!E21,'Base de distribución'!E22,'Base de distribución'!E23,'Base de distribución'!E24,'Base de distribución'!E25,'Base de distribución'!E26,'Base de distribución'!E27,'Base de distribución'!E28,'Base de distribución'!E29,'Base de distribución'!E30,'Base de distribución'!E31,'Base de distribución'!E32,'Base de distribución'!E33,'Base de distribución'!E34,'Base de distribución'!E35,'Base de distribución'!E36,'Base de distribución'!E37,'Base de distribución'!E38,'Base de distribución'!E39,'Base de distribución'!E40,'Base de distribución'!E41,'Base de distribución'!E42,'Base de distribución'!E43,'Base de distribución'!E44,'Base de distribución'!E45,'Base de distribución'!E46,'Base de distribución'!E47,'Base de distribución'!E48,'Base de distribución'!E49)*SUM('Base de distribución'!E10,'Base de distribución'!E17,'Base de distribución'!E24,'Base de distribución'!E31,'Base de distribución'!E38,'Base de distribución'!E45)/SUM('Base de distribución'!E10,'Base de distribución'!E11,'Base de distribución'!E12,'Base de distribución'!E13,'Base de distribución'!E14,'Base de distribución'!E17,'Base de distribución'!E18,'Base de distribución'!E19,'Base de distribución'!E20,'Base de distribución'!E21,'Base de distribución'!E24,'Base de distribución'!E25,'Base de distribución'!E26,'Base de distribución'!E27,'Base de distribución'!E28,'Base de distribución'!E31,'Base de distribución'!E32,'Base de distribución'!E33,'Base de distribución'!E34,'Base de distribución'!E35,'Base de distribución'!E38,'Base de distribución'!E39,'Base de distribución'!E40,'Base de distribución'!E41,'Base de distribución'!E42,'Base de distribución'!E45,'Base de distribución'!E46,'Base de distribución'!E47,'Base de distribución'!E48,'Base de distribución'!E49)),2) -> 4526.9 | F24: =ROUND($C$20*(SUM('Base de distribución'!E15,'Base de distribución'!E16,'Base de distribución'!E17,'Base de distribución'!E18,'Base de distribución'!E19,'Base de distribución'!E20,'Base de distribución'!E21)/SUM('Base de distribución'!E8,'Base de distribución'!E9,'Base de distribución'!E10,'Base de distribución'!E11,'Base de distribución'!E12,'Base de distribución'!E13,'Base de distribución'!E14,'Base de distribución'!E15,'Base de distribución'!E16,'Base de distribución'!E17,'Base de distribución'!E18,'Base de distribución'!E19,'Base de distribución'!E20,'Base de distribución'!E21,'Base de distribución'!E22,'Base de distribución'!E23,'Base de distribución'!E24,'Base de distribución'!E25,'Base de distribución'!E26,'Base de distribución'!E27,'Base de distribución'!E28,'Base de distribución'!E29,'Base de distribución'!E30,'Base de distribución'!E31,'Base de distribución'!E32,'Base de distribución'!E33,'Base de distribución'!E34,'Base de distribución'!E35,'Base de distribución'!E36,'Base de distribución'!E37,'Base de distribución'!E38,'Base de distribución'!E39,'Base de distribución'!E40,'Base de distribución'!E41,'Base de distribución'!E42,'Base de distribución'!E43,'Base de distribución'!E44,'Base de distribución'!E45,'Base de distribución'!E46,'Base de distribución'!E47,'Base de distribución'!E48,'Base de distribución'!E49)*SUM('Base de distribución'!E11,'Base de distribución'!E18,'Base de distribución'!E25,'Base de distribución'!E32,'Base de distribución'!E39,'Base de distribución'!E46)/SUM('Base de distribución'!E10,'Base de distribución'!E11,'Base de distribución'!E12,'Base de distribución'!E13,'Base de distribución'!E14,'Base de distribución'!E17,'Base de distribución'!E18,'Base de distribución'!E19,'Base de distribución'!E20,'Base de distribución'!E21,'Base de distribución'!E24,'Base de distribución'!E25,'Base de distribución'!E26,'Base de distribución'!E27,'Base de distribución'!E28,'Base de distribución'!E31,'Base de distribución'!E32,'Base de distribución'!E33,'Base de distribución'!E34,'Base de distribución'!E35,'Base de distribución'!E38,'Base de distribución'!E39,'Base de distribución'!E40,'Base de distribución'!E41,'Base de distribución'!E42,'Base de distribución'!E45,'Base de distribución'!E46,'Base de distribución'!E47,'Base de distribución'!E48,'Base de distribución'!E49)),2) -> 3395.18 | G24: =ROUND($C$20*(SUM('Base de distribución'!E15,'Base de distribución'!E16,'Base de distribución'!E17,'Base de distribución'!E18,'Base de distribución'!E19,'Base de distribución'!E20,'Base de distribución'!E21)/SUM('Base de distribución'!E8,'Base de distribución'!E9,'Base de distribución'!E10,'Base de distribución'!E11,'Base de distribución'!E12,'Base de distribución'!E13,'Base de distribución'!E14,'Base de distribución'!E15,'Base de distribución'!E16,'Base de distribución'!E17,'Base de distribución'!E18,'Base de distribución'!E19,'Base de distribución'!E20,'Base de distribución'!E21,'Base de distribución'!E22,'Base de distribución'!E23,'Base de distribución'!E24,'Base de distribución'!E25,'Base de distribución'!E26,'Base de distribución'!E27,'Base de distribución'!E28,'Base de distribución'!E29,'Base de distribución'!E30,'Base de distribución'!E31,'Base de distribución'!E32,'Base de distribución'!E33,'Base de distribución'!E34,'Base de distribución'!E35,'Base de distribución'!E36,'Base de distribución'!E37,'Base de distribución'!E38,'Base de distribución'!E39,'Base de distribución'!E40,'Base de distribución'!E41,'Base de distribución'!E42,'Base de distribución'!E43,'Base de distribución'!E44,'Base de distribución'!E45,'Base de distribución'!E46,'Base de distribución'!E47,'Base de distribución'!E48,'Base de distribución'!E49)*SUM('Base de distribución'!E12,'Base de distribución'!E19,'Base de distribución'!E26,'Base de distribución'!E33,'Base de distribución'!E40,'Base de distribución'!E47)/SUM('Base de distribución'!E10,'Base de distribución'!E11,'Base de distribución'!E12,'Base de distribución'!E13,'Base de distribución'!E14,'Base de distribución'!E17,'Base de distribución'!E18,'Base de distribución'!E19,'Base de distribución'!E20,'Base de distribución'!E21,'Base de distribución'!E24,'Base de distribución'!E25,'Base de distribución'!E26,'Base de distribución'!E27,'Base de distribución'!E28,'Base de distribución'!E31,'Base de distribución'!E32,'Base de distribución'!E33,'Base de distribución'!E34,'Base de distribución'!E35,'Base de distribución'!E38,'Base de distribución'!E39,'Base de distribución'!E40,'Base de distribución'!E41,'Base de distribución'!E42,'Base de distribución'!E45,'Base de distribución'!E46,'Base de distribución'!E47,'Base de distribución'!E48,'Base de distribución'!E49)),2) -> 3395.18 | H24: =ROUND($C$20*(SUM('Base de distribución'!E15,'Base de distribución'!E16,'Base de distribución'!E17,'Base de distribución'!E18,'Base de distribución'!E19,'Base de distribución'!E20,'Base de distribución'!E21)/SUM('Base de distribución'!E8,'Base de distribución'!E9,'Base de distribución'!E10,'Base de distribución'!E11,'Base de distribución'!E12,'Base de distribución'!E13,'Base de distribución'!E14,'Base de distribución'!E15,'Base de distribución'!E16,'Base de distribución'!E17,'Base de distribución'!E18,'Base de distribución'!E19,'Base de distribución'!E20,'Base de distribución'!E21,'Base de distribución'!E22,'Base de distribución'!E23,'Base de distribución'!E24,'Base de distribución'!E25,'Base de distribución'!E26,'Base de distribución'!E27,'Base de distribución'!E28,'Base de distribución'!E29,'Base de distribución'!E30,'Base de distribución'!E31,'Base de distribución'!E32,'Base de distribución'!E33,'Base de distribución'!E34,'Base de distribución'!E35,'Base de distribución'!E36,'Base de distribución'!E37,'Base de distribución'!E38,'Base de distribución'!E39,'Base de distribución'!E40,'Base de distribución'!E41,'Base de distribución'!E42,'Base de distribución'!E43,'Base de distribución'!E44,'Base de distribución'!E45,'Base de distribución'!E46,'Base de distribución'!E47,'Base de distribución'!E48,'Base de distribución'!E49)*SUM('Base de distribución'!E13,'Base de distribución'!E20,'Base de distribución'!E27,'Base de distribución'!E34,'Base de distribución'!E41,'Base de distribución'!E48)/SUM('Base de distribución'!E10,'Base de distribución'!E11,'Base de distribución'!E12,'Base de distribución'!E13,'Base de distribución'!E14,'Base de distribución'!E17,'Base de distribución'!E18,'Base de distribución'!E19,'Base de distribución'!E20,'Base de distribución'!E21,'Base de distribución'!E24,'Base de distribución'!E25,'Base de distribución'!E26,'Base de distribución'!E27,'Base de distribución'!E28,'Base de distribución'!E31,'Base de distribución'!E32,'Base de distribución'!E33,'Base de distribución'!E34,'Base de distribución'!E35,'Base de distribución'!E38,'Base de distribución'!E39,'Base de distribución'!E40,'Base de distribución'!E41,'Base de distribución'!E42,'Base de distribución'!E45,'Base de distribución'!E46,'Base de distribución'!E47,'Base de distribución'!E48,'Base de distribución'!E49)),2) -> 3395.18 | I24: =ROUND($C$20*(SUM('Base de distribución'!E15,'Base de distribución'!E16,'Base de distribución'!E17,'Base de distribución'!E18,'Base de distribución'!E19,'Base de distribución'!E20,'Base de distribución'!E21)/SUM('Base de distribución'!E8,'Base de distribución'!E9,'Base de distribución'!E10,'Base de distribución'!E11,'Base de distribución'!E12,'Base de distribución'!E13,'Base de distribución'!E14,'Base de distribución'!E15,'Base de distribución'!E16,'Base de distribución'!E17,'Base de distribución'!E18,'Base de distribución'!E19,'Base de distribución'!E20,'Base de distribución'!E21,'Base de distribución'!E22,'Base de distribución'!E23,'Base de distribución'!E24,'Base de distribución'!E25,'Base de distribución'!E26,'Base de distribución'!E27,'Base de distribución'!E28,'Base de distribución'!E29,'Base de distribución'!E30,'Base de distribución'!E31,'Base de distribución'!E32,'Base de distribución'!E33,'Base de distribución'!E34,'Base de distribución'!E35,'Base de distribución'!E36,'Base de distribución'!E37,'Base de distribución'!E38,'Base de distribución'!E39,'Base de distribución'!E40,'Base de distribución'!E41,'Base de distribución'!E42,'Base de distribución'!E43,'Base de distribución'!E44,'Base de distribución'!E45,'Base de distribución'!E46,'Base de distribución'!E47,'Base de distribución'!E48,'Base de distribución'!E49)*SUM('Base de distribución'!E14,'Base de distribución'!E21,'Base de distribución'!E28,'Base de distribución'!E35,'Base de distribución'!E42,'Base de distribución'!E49)/SUM('Base de distribución'!E10,'Base de distribución'!E11,'Base de distribución'!E12,'Base de distribución'!E13,'Base de distribución'!E14,'Base de distribución'!E17,'Base de distribución'!E18,'Base de distribución'!E19,'Base de distribución'!E20,'Base de distribución'!E21,'Base de distribución'!E24,'Base de distribución'!E25,'Base de distribución'!E26,'Base de distribución'!E27,'Base de distribución'!E28,'Base de distribución'!E31,'Base de distribución'!E32,'Base de distribución'!E33,'Base de distribución'!E34,'Base de distribución'!E35,'Base de distribución'!E38,'Base de distribución'!E39,'Base de distribución'!E40,'Base de distribución'!E41,'Base de distribución'!E42,'Base de distribución'!E45,'Base de distribución'!E46,'Base de distribución'!E47,'Base de distribución'!E48,'Base de distribución'!E49)),2) -> 3395.18 | J24: =SUM(J54:J71) -> 490.01317 | K24: =SUM(E24:I24) -> 18107.62 | L24: =K24/$C$20 -> 0.09285959
B25: Entregas estimadas con tarifas de referencia. | C25: Impresiones | D25: =Tarifas!E35 -> 8.625 | E25: =ROUND($C$20*(SUM('Base de distribución'!E22,'Base de distribución'!E23,'Base de distribución'!E24,'Base de distribución'!E25,'Base de distribución'!E26,'Base de distribución'!E27,'Base de distribución'!E28)/SUM('Base de distribución'!E8,'Base de distribución'!E9,'Base de distribución'!E10,'Base de distribución'!E11,'Base de distribución'!E12,'Base de distribución'!E13,'Base de distribución'!E14,'Base de distribución'!E15,'Base de distribución'!E16,'Base de distribución'!E17,'Base de distribución'!E18,'Base de distribución'!E19,'Base de distribución'!E20,'Base de distribución'!E21,'Base de distribución'!E22,'Base de distribución'!E23,'Base de distribución'!E24,'Base de distribución'!E25,'Base de distribución'!E26,'Base de distribución'!E27,'Base de distribución'!E28,'Base de distribución'!E29,'Base de distribución'!E30,'Base de distribución'!E31,'Base de distribución'!E32,'Base de distribución'!E33,'Base de distribución'!E34,'Base de distribución'!E35,'Base de distribución'!E36,'Base de distribución'!E37,'Base de distribución'!E38,'Base de distribución'!E39,'Base de distribución'!E40,'Base de distribución'!E41,'Base de distribución'!E42,'Base de distribución'!E43,'Base de distribución'!E44,'Base de distribución'!E45,'Base de distribución'!E46,'Base de distribución'!E47,'Base de distribución'!E48,'Base de distribución'!E49)*SUM('Base de distribución'!E10,'Base de distribución'!E17,'Base de distribución'!E24,'Base de distribución'!E31,'Base de distribución'!E38,'Base de distribución'!E45)/SUM('Base de distribución'!E10,'Base de distribución'!E11,'Base de distribución'!E12,'Base de distribución'!E13,'Base de distribución'!E14,'Base de distribución'!E17,'Base de distribución'!E18,'Base de distribución'!E19,'Base de distribución'!E20,'Base de distribución'!E21,'Base de distribución'!E24,'Base de distribución'!E25,'Base de distribución'!E26,'Base de distribución'!E27,'Base de distribución'!E28,'Base de distribución'!E31,'Base de distribución'!E32,'Base de distribución'!E33,'Base de distribución'!E34,'Base de distribución'!E35,'Base de distribución'!E38,'Base de distribución'!E39,'Base de distribución'!E40,'Base de distribución'!E41,'Base de distribución'!E42,'Base de distribución'!E45,'Base de distribución'!E46,'Base de distribución'!E47,'Base de distribución'!E48,'Base de distribución'!E49)),2) -> 12958.46 | F25: =ROUND($C$20*(SUM('Base de distribución'!E22,'Base de distribución'!E23,'Base de distribución'!E24,'Base de distribución'!E25,'Base de distribución'!E26,'Base de distribución'!E27,'Base de distribución'!E28)/SUM('Base de distribución'!E8,'Base de distribución'!E9,'Base de distribución'!E10,'Base de distribución'!E11,'Base de distribución'!E12,'Base de distribución'!E13,'Base de distribución'!E14,'Base de distribución'!E15,'Base de distribución'!E16,'Base de distribución'!E17,'Base de distribución'!E18,'Base de distribución'!E19,'Base de distribución'!E20,'Base de distribución'!E21,'Base de distribución'!E22,'Base de distribución'!E23,'Base de distribución'!E24,'Base de distribución'!E25,'Base de distribución'!E26,'Base de distribución'!E27,'Base de distribución'!E28,'Base de distribución'!E29,'Base de distribución'!E30,'Base de distribución'!E31,'Base de distribución'!E32,'Base de distribución'!E33,'Base de distribución'!E34,'Base de distribución'!E35,'Base de distribución'!E36,'Base de distribución'!E37,'Base de distribución'!E38,'Base de distribución'!E39,'Base de distribución'!E40,'Base de distribución'!E41,'Base de distribución'!E42,'Base de distribución'!E43,'Base de distribución'!E44,'Base de distribución'!E45,'Base de distribución'!E46,'Base de distribución'!E47,'Base de distribución'!E48,'Base de distribución'!E49)*SUM('Base de distribución'!E11,'Base de distribución'!E18,'Base de distribución'!E25,'Base de distribución'!E32,'Base de distribución'!E39,'Base de distribución'!E46)/SUM('Base de distribución'!E10,'Base de distribución'!E11,'Base de distribución'!E12,'Base de distribución'!E13,'Base de distribución'!E14,'Base de distribución'!E17,'Base de distribución'!E18,'Base de distribución'!E19,'Base de distribución'!E20,'Base de distribución'!E21,'Base de distribución'!E24,'Base de distribución'!E25,'Base de distribución'!E26,'Base de distribución'!E27,'Base de distribución'!E28,'Base de distribución'!E31,'Base de distribución'!E32,'Base de distribución'!E33,'Base de distribución'!E34,'Base de distribución'!E35,'Base de distribución'!E38,'Base de distribución'!E39,'Base de distribución'!E40,'Base de distribución'!E41,'Base de distribución'!E42,'Base de distribución'!E45,'Base de distribución'!E46,'Base de distribución'!E47,'Base de distribución'!E48,'Base de distribución'!E49)),2) -> 9718.84 | G25: =ROUND($C$20*(SUM('Base de distribución'!E22,'Base de distribución'!E23,'Base de distribución'!E24,'Base de distribución'!E25,'Base de distribución'!E26,'Base de distribución'!E27,'Base de distribución'!E28)/SUM('Base de distribución'!E8,'Base de distribución'!E9,'Base de distribución'!E10,'Base de distribución'!E11,'Base de distribución'!E12,'Base de distribución'!E13,'Base de distribución'!E14,'Base de distribución'!E15,'Base de distribución'!E16,'Base de distribución'!E17,'Base de distribución'!E18,'Base de distribución'!E19,'Base de distribución'!E20,'Base de distribución'!E21,'Base de distribución'!E22,'Base de distribución'!E23,'Base de distribución'!E24,'Base de distribución'!E25,'Base de distribución'!E26,'Base de distribución'!E27,'Base de distribución'!E28,'Base de distribución'!E29,'Base de distribución'!E30,'Base de distribución'!E31,'Base de distribución'!E32,'Base de distribución'!E33,'Base de distribución'!E34,'Base de distribución'!E35,'Base de distribución'!E36,'Base de distribución'!E37,'Base de distribución'!E38,'Base de distribución'!E39,'Base de distribución'!E40,'Base de distribución'!E41,'Base de distribución'!E42,'Base de distribución'!E43,'Base de distribución'!E44,'Base de distribución'!E45,'Base de distribución'!E46,'Base de distribución'!E47,'Base de distribución'!E48,'Base de distribución'!E49)*SUM('Base de distribución'!E12,'Base de distribución'!E19,'Base de distribución'!E26,'Base de distribución'!E33,'Base de distribución'!E40,'Base de distribución'!E47)/SUM('Base de distribución'!E10,'Base de distribución'!E11,'Base de distribución'!E12,'Base de distribución'!E13,'Base de distribución'!E14,'Base de distribución'!E17,'Base de distribución'!E18,'Base de distribución'!E19,'Base de distribución'!E20,'Base de distribución'!E21,'Base de distribución'!E24,'Base de distribución'!E25,'Base de distribución'!E26,'Base de distribución'!E27,'Base de distribución'!E28,'Base de distribución'!E31,'Base de distribución'!E32,'Base de distribución'!E33,'Base de distribución'!E34,'Base de distribución'!E35,'Base de distribución'!E38,'Base de distribución'!E39,'Base de distribución'!E40,'Base de distribución'!E41,'Base de distribución'!E42,'Base de distribución'!E45,'Base de distribución'!E46,'Base de distribución'!E47,'Base de distribución'!E48,'Base de distribución'!E49)),2) -> 9718.84 | H25: =ROUND($C$20*(SUM('Base de distribución'!E22,'Base de distribución'!E23,'Base de distribución'!E24,'Base de distribución'!E25,'Base de distribución'!E26,'Base de distribución'!E27,'Base de distribución'!E28)/SUM('Base de distribución'!E8,'Base de distribución'!E9,'Base de distribución'!E10,'Base de distribución'!E11,'Base de distribución'!E12,'Base de distribución'!E13,'Base de distribución'!E14,'Base de distribución'!E15,'Base de distribución'!E16,'Base de distribución'!E17,'Base de distribución'!E18,'Base de distribución'!E19,'Base de distribución'!E20,'Base de distribución'!E21,'Base de distribución'!E22,'Base de distribución'!E23,'Base de distribución'!E24,'Base de distribución'!E25,'Base de distribución'!E26,'Base de distribución'!E27,'Base de distribución'!E28,'Base de distribución'!E29,'Base de distribución'!E30,'Base de distribución'!E31,'Base de distribución'!E32,'Base de distribución'!E33,'Base de distribución'!E34,'Base de distribución'!E35,'Base de distribución'!E36,'Base de distribución'!E37,'Base de distribución'!E38,'Base de distribución'!E39,'Base de distribución'!E40,'Base de distribución'!E41,'Base de distribución'!E42,'Base de distribución'!E43,'Base de distribución'!E44,'Base de distribución'!E45,'Base de distribución'!E46,'Base de distribución'!E47,'Base de distribución'!E48,'Base de distribución'!E49)*SUM('Base de distribución'!E13,'Base de distribución'!E20,'Base de distribución'!E27,'Base de distribución'!E34,'Base de distribución'!E41,'Base de distribución'!E48)/SUM('Base de distribución'!E10,'Base de distribución'!E11,'Base de distribución'!E12,'Base de distribución'!E13,'Base de distribución'!E14,'Base de distribución'!E17,'Base de distribución'!E18,'Base de distribución'!E19,'Base de distribución'!E20,'Base de distribución'!E21,'Base de distribución'!E24,'Base de distribución'!E25,'Base de distribución'!E26,'Base de distribución'!E27,'Base de distribución'!E28,'Base de distribución'!E31,'Base de distribución'!E32,'Base de distribución'!E33,'Base de distribución'!E34,'Base de distribución'!E35,'Base de distribución'!E38,'Base de distribución'!E39,'Base de distribución'!E40,'Base de distribución'!E41,'Base de distribución'!E42,'Base de distribución'!E45,'Base de distribución'!E46,'Base de distribución'!E47,'Base de distribución'!E48,'Base de distribución'!E49)),2) -> 9718.84 | I25: =ROUND($C$20*(SUM('Base de distribución'!E22,'Base de distribución'!E23,'Base de distribución'!E24,'Base de distribución'!E25,'Base de distribución'!E26,'Base de distribución'!E27,'Base de distribución'!E28)/SUM('Base de distribución'!E8,'Base de distribución'!E9,'Base de distribución'!E10,'Base de distribución'!E11,'Base de distribución'!E12,'Base de distribución'!E13,'Base de distribución'!E14,'Base de distribución'!E15,'Base de distribución'!E16,'Base de distribución'!E17,'Base de distribución'!E18,'Base de distribución'!E19,'Base de distribución'!E20,'Base de distribución'!E21,'Base de distribución'!E22,'Base de distribución'!E23,'Base de distribución'!E24,'Base de distribución'!E25,'Base de distribución'!E26,'Base de distribución'!E27,'Base de distribución'!E28,'Base de distribución'!E29,'Base de distribución'!E30,'Base de distribución'!E31,'Base de distribución'!E32,'Base de distribución'!E33,'Base de distribución'!E34,'Base de distribución'!E35,'Base de distribución'!E36,'Base de distribución'!E37,'Base de distribución'!E38,'Base de distribución'!E39,'Base de distribución'!E40,'Base de distribución'!E41,'Base de distribución'!E42,'Base de distribución'!E43,'Base de distribución'!E44,'Base de distribución'!E45,'Base de distribución'!E46,'Base de distribución'!E47,'Base de distribución'!E48,'Base de distribución'!E49)*SUM('Base de distribución'!E14,'Base de distribución'!E21,'Base de distribución'!E28,'Base de distribución'!E35,'Base de distribución'!E42,'Base de distribución'!E49)/SUM('Base de distribución'!E10,'Base de distribución'!E11,'Base de distribución'!E12,'Base de distribución'!E13,'Base de distribución'!E14,'Base de distribución'!E17,'Base de distribución'!E18,'Base de distribución'!E19,'Base de distribución'!E20,'Base de distribución'!E21,'Base de distribución'!E24,'Base de distribución'!E25,'Base de distribución'!E26,'Base de distribución'!E27,'Base de distribución'!E28,'Base de distribución'!E31,'Base de distribución'!E32,'Base de distribución'!E33,'Base de distribución'!E34,'Base de distribución'!E35,'Base de distribución'!E38,'Base de distribución'!E39,'Base de distribución'!E40,'Base de distribución'!E41,'Base de distribución'!E42,'Base de distribución'!E45,'Base de distribución'!E46,'Base de distribución'!E47,'Base de distribución'!E48,'Base de distribución'!E49)),2) -> 9718.84 | J25: =SUM(J74:J74) -> 6009718 | K25: =SUM(E25:I25) -> 51833.82 | L25: =K25/$C$20 -> 0.26581446
B26: YouTube | C26: Impresiones | D26: =Tarifas!E36 -> 6.9 | E26: =ROUND($C$20*(SUM('Base de distribución'!E29,'Base de distribución'!E30,'Base de distribución'!E31,'Base de distribución'!E32,'Base de distribución'!E33,'Base de distribución'!E34,'Base de distribución'!E35)/SUM('Base de distribución'!E8,'Base de distribución'!E9,'Base de distribución'!E10,'Base de distribución'!E11,'Base de distribución'!E12,'Base de distribución'!E13,'Base de distribución'!E14,'Base de distribución'!E15,'Base de distribución'!E16,'Base de distribución'!E17,'Base de distribución'!E18,'Base de distribución'!E19,'Base de distribución'!E20,'Base de distribución'!E21,'Base de distribución'!E22,'Base de distribución'!E23,'Base de distribución'!E24,'Base de distribución'!E25,'Base de distribución'!E26,'Base de distribución'!E27,'Base de distribución'!E28,'Base de distribución'!E29,'Base de distribución'!E30,'Base de distribución'!E31,'Base de distribución'!E32,'Base de distribución'!E33,'Base de distribución'!E34,'Base de distribución'!E35,'Base de distribución'!E36,'Base de distribución'!E37,'Base de distribución'!E38,'Base de distribución'!E39,'Base de distribución'!E40,'Base de distribución'!E41,'Base de distribución'!E42,'Base de distribución'!E43,'Base de distribución'!E44,'Base de distribución'!E45,'Base de distribución'!E46,'Base de distribución'!E47,'Base de distribución'!E48,'Base de distribución'!E49)*SUM('Base de distribución'!E10,'Base de distribución'!E17,'Base de distribución'!E24,'Base de distribución'!E31,'Base de distribución'!E38,'Base de distribución'!E45)/SUM('Base de distribución'!E10,'Base de distribución'!E11,'Base de distribución'!E12,'Base de distribución'!E13,'Base de distribución'!E14,'Base de distribución'!E17,'Base de distribución'!E18,'Base de distribución'!E19,'Base de distribución'!E20,'Base de distribución'!E21,'Base de distribución'!E24,'Base de distribución'!E25,'Base de distribución'!E26,'Base de distribución'!E27,'Base de distribución'!E28,'Base de distribución'!E31,'Base de distribución'!E32,'Base de distribución'!E33,'Base de distribución'!E34,'Base de distribución'!E35,'Base de distribución'!E38,'Base de distribución'!E39,'Base de distribución'!E40,'Base de distribución'!E41,'Base de distribución'!E42,'Base de distribución'!E45,'Base de distribución'!E46,'Base de distribución'!E47,'Base de distribución'!E48,'Base de distribución'!E49)),2) -> 9750 | F26: =ROUND($C$20*(SUM('Base de distribución'!E29,'Base de distribución'!E30,'Base de distribución'!E31,'Base de distribución'!E32,'Base de distribución'!E33,'Base de distribución'!E34,'Base de distribución'!E35)/SUM('Base de distribución'!E8,'Base de distribución'!E9,'Base de distribución'!E10,'Base de distribución'!E11,'Base de distribución'!E12,'Base de distribución'!E13,'Base de distribución'!E14,'Base de distribución'!E15,'Base de distribución'!E16,'Base de distribución'!E17,'Base de distribución'!E18,'Base de distribución'!E19,'Base de distribución'!E20,'Base de distribución'!E21,'Base de distribución'!E22,'Base de distribución'!E23,'Base de distribución'!E24,'Base de distribución'!E25,'Base de distribución'!E26,'Base de distribución'!E27,'Base de distribución'!E28,'Base de distribución'!E29,'Base de distribución'!E30,'Base de distribución'!E31,'Base de distribución'!E32,'Base de distribución'!E33,'Base de distribución'!E34,'Base de distribución'!E35,'Base de distribución'!E36,'Base de distribución'!E37,'Base de distribución'!E38,'Base de distribución'!E39,'Base de distribución'!E40,'Base de distribución'!E41,'Base de distribución'!E42,'Base de distribución'!E43,'Base de distribución'!E44,'Base de distribución'!E45,'Base de distribución'!E46,'Base de distribución'!E47,'Base de distribución'!E48,'Base de distribución'!E49)*SUM('Base de distribución'!E11,'Base de distribución'!E18,'Base de distribución'!E25,'Base de distribución'!E32,'Base de distribución'!E39,'Base de distribución'!E46)/SUM('Base de distribución'!E10,'Base de distribución'!E11,'Base de distribución'!E12,'Base de distribución'!E13,'Base de distribución'!E14,'Base de distribución'!E17,'Base de distribución'!E18,'Base de distribución'!E19,'Base de distribución'!E20,'Base de distribución'!E21,'Base de distribución'!E24,'Base de distribución'!E25,'Base de distribución'!E26,'Base de distribución'!E27,'Base de distribución'!E28,'Base de distribución'!E31,'Base de distribución'!E32,'Base de distribución'!E33,'Base de distribución'!E34,'Base de distribución'!E35,'Base de distribución'!E38,'Base de distribución'!E39,'Base de distribución'!E40,'Base de distribución'!E41,'Base de distribución'!E42,'Base de distribución'!E45,'Base de distribución'!E46,'Base de distribución'!E47,'Base de distribución'!E48,'Base de distribución'!E49)),2) -> 7312.5 | G26: =ROUND($C$20*(SUM('Base de distribución'!E29,'Base de distribución'!E30,'Base de distribución'!E31,'Base de distribución'!E32,'Base de distribución'!E33,'Base de distribución'!E34,'Base de distribución'!E35)/SUM('Base de distribución'!E8,'Base de distribución'!E9,'Base de distribución'!E10,'Base de distribución'!E11,'Base de distribución'!E12,'Base de distribución'!E13,'Base de distribución'!E14,'Base de distribución'!E15,'Base de distribución'!E16,'Base de distribución'!E17,'Base de distribución'!E18,'Base de distribución'!E19,'Base de distribución'!E20,'Base de distribución'!E21,'Base de distribución'!E22,'Base de distribución'!E23,'Base de distribución'!E24,'Base de distribución'!E25,'Base de distribución'!E26,'Base de distribución'!E27,'Base de distribución'!E28,'Base de distribución'!E29,'Base de distribución'!E30,'Base de distribución'!E31,'Base de distribución'!E32,'Base de distribución'!E33,'Base de distribución'!E34,'Base de distribución'!E35,'Base de distribución'!E36,'Base de distribución'!E37,'Base de distribución'!E38,'Base de distribución'!E39,'Base de distribución'!E40,'Base de distribución'!E41,'Base de distribución'!E42,'Base de distribución'!E43,'Base de distribución'!E44,'Base de distribución'!E45,'Base de distribución'!E46,'Base de distribución'!E47,'Base de distribución'!E48,'Base de distribución'!E49)*SUM('Base de distribución'!E12,'Base de distribución'!E19,'Base de distribución'!E26,'Base de distribución'!E33,'Base de distribución'!E40,'Base de distribución'!E47)/SUM('Base de distribución'!E10,'Base de distribución'!E11,'Base de distribución'!E12,'Base de distribución'!E13,'Base de distribución'!E14,'Base de distribución'!E17,'Base de distribución'!E18,'Base de distribución'!E19,'Base de distribución'!E20,'Base de distribución'!E21,'Base de distribución'!E24,'Base de distribución'!E25,'Base de distribución'!E26,'Base de distribución'!E27,'Base de distribución'!E28,'Base de distribución'!E31,'Base de distribución'!E32,'Base de distribución'!E33,'Base de distribución'!E34,'Base de distribución'!E35,'Base de distribución'!E38,'Base de distribución'!E39,'Base de distribución'!E40,'Base de distribución'!E41,'Base de distribución'!E42,'Base de distribución'!E45,'Base de distribución'!E46,'Base de distribución'!E47,'Base de distribución'!E48,'Base de distribución'!E49)),2) -> 7312.5 | H26: =ROUND($C$20*(SUM('Base de distribución'!E29,'Base de distribución'!E30,'Base de distribución'!E31,'Base de distribución'!E32,'Base de distribución'!E33,'Base de distribución'!E34,'Base de distribución'!E35)/SUM('Base de distribución'!E8,'Base de distribución'!E9,'Base de distribución'!E10,'Base de distribución'!E11,'Base de distribución'!E12,'Base de distribución'!E13,'Base de distribución'!E14,'Base de distribución'!E15,'Base de distribución'!E16,'Base de distribución'!E17,'Base de distribución'!E18,'Base de distribución'!E19,'Base de distribución'!E20,'Base de distribución'!E21,'Base de distribución'!E22,'Base de distribución'!E23,'Base de distribución'!E24,'Base de distribución'!E25,'Base de distribución'!E26,'Base de distribución'!E27,'Base de distribución'!E28,'Base de distribución'!E29,'Base de distribución'!E30,'Base de distribución'!E31,'Base de distribución'!E32,'Base de distribución'!E33,'Base de distribución'!E34,'Base de distribución'!E35,'Base de distribución'!E36,'Base de distribución'!E37,'Base de distribución'!E38,'Base de distribución'!E39,'Base de distribución'!E40,'Base de distribución'!E41,'Base de distribución'!E42,'Base de distribución'!E43,'Base de distribución'!E44,'Base de distribución'!E45,'Base de distribución'!E46,'Base de distribución'!E47,'Base de distribución'!E48,'Base de distribución'!E49)*SUM('Base de distribución'!E13,'Base de distribución'!E20,'Base de distribución'!E27,'Base de distribución'!E34,'Base de distribución'!E41,'Base de distribución'!E48)/SUM('Base de distribución'!E10,'Base de distribución'!E11,'Base de distribución'!E12,'Base de distribución'!E13,'Base de distribución'!E14,'Base de distribución'!E17,'Base de distribución'!E18,'Base de distribución'!E19,'Base de distribución'!E20,'Base de distribución'!E21,'Base de distribución'!E24,'Base de distribución'!E25,'Base de distribución'!E26,'Base de distribución'!E27,'Base de distribución'!E28,'Base de distribución'!E31,'Base de distribución'!E32,'Base de distribución'!E33,'Base de distribución'!E34,'Base de distribución'!E35,'Base de distribución'!E38,'Base de distribución'!E39,'Base de distribución'!E40,'Base de distribución'!E41,'Base de distribución'!E42,'Base de distribución'!E45,'Base de distribución'!E46,'Base de distribución'!E47,'Base de distribución'!E48,'Base de distribución'!E49)),2) -> 7312.5 | I26: =ROUND($C$20*(SUM('Base de distribución'!E29,'Base de distribución'!E30,'Base de distribución'!E31,'Base de distribución'!E32,'Base de distribución'!E33,'Base de distribución'!E34,'Base de distribución'!E35)/SUM('Base de distribución'!E8,'Base de distribución'!E9,'Base de distribución'!E10,'Base de distribución'!E11,'Base de distribución'!E12,'Base de distribución'!E13,'Base de distribución'!E14,'Base de distribución'!E15,'Base de distribución'!E16,'Base de distribución'!E17,'Base de distribución'!E18,'Base de distribución'!E19,'Base de distribución'!E20,'Base de distribución'!E21,'Base de distribución'!E22,'Base de distribución'!E23,'Base de distribución'!E24,'Base de distribución'!E25,'Base de distribución'!E26,'Base de distribución'!E27,'Base de distribución'!E28,'Base de distribución'!E29,'Base de distribución'!E30,'Base de distribución'!E31,'Base de distribución'!E32,'Base de distribución'!E33,'Base de distribución'!E34,'Base de distribución'!E35,'Base de distribución'!E36,'Base de distribución'!E37,'Base de distribución'!E38,'Base de distribución'!E39,'Base de distribución'!E40,'Base de distribución'!E41,'Base de distribución'!E42,'Base de distribución'!E43,'Base de distribución'!E44,'Base de distribución'!E45,'Base de distribución'!E46,'Base de distribución'!E47,'Base de distribución'!E48,'Base de distribución'!E49)*SUM('Base de distribución'!E14,'Base de distribución'!E21,'Base de distribución'!E28,'Base de distribución'!E35,'Base de distribución'!E42,'Base de distribución'!E49)/SUM('Base de distribución'!E10,'Base de distribución'!E11,'Base de distribución'!E12,'Base de distribución'!E13,'Base de distribución'!E14,'Base de distribución'!E17,'Base de distribución'!E18,'Base de distribución'!E19,'Base de distribución'!E20,'Base de distribución'!E21,'Base de distribución'!E24,'Base de distribución'!E25,'Base de distribución'!E26,'Base de distribución'!E27,'Base de distribución'!E28,'Base de distribución'!E31,'Base de distribución'!E32,'Base de distribución'!E33,'Base de distribución'!E34,'Base de distribución'!E35,'Base de distribución'!E38,'Base de distribución'!E39,'Base de distribución'!E40,'Base de distribución'!E41,'Base de distribución'!E42,'Base de distribución'!E45,'Base de distribución'!E46,'Base de distribución'!E47,'Base de distribución'!E48,'Base de distribución'!E49)),2) -> 7312.5 | J26: =SUM(J77:J77) -> 5652171 | K26: =SUM(E26:I26) -> 39000 | L26: =K26/$C$20 -> 0.2
B27: Gaming | C27: Vistas completas | D27: =Tarifas!E38 -> 0.115 | E27: =ROUND($C$20*(SUM('Base de distribución'!E36,'Base de distribución'!E37,'Base de distribución'!E38,'Base de distribución'!E39,'Base de distribución'!E40,'Base de distribución'!E41,'Base de distribución'!E42)/SUM('Base de distribución'!E8,'Base de distribución'!E9,'Base de distribución'!E10,'Base de distribución'!E11,'Base de distribución'!E12,'Base de distribución'!E13,'Base de distribución'!E14,'Base de distribución'!E15,'Base de distribución'!E16,'Base de distribución'!E17,'Base de distribución'!E18,'Base de distribución'!E19,'Base de distribución'!E20,'Base de distribución'!E21,'Base de distribución'!E22,'Base de distribución'!E23,'Base de distribución'!E24,'Base de distribución'!E25,'Base de distribución'!E26,'Base de distribución'!E27,'Base de distribución'!E28,'Base de distribución'!E29,'Base de distribución'!E30,'Base de distribución'!E31,'Base de distribución'!E32,'Base de distribución'!E33,'Base de distribución'!E34,'Base de distribución'!E35,'Base de distribución'!E36,'Base de distribución'!E37,'Base de distribución'!E38,'Base de distribución'!E39,'Base de distribución'!E40,'Base de distribución'!E41,'Base de distribución'!E42,'Base de distribución'!E43,'Base de distribución'!E44,'Base de distribución'!E45,'Base de distribución'!E46,'Base de distribución'!E47,'Base de distribución'!E48,'Base de distribución'!E49)*SUM('Base de distribución'!E10,'Base de distribución'!E17,'Base de distribución'!E24,'Base de distribución'!E31,'Base de distribución'!E38,'Base de distribución'!E45)/SUM('Base de distribución'!E10,'Base de distribución'!E11,'Base de distribución'!E12,'Base de distribución'!E13,'Base de distribución'!E14,'Base de distribución'!E17,'Base de distribución'!E18,'Base de distribución'!E19,'Base de distribución'!E20,'Base de distribución'!E21,'Base de distribución'!E24,'Base de distribución'!E25,'Base de distribución'!E26,'Base de distribución'!E27,'Base de distribución'!E28,'Base de distribución'!E31,'Base de distribución'!E32,'Base de distribución'!E33,'Base de distribución'!E34,'Base de distribución'!E35,'Base de distribución'!E38,'Base de distribución'!E39,'Base de distribución'!E40,'Base de distribución'!E41,'Base de distribución'!E42,'Base de distribución'!E45,'Base de distribución'!E46,'Base de distribución'!E47,'Base de distribución'!E48,'Base de distribución'!E49)),2) -> 4875 | F27: =ROUND($C$20*(SUM('Base de distribución'!E36,'Base de distribución'!E37,'Base de distribución'!E38,'Base de distribución'!E39,'Base de distribución'!E40,'Base de distribución'!E41,'Base de distribución'!E42)/SUM('Base de distribución'!E8,'Base de distribución'!E9,'Base de distribución'!E10,'Base de distribución'!E11,'Base de distribución'!E12,'Base de distribución'!E13,'Base de distribución'!E14,'Base de distribución'!E15,'Base de distribución'!E16,'Base de distribución'!E17,'Base de distribución'!E18,'Base de distribución'!E19,'Base de distribución'!E20,'Base de distribución'!E21,'Base de distribución'!E22,'Base de distribución'!E23,'Base de distribución'!E24,'Base de distribución'!E25,'Base de distribución'!E26,'Base de distribución'!E27,'Base de distribución'!E28,'Base de distribución'!E29,'Base de distribución'!E30,'Base de distribución'!E31,'Base de distribución'!E32,'Base de distribución'!E33,'Base de distribución'!E34,'Base de distribución'!E35,'Base de distribución'!E36,'Base de distribución'!E37,'Base de distribución'!E38,'Base de distribución'!E39,'Base de distribución'!E40,'Base de distribución'!E41,'Base de distribución'!E42,'Base de distribución'!E43,'Base de distribución'!E44,'Base de distribución'!E45,'Base de distribución'!E46,'Base de distribución'!E47,'Base de distribución'!E48,'Base de distribución'!E49)*SUM('Base de distribución'!E11,'Base de distribución'!E18,'Base de distribución'!E25,'Base de distribución'!E32,'Base de distribución'!E39,'Base de distribución'!E46)/SUM('Base de distribución'!E10,'Base de distribución'!E11,'Base de distribución'!E12,'Base de distribución'!E13,'Base de distribución'!E14,'Base de distribución'!E17,'Base de distribución'!E18,'Base de distribución'!E19,'Base de distribución'!E20,'Base de distribución'!E21,'Base de distribución'!E24,'Base de distribución'!E25,'Base de distribución'!E26,'Base de distribución'!E27,'Base de distribución'!E28,'Base de distribución'!E31,'Base de distribución'!E32,'Base de distribución'!E33,'Base de distribución'!E34,'Base de distribución'!E35,'Base de distribución'!E38,'Base de distribución'!E39,'Base de distribución'!E40,'Base de distribución'!E41,'Base de distribución'!E42,'Base de distribución'!E45,'Base de distribución'!E46,'Base de distribución'!E47,'Base de distribución'!E48,'Base de distribución'!E49)),2) -> 3656.25 | G27: =ROUND($C$20*(SUM('Base de distribución'!E36,'Base de distribución'!E37,'Base de distribución'!E38,'Base de distribución'!E39,'Base de distribución'!E40,'Base de distribución'!E41,'Base de distribución'!E42)/SUM('Base de distribución'!E8,'Base de distribución'!E9,'Base de distribución'!E10,'Base de distribución'!E11,'Base de distribución'!E12,'Base de distribución'!E13,'Base de distribución'!E14,'Base de distribución'!E15,'Base de distribución'!E16,'Base de distribución'!E17,'Base de distribución'!E18,'Base de distribución'!E19,'Base de distribución'!E20,'Base de distribución'!E21,'Base de distribución'!E22,'Base de distribución'!E23,'Base de distribución'!E24,'Base de distribución'!E25,'Base de distribución'!E26,'Base de distribución'!E27,'Base de distribución'!E28,'Base de distribución'!E29,'Base de distribución'!E30,'Base de distribución'!E31,'Base de distribución'!E32,'Base de distribución'!E33,'Base de distribución'!E34,'Base de distribución'!E35,'Base de distribución'!E36,'Base de distribución'!E37,'Base de distribución'!E38,'Base de distribución'!E39,'Base de distribución'!E40,'Base de distribución'!E41,'Base de distribución'!E42,'Base de distribución'!E43,'Base de distribución'!E44,'Base de distribución'!E45,'Base de distribución'!E46,'Base de distribución'!E47,'Base de distribución'!E48,'Base de distribución'!E49)*SUM('Base de distribución'!E12,'Base de distribución'!E19,'Base de distribución'!E26,'Base de distribución'!E33,'Base de distribución'!E40,'Base de distribución'!E47)/SUM('Base de distribución'!E10,'Base de distribución'!E11,'Base de distribución'!E12,'Base de distribución'!E13,'Base de distribución'!E14,'Base de distribución'!E17,'Base de distribución'!E18,'Base de distribución'!E19,'Base de distribución'!E20,'Base de distribución'!E21,'Base de distribución'!E24,'Base de distribución'!E25,'Base de distribución'!E26,'Base de distribución'!E27,'Base de distribución'!E28,'Base de distribución'!E31,'Base de distribución'!E32,'Base de distribución'!E33,'Base de distribución'!E34,'Base de distribución'!E35,'Base de distribución'!E38,'Base de distribución'!E39,'Base de distribución'!E40,'Base de distribución'!E41,'Base de distribución'!E42,'Base de distribución'!E45,'Base de distribución'!E46,'Base de distribución'!E47,'Base de distribución'!E48,'Base de distribución'!E49)),2) -> 3656.25 | H27: =ROUND($C$20*(SUM('Base de distribución'!E36,'Base de distribución'!E37,'Base de distribución'!E38,'Base de distribución'!E39,'Base de distribución'!E40,'Base de distribución'!E41,'Base de distribución'!E42)/SUM('Base de distribución'!E8,'Base de distribución'!E9,'Base de distribución'!E10,'Base de distribución'!E11,'Base de distribución'!E12,'Base de distribución'!E13,'Base de distribución'!E14,'Base de distribución'!E15,'Base de distribución'!E16,'Base de distribución'!E17,'Base de distribución'!E18,'Base de distribución'!E19,'Base de distribución'!E20,'Base de distribución'!E21,'Base de distribución'!E22,'Base de distribución'!E23,'Base de distribución'!E24,'Base de distribución'!E25,'Base de distribución'!E26,'Base de distribución'!E27,'Base de distribución'!E28,'Base de distribución'!E29,'Base de distribución'!E30,'Base de distribución'!E31,'Base de distribución'!E32,'Base de distribución'!E33,'Base de distribución'!E34,'Base de distribución'!E35,'Base de distribución'!E36,'Base de distribución'!E37,'Base de distribución'!E38,'Base de distribución'!E39,'Base de distribución'!E40,'Base de distribución'!E41,'Base de distribución'!E42,'Base de distribución'!E43,'Base de distribución'!E44,'Base de distribución'!E45,'Base de distribución'!E46,'Base de distribución'!E47,'Base de distribución'!E48,'Base de distribución'!E49)*SUM('Base de distribución'!E13,'Base de distribución'!E20,'Base de distribución'!E27,'Base de distribución'!E34,'Base de distribución'!E41,'Base de distribución'!E48)/SUM('Base de distribución'!E10,'Base de distribución'!E11,'Base de distribución'!E12,'Base de distribución'!E13,'Base de distribución'!E14,'Base de distribución'!E17,'Base de distribución'!E18,'Base de distribución'!E19,'Base de distribución'!E20,'Base de distribución'!E21,'Base de distribución'!E24,'Base de distribución'!E25,'Base de distribución'!E26,'Base de distribución'!E27,'Base de distribución'!E28,'Base de distribución'!E31,'Base de distribución'!E32,'Base de distribución'!E33,'Base de distribución'!E34,'Base de distribución'!E35,'Base de distribución'!E38,'Base de distribución'!E39,'Base de distribución'!E40,'Base de distribución'!E41,'Base de distribución'!E42,'Base de distribución'!E45,'Base de distribución'!E46,'Base de distribución'!E47,'Base de distribución'!E48,'Base de distribución'!E49)),2) -> 3656.25 | I27: =ROUND($C$20*(SUM('Base de distribución'!E36,'Base de distribución'!E37,'Base de distribución'!E38,'Base de distribución'!E39,'Base de distribución'!E40,'Base de distribución'!E41,'Base de distribución'!E42)/SUM('Base de distribución'!E8,'Base de distribución'!E9,'Base de distribución'!E10,'Base de distribución'!E11,'Base de distribución'!E12,'Base de distribución'!E13,'Base de distribución'!E14,'Base de distribución'!E15,'Base de distribución'!E16,'Base de distribución'!E17,'Base de distribución'!E18,'Base de distribución'!E19,'Base de distribución'!E20,'Base de distribución'!E21,'Base de distribución'!E22,'Base de distribución'!E23,'Base de distribución'!E24,'Base de distribución'!E25,'Base de distribución'!E26,'Base de distribución'!E27,'Base de distribución'!E28,'Base de distribución'!E29,'Base de distribución'!E30,'Base de distribución'!E31,'Base de distribución'!E32,'Base de distribución'!E33,'Base de distribución'!E34,'Base de distribución'!E35,'Base de distribución'!E36,'Base de distribución'!E37,'Base de distribución'!E38,'Base de distribución'!E39,'Base de distribución'!E40,'Base de distribución'!E41,'Base de distribución'!E42,'Base de distribución'!E43,'Base de distribución'!E44,'Base de distribución'!E45,'Base de distribución'!E46,'Base de distribución'!E47,'Base de distribución'!E48,'Base de distribución'!E49)*SUM('Base de distribución'!E14,'Base de distribución'!E21,'Base de distribución'!E28,'Base de distribución'!E35,'Base de distribución'!E42,'Base de distribución'!E49)/SUM('Base de distribución'!E10,'Base de distribución'!E11,'Base de distribución'!E12,'Base de distribución'!E13,'Base de distribución'!E14,'Base de distribución'!E17,'Base de distribución'!E18,'Base de distribución'!E19,'Base de distribución'!E20,'Base de distribución'!E21,'Base de distribución'!E24,'Base de distribución'!E25,'Base de distribución'!E26,'Base de distribución'!E27,'Base de distribución'!E28,'Base de distribución'!E31,'Base de distribución'!E32,'Base de distribución'!E33,'Base de distribución'!E34,'Base de distribución'!E35,'Base de distribución'!E38,'Base de distribución'!E39,'Base de distribución'!E40,'Base de distribución'!E41,'Base de distribución'!E42,'Base de distribución'!E45,'Base de distribución'!E46,'Base de distribución'!E47,'Base de distribución'!E48,'Base de distribución'!E49)),2) -> 3656.25 | J27: =SUM(J80:J80) -> 169563 | K27: =SUM(E27:I27) -> 19500 | L27: =K27/$C$20 -> 0.1
B28: Creadores e integraciones | C28: Publicaciones eq. | D28: =Tarifas!E39 -> 2875 | E28: =ROUND($C$20*(SUM('Base de distribución'!E43,'Base de distribución'!E44,'Base de distribución'!E45,'Base de distribución'!E46,'Base de distribución'!E47,'Base de distribución'!E48,'Base de distribución'!E49)/SUM('Base de distribución'!E8,'Base de distribución'!E9,'Base de distribución'!E10,'Base de distribución'!E11,'Base de distribución'!E12,'Base de distribución'!E13,'Base de distribución'!E14,'Base de distribución'!E15,'Base de distribución'!E16,'Base de distribución'!E17,'Base de distribución'!E18,'Base de distribución'!E19,'Base de distribución'!E20,'Base de distribución'!E21,'Base de distribución'!E22,'Base de distribución'!E23,'Base de distribución'!E24,'Base de distribución'!E25,'Base de distribución'!E26,'Base de distribución'!E27,'Base de distribución'!E28,'Base de distribución'!E29,'Base de distribución'!E30,'Base de distribución'!E31,'Base de distribución'!E32,'Base de distribución'!E33,'Base de distribución'!E34,'Base de distribución'!E35,'Base de distribución'!E36,'Base de distribución'!E37,'Base de distribución'!E38,'Base de distribución'!E39,'Base de distribución'!E40,'Base de distribución'!E41,'Base de distribución'!E42,'Base de distribución'!E43,'Base de distribución'!E44,'Base de distribución'!E45,'Base de distribución'!E46,'Base de distribución'!E47,'Base de distribución'!E48,'Base de distribución'!E49)*SUM('Base de distribución'!E10,'Base de distribución'!E17,'Base de distribución'!E24,'Base de distribución'!E31,'Base de distribución'!E38,'Base de distribución'!E45)/SUM('Base de distribución'!E10,'Base de distribución'!E11,'Base de distribución'!E12,'Base de distribución'!E13,'Base de distribución'!E14,'Base de distribución'!E17,'Base de distribución'!E18,'Base de distribución'!E19,'Base de distribución'!E20,'Base de distribución'!E21,'Base de distribución'!E24,'Base de distribución'!E25,'Base de distribución'!E26,'Base de distribución'!E27,'Base de distribución'!E28,'Base de distribución'!E31,'Base de distribución'!E32,'Base de distribución'!E33,'Base de distribución'!E34,'Base de distribución'!E35,'Base de distribución'!E38,'Base de distribución'!E39,'Base de distribución'!E40,'Base de distribución'!E41,'Base de distribución'!E42,'Base de distribución'!E45,'Base de distribución'!E46,'Base de distribución'!E47,'Base de distribución'!E48,'Base de distribución'!E49)),2) -> 2408.18 | F28: =ROUND($C$20*(SUM('Base de distribución'!E43,'Base de distribución'!E44,'Base de distribución'!E45,'Base de distribución'!E46,'Base de distribución'!E47,'Base de distribución'!E48,'Base de distribución'!E49)/SUM('Base de distribución'!E8,'Base de distribución'!E9,'Base de distribución'!E10,'Base de distribución'!E11,'Base de distribución'!E12,'Base de distribución'!E13,'Base de distribución'!E14,'Base de distribución'!E15,'Base de distribución'!E16,'Base de distribución'!E17,'Base de distribución'!E18,'Base de distribución'!E19,'Base de distribución'!E20,'Base de distribución'!E21,'Base de distribución'!E22,'Base de distribución'!E23,'Base de distribución'!E24,'Base de distribución'!E25,'Base de distribución'!E26,'Base de distribución'!E27,'Base de distribución'!E28,'Base de distribución'!E29,'Base de distribución'!E30,'Base de distribución'!E31,'Base de distribución'!E32,'Base de distribución'!E33,'Base de distribución'!E34,'Base de distribución'!E35,'Base de distribución'!E36,'Base de distribución'!E37,'Base de distribución'!E38,'Base de distribución'!E39,'Base de distribución'!E40,'Base de distribución'!E41,'Base de distribución'!E42,'Base de distribución'!E43,'Base de distribución'!E44,'Base de distribución'!E45,'Base de distribución'!E46,'Base de distribución'!E47,'Base de distribución'!E48,'Base de distribución'!E49)*SUM('Base de distribución'!E11,'Base de distribución'!E18,'Base de distribución'!E25,'Base de distribución'!E32,'Base de distribución'!E39,'Base de distribución'!E46)/SUM('Base de distribución'!E10,'Base de distribución'!E11,'Base de distribución'!E12,'Base de distribución'!E13,'Base de distribución'!E14,'Base de distribución'!E17,'Base de distribución'!E18,'Base de distribución'!E19,'Base de distribución'!E20,'Base de distribución'!E21,'Base de distribución'!E24,'Base de distribución'!E25,'Base de distribución'!E26,'Base de distribución'!E27,'Base de distribución'!E28,'Base de distribución'!E31,'Base de distribución'!E32,'Base de distribución'!E33,'Base de distribución'!E34,'Base de distribución'!E35,'Base de distribución'!E38,'Base de distribución'!E39,'Base de distribución'!E40,'Base de distribución'!E41,'Base de distribución'!E42,'Base de distribución'!E45,'Base de distribución'!E46,'Base de distribución'!E47,'Base de distribución'!E48,'Base de distribución'!E49)),2) -> 1806.14 | G28: =ROUND($C$20*(SUM('Base de distribución'!E43,'Base de distribución'!E44,'Base de distribución'!E45,'Base de distribución'!E46,'Base de distribución'!E47,'Base de distribución'!E48,'Base de distribución'!E49)/SUM('Base de distribución'!E8,'Base de distribución'!E9,'Base de distribución'!E10,'Base de distribución'!E11,'Base de distribución'!E12,'Base de distribución'!E13,'Base de distribución'!E14,'Base de distribución'!E15,'Base de distribución'!E16,'Base de distribución'!E17,'Base de distribución'!E18,'Base de distribución'!E19,'Base de distribución'!E20,'Base de distribución'!E21,'Base de distribución'!E22,'Base de distribución'!E23,'Base de distribución'!E24,'Base de distribución'!E25,'Base de distribución'!E26,'Base de distribución'!E27,'Base de distribución'!E28,'Base de distribución'!E29,'Base de distribución'!E30,'Base de distribución'!E31,'Base de distribución'!E32,'Base de distribución'!E33,'Base de distribución'!E34,'Base de distribución'!E35,'Base de distribución'!E36,'Base de distribución'!E37,'Base de distribución'!E38,'Base de distribución'!E39,'Base de distribución'!E40,'Base de distribución'!E41,'Base de distribución'!E42,'Base de distribución'!E43,'Base de distribución'!E44,'Base de distribución'!E45,'Base de distribución'!E46,'Base de distribución'!E47,'Base de distribución'!E48,'Base de distribución'!E49)*SUM('Base de distribución'!E12,'Base de distribución'!E19,'Base de distribución'!E26,'Base de distribución'!E33,'Base de distribución'!E40,'Base de distribución'!E47)/SUM('Base de distribución'!E10,'Base de distribución'!E11,'Base de distribución'!E12,'Base de distribución'!E13,'Base de distribución'!E14,'Base de distribución'!E17,'Base de distribución'!E18,'Base de distribución'!E19,'Base de distribución'!E20,'Base de distribución'!E21,'Base de distribución'!E24,'Base de distribución'!E25,'Base de distribución'!E26,'Base de distribución'!E27,'Base de distribución'!E28,'Base de distribución'!E31,'Base de distribución'!E32,'Base de distribución'!E33,'Base de distribución'!E34,'Base de distribución'!E35,'Base de distribución'!E38,'Base de distribución'!E39,'Base de distribución'!E40,'Base de distribución'!E41,'Base de distribución'!E42,'Base de distribución'!E45,'Base de distribución'!E46,'Base de distribución'!E47,'Base de distribución'!E48,'Base de distribución'!E49)),2) -> 1806.14 | H28: =ROUND($C$20*(SUM('Base de distribución'!E43,'Base de distribución'!E44,'Base de distribución'!E45,'Base de distribución'!E46,'Base de distribución'!E47,'Base de distribución'!E48,'Base de distribución'!E49)/SUM('Base de distribución'!E8,'Base de distribución'!E9,'Base de distribución'!E10,'Base de distribución'!E11,'Base de distribución'!E12,'Base de distribución'!E13,'Base de distribución'!E14,'Base de distribución'!E15,'Base de distribución'!E16,'Base de distribución'!E17,'Base de distribución'!E18,'Base de distribución'!E19,'Base de distribución'!E20,'Base de distribución'!E21,'Base de distribución'!E22,'Base de distribución'!E23,'Base de distribución'!E24,'Base de distribución'!E25,'Base de distribución'!E26,'Base de distribución'!E27,'Base de distribución'!E28,'Base de distribución'!E29,'Base de distribución'!E30,'Base de distribución'!E31,'Base de distribución'!E32,'Base de distribución'!E33,'Base de distribución'!E34,'Base de distribución'!E35,'Base de distribución'!E36,'Base de distribución'!E37,'Base de distribución'!E38,'Base de distribución'!E39,'Base de distribución'!E40,'Base de distribución'!E41,'Base de distribución'!E42,'Base de distribución'!E43,'Base de distribución'!E44,'Base de distribución'!E45,'Base de distribución'!E46,'Base de distribución'!E47,'Base de distribución'!E48,'Base de distribución'!E49)*SUM('Base de distribución'!E13,'Base de distribución'!E20,'Base de distribución'!E27,'Base de distribución'!E34,'Base de distribución'!E41,'Base de distribución'!E48)/SUM('Base de distribución'!E10,'Base de distribución'!E11,'Base de distribución'!E12,'Base de distribución'!E13,'Base de distribución'!E14,'Base de distribución'!E17,'Base de distribución'!E18,'Base de distribución'!E19,'Base de distribución'!E20,'Base de distribución'!E21,'Base de distribución'!E24,'Base de distribución'!E25,'Base de distribución'!E26,'Base de distribución'!E27,'Base de distribución'!E28,'Base de distribución'!E31,'Base de distribución'!E32,'Base de distribución'!E33,'Base de distribución'!E34,'Base de distribución'!E35,'Base de distribución'!E38,'Base de distribución'!E39,'Base de distribución'!E40,'Base de distribución'!E41,'Base de distribución'!E42,'Base de distribución'!E45,'Base de distribución'!E46,'Base de distribución'!E47,'Base de distribución'!E48,'Base de distribución'!E49)),2) -> 1806.14 | I28: =ROUND($C$20-SUM(E23:I23,E24:I24,E25:I25,E26:I26,E27:I27,E28:H28),2) -> 1806.14 | J28: =J83*Tarifas!F39 -> 10.051555 | K28: =SUM(E28:I28) -> 9632.74 | L28: =K28/$C$20 -> 0.049398667
B29: TOTAL CAMPAÑA | E29: =SUM(E23:E28) -> 48750 | F29: =SUM(F23:F28) -> 36562.5 | G29: =SUM(G23:G28) -> 36562.5 | H29: =SUM(H23:H28) -> 36562.5 | I29: =SUM(I23:I28) -> 36562.5 | K29: =SUM(K23:K28) -> 195000 | L29: =SUM(L23:L28) -> 1
B30: Balance de campaña | C30: =ROUND(C20-K29,2) -> 0
B31: “eq.” = unidades equivalentes de planificación, no colocaciones enteras contratadas. Ajuste de centavos en la última celda. Tarifas incluyen honorarios.
B32: Base de tarifa: TV = paquete de 6 spots; radio = 18 cuñas; OOH = 28 puntos × 5 días; digital = CPM; gaming = vista completa; creadores = 3 publicaciones.
B34: Fechas de pauta por medio
B35: Medio | C35: Formato | D35: Condición | E35: 1–28 dic 26 | F35: 1–28 mar 27 | G35: 1–28 jun 27 | H35: 1–28 jul 27 | I35: 1–28 sep 27
B36: TV abierta | C36: TMD / WAPA / TeleOnce; programas del detalle | D36: Ventana de pauta | E36: 1–28 dic 26 | F36: 1–28 mar 27 | G36: 1–28 jun 27 | H36: 1–28 jul 27 | I36: 1–28 sep 27
B37: Radio regional | C37: 18 emisoras; ROS 7 a. m.–5 p. m. y excepciones del detalle | D37: Bloques y días exactos por confirmar | E37: 1–28 dic 26 | F37: 1–28 mar 27 | G37: 1–28 jun 27 | H37: 1–28 jul 27 | I37: 1–28 sep 27
B38: Meta | C38: Video / Reels / Stories | D38: Ventana de pauta | E38: 1–28 dic 26 | F38: 1–28 mar 27 | G38: 1–28 jun 27 | H38: 1–28 jul 27 | I38: 1–28 sep 27
B39: YouTube | C39: Video 15–30 s | D39: Ventana de pauta | E39: 1–28 dic 26 | F39: 1–28 mar 27 | G39: 1–28 jun 27 | H39: 1–28 jul 27 | I39: 1–28 sep 27
B40: Gaming | C40: Admazing Video Reward | D40: Ventana de pauta | E40: 1–28 dic 26 | F40: 1–28 mar 27 | G40: 1–28 jun 27 | H40: 1–28 jul 27 | I40: 1–28 sep 27
B41: Creadores e integraciones | C41: 1 video + 2 Stories por paquete | D41: Ventana de pauta | E41: 1–28 dic 26 | F41: 1–28 mar 27 | G41: 1–28 jun 27 | H41: 1–28 jul 27 | I41: 1–28 sep 27
B43: Colocaciones por proveedor y periodo
B44: Proveedor | C44: Programa / formato | D44: Tarifa integrada | E44: 1–28 dic 26 | F44: 1–28 mar 27 | G44: 1–28 jun 27 | H44: 1–28 jul 27 | I44: 1–28 sep 27 | J44: Cantidad total | K44: Inversión total | L44: SOI campaña
B45: TV abierta
B46: =Tarifas!B7 -> Telemundo | C46: =Tarifas!C7 -> Dia a Dia | D46: =Tarifas!E7 -> 782 | E46: =E23/$D$23 -> 1.4134989 | F46: =F23/$D$23 -> 1.0601237 | G46: =G23/$D$23 -> 1.0601237 | H46: =H23/$D$23 -> 1.0601237 | I46: =I23/$D$23 -> 1.0601237 | J46: =SUM(E46:I46) -> 5.6539935 | K46: =ROUND(J46*D46,2) -> 4421.42 | L46: =K46/$C$20 -> 0.022673949
B47: =Tarifas!B8 -> Telemundo | C47: =Tarifas!C8 -> PR Gana 6pm (M,W,T,f,Su) | D47: =Tarifas!E8 -> 2541.5 | E47: =E23/$D$23 -> 1.4134989 | F47: =F23/$D$23 -> 1.0601237 | G47: =G23/$D$23 -> 1.0601237 | H47: =H23/$D$23 -> 1.0601237 | I47: =I23/$D$23 -> 1.0601237 | J47: =SUM(E47:I47) -> 5.6539935 | K47: =ROUND(J47*D47,2) -> 14369.62 | L47: =K47/$C$20 -> 0.073690359
B48: =Tarifas!B9 -> WAPA | C48: =Tarifas!C9 -> Pegate al MedioDIa | D48: =Tarifas!E9 -> 977.5 | E48: =E23/$D$23 -> 1.4134989 | F48: =F23/$D$23 -> 1.0601237 | G48: =G23/$D$23 -> 1.0601237 | H48: =H23/$D$23 -> 1.0601237 | I48: =I23/$D$23 -> 1.0601237 | J48: =SUM(E48:I48) -> 5.6539935 | K48: =ROUND(J48*D48,2) -> 5526.78 | L48: =K48/$C$20 -> 0.028342462
B49: =Tarifas!B10 -> WAPA | C49: =Tarifas!C10 -> Reality-Funcion Estelar 7p | D49: =Tarifas!E10 -> 3519 | E49: =E23/$D$23 -> 1.4134989 | F49: =F23/$D$23 -> 1.0601237 | G49: =G23/$D$23 -> 1.0601237 | H49: =H23/$D$23 -> 1.0601237 | I49: =I23/$D$23 -> 1.0601237 | J49: =SUM(E49:I49) -> 5.6539935 | K49: =ROUND(J49*D49,2) -> 19896.4 | L49: =K49/$C$20 -> 0.10203282
B50: =Tarifas!B11 -> TeleOnce | C50: =Tarifas!C11 -> PR en Vivo | D50: =Tarifas!E11 -> 586.5 | E50: =E23/$D$23 -> 1.4134989 | F50: =F23/$D$23 -> 1.0601237 | G50: =G23/$D$23 -> 1.0601237 | H50: =H23/$D$23 -> 1.0601237 | I50: =I23/$D$23 -> 1.0601237 | J50: =SUM(E50:I50) -> 5.6539935 | K50: =ROUND(J50*D50,2) -> 3316.07 | L50: =K50/$C$20 -> 0.017005487
B51: =Tarifas!B12 -> TeleOnce | C51: =Tarifas!C12 -> Las Noticias Prime | D51: =Tarifas!E12 -> 1661.75 | E51: =E23/$D$23 -> 1.4134989 | F51: =F23/$D$23 -> 1.0601237 | G51: =G23/$D$23 -> 1.0601237 | H51: =H23/$D$23 -> 1.0601237 | I51: =I23/$D$23 -> 1.0601237 | J51: =SUM(E51:I51) -> 5.6539935 | K51: =ROUND(K23-SUM(K46:K50),2) -> 9395.53 | L51: =K51/$C$20 -> 0.048182205
B52: Subtotal TV abierta | K52: =SUM(K46:K51) -> 56925.82
B53: Radio regional
B54: =Tarifas!B13 -> Unica Radio-1230am | C54: =Tarifas!C13 -> ROS 7 a. m.–5 p. m. | D54: =Tarifas!E13 -> 36.8 | E54: =E24/$D$24 -> 6.805731 | F54: =F24/$D$24 -> 5.1043057 | G54: =G24/$D$24 -> 5.1043057 | H54: =H24/$D$24 -> 5.1043057 | I54: =I24/$D$24 -> 5.1043057 | J54: =SUM(E54:I54) -> 27.222954 | K54: =ROUND(J54*D54,2) -> 1001.8 | L54: =K54/$C$20 -> 0.0051374359
B55: =Tarifas!B14 -> Radio Once-1120AM | C55: =Tarifas!C14 -> ROS 7 a. m.–5 p. m. | D55: =Tarifas!E14 -> 36.8 | E55: =E24/$D$24 -> 6.805731 | F55: =F24/$D$24 -> 5.1043057 | G55: =G24/$D$24 -> 5.1043057 | H55: =H24/$D$24 -> 5.1043057 | I55: =I24/$D$24 -> 5.1043057 | J55: =SUM(E55:I55) -> 27.222954 | K55: =ROUND(J55*D55,2) -> 1001.8 | L55: =K55/$C$20 -> 0.0051374359
B56: =Tarifas!B15 -> WAPA Radio-Borinquen | C56: =Tarifas!C15 -> ROS 7 a. m.–5 p. m. | D56: =Tarifas!E15 -> 55.2 | E56: =E24/$D$24 -> 6.805731 | F56: =F24/$D$24 -> 5.1043057 | G56: =G24/$D$24 -> 5.1043057 | H56: =H24/$D$24 -> 5.1043057 | I56: =I24/$D$24 -> 5.1043057 | J56: =SUM(E56:I56) -> 27.222954 | K56: =ROUND(J56*D56,2) -> 1502.71 | L56: =K56/$C$20 -> 0.0077062051
B57: =Tarifas!B16 -> WAEL-FM | C57: =Tarifas!C16 -> ROS 7 a. m.–5 p. m. | D57: =Tarifas!E16 -> 36.8 | E57: =E24/$D$24 -> 6.805731 | F57: =F24/$D$24 -> 5.1043057 | G57: =G24/$D$24 -> 5.1043057 | H57: =H24/$D$24 -> 5.1043057 | I57: =I24/$D$24 -> 5.1043057 | J57: =SUM(E57:I57) -> 27.222954 | K57: =ROUND(J57*D57,2) -> 1001.8 | L57: =K57/$C$20 -> 0.0051374359
B58: =Tarifas!B17 -> WABA-AM (Aguadilla) | C58: =Tarifas!C17 -> ROS 7 a. m.–5 p. m. | D58: =Tarifas!E17 -> 28.52 | E58: =E24/$D$24 -> 6.805731 | F58: =F24/$D$24 -> 5.1043057 | G58: =G24/$D$24 -> 5.1043057 | H58: =H24/$D$24 -> 5.1043057 | I58: =I24/$D$24 -> 5.1043057 | J58: =SUM(E58:I58) -> 27.222954 | K58: =ROUND(J58*D58,2) -> 776.4 | L58: =K58/$C$20 -> 0.0039815385
B59: =Tarifas!B18 -> WHOY-AM (Salinas) | C59: =Tarifas!C18 -> ROS 7 a. m.–5 p. m. | D59: =Tarifas!E18 -> 28.52 | E59: =E24/$D$24 -> 6.805731 | F59: =F24/$D$24 -> 5.1043057 | G59: =G24/$D$24 -> 5.1043057 | H59: =H24/$D$24 -> 5.1043057 | I59: =I24/$D$24 -> 5.1043057 | J59: =SUM(E59:I59) -> 27.222954 | K59: =ROUND(J59*D59,2) -> 776.4 | L59: =K59/$C$20 -> 0.0039815385
B60: =Tarifas!B19 -> WGDL-AM/FM (Lares/Aguadilla) | C60: =Tarifas!C19 -> ROS 7 a. m.–5 p. m. | D60: =Tarifas!E19 -> 45.08 | E60: =E24/$D$24 -> 6.805731 | F60: =F24/$D$24 -> 5.1043057 | G60: =G24/$D$24 -> 5.1043057 | H60: =H24/$D$24 -> 5.1043057 | I60: =I24/$D$24 -> 5.1043057 | J60: =SUM(E60:I60) -> 27.222954 | K60: =ROUND(J60*D60,2) -> 1227.21 | L60: =K60/$C$20 -> 0.0062933846
B61: =Tarifas!B20 -> WPRA-AM (Mayaguez) | C61: =Tarifas!C20 -> ROS 7 a. m.–5 p. m. | D61: =Tarifas!E20 -> 28.52 | E61: =E24/$D$24 -> 6.805731 | F61: =F24/$D$24 -> 5.1043057 | G61: =G24/$D$24 -> 5.1043057 | H61: =H24/$D$24 -> 5.1043057 | I61: =I24/$D$24 -> 5.1043057 | J61: =SUM(E61:I61) -> 27.222954 | K61: =ROUND(J61*D61,2) -> 776.4 | L61: =K61/$C$20 -> 0.0039815385
B62: =Tarifas!B21 -> WISA-AM (Isabela) | C62: =Tarifas!C21 -> ROS 7 a. m.–5 p. m. | D62: =Tarifas!E21 -> 28.52 | E62: =E24/$D$24 -> 6.805731 | F62: =F24/$D$24 -> 5.1043057 | G62: =G24/$D$24 -> 5.1043057 | H62: =H24/$D$24 -> 5.1043057 | I62: =I24/$D$24 -> 5.1043057 | J62: =SUM(E62:I62) -> 27.222954 | K62: =ROUND(J62*D62,2) -> 776.4 | L62: =K62/$C$20 -> 0.0039815385
B63: =Tarifas!B22 -> Auspicios: $1,075,000 pendientes de con con el RFP. No están sumados al escenario de $3,763,000. | C63: =Tarifas!C22 -> ROS 7 a. m.–5 p. m. | D63: =Tarifas!E22 -> 28.52 | E63: =E24/$D$24 -> 6.805731 | F63: =F24/$D$24 -> 5.1043057 | G63: =G24/$D$24 -> 5.1043057 | H63: =H24/$D$24 -> 5.1043057 | I63: =I24/$D$24 -> 5.1043057 | J63: =SUM(E63:I63) -> 27.222954 | K63: =ROUND(J63*D63,2) -> 776.4 | L63: =K63/$C$20 -> 0.0039815385
B64: =Tarifas!B23 -> WCPR-AM (Coamo) | C64: =Tarifas!C23 -> ROS 7 a. m.–5 p. m. | D64: =Tarifas!E23 -> 28.52 | E64: =E24/$D$24 -> 6.805731 | F64: =F24/$D$24 -> 5.1043057 | G64: =G24/$D$24 -> 5.1043057 | H64: =H24/$D$24 -> 5.1043057 | I64: =I24/$D$24 -> 5.1043057 | J64: =SUM(E64:I64) -> 27.222954 | K64: =ROUND(J64*D64,2) -> 776.4 | L64: =K64/$C$20 -> 0.0039815385
B65: =Tarifas!B24 -> WLPR-AM (SanSebastian) | C65: =Tarifas!C24 -> ROS 7 a. m.–5 p. m. | D65: =Tarifas!E24 -> 28.52 | E65: =E24/$D$24 -> 6.805731 | F65: =F24/$D$24 -> 5.1043057 | G65: =G24/$D$24 -> 5.1043057 | H65: =H24/$D$24 -> 5.1043057 | I65: =I24/$D$24 -> 5.1043057 | J65: =SUM(E65:I65) -> 27.222954 | K65: =ROUND(J65*D65,2) -> 776.4 | L65: =K65/$C$20 -> 0.0039815385
B66: =Tarifas!B25 -> Entregas estimadas con tarifas de referencia. | C66: =Tarifas!C25 -> ROS 7 a. m.–5 p. m. | D66: =Tarifas!E25 -> 28.52 | E66: =E24/$D$24 -> 6.805731 | F66: =F24/$D$24 -> 5.1043057 | G66: =G24/$D$24 -> 5.1043057 | H66: =H24/$D$24 -> 5.1043057 | I66: =I24/$D$24 -> 5.1043057 | J66: =SUM(E66:I66) -> 27.222954 | K66: =ROUND(J66*D66,2) -> 776.4 | L66: =K66/$C$20 -> 0.0039815385
B67: =Tarifas!B26 -> WENA-AM (Yauco) | C67: =Tarifas!C26 -> ROS 7 a. m.–5 p. m. | D67: =Tarifas!E26 -> 28.52 | E67: =E24/$D$24 -> 6.805731 | F67: =F24/$D$24 -> 5.1043057 | G67: =G24/$D$24 -> 5.1043057 | H67: =H24/$D$24 -> 5.1043057 | I67: =I24/$D$24 -> 5.1043057 | J67: =SUM(E67:I67) -> 27.222954 | K67: =ROUND(J67*D67,2) -> 776.4 | L67: =K67/$C$20 -> 0.0039815385
B68: =Tarifas!B27 -> SuperK 106Fm (Arecibo) | C68: =Tarifas!C27 -> ROS 7 a. m.–5 p. m. | D68: =Tarifas!E27 -> 69 | E68: =E24/$D$24 -> 6.805731 | F68: =F24/$D$24 -> 5.1043057 | G68: =G24/$D$24 -> 5.1043057 | H68: =H24/$D$24 -> 5.1043057 | I68: =I24/$D$24 -> 5.1043057 | J68: =SUM(E68:I68) -> 27.222954 | K68: =ROUND(J68*D68,2) -> 1878.38 | L68: =K68/$C$20 -> 0.0096327179
B69: =Tarifas!B28 -> Radio Grito (Lares)-Hora del Grito 12md | C69: 30 s · 12 m. | D69: =Tarifas!E28 -> 27.6 | E69: =E24/$D$24 -> 6.805731 | F69: =F24/$D$24 -> 5.1043057 | G69: =G24/$D$24 -> 5.1043057 | H69: =H24/$D$24 -> 5.1043057 | I69: =I24/$D$24 -> 5.1043057 | J69: =SUM(E69:I69) -> 27.222954 | K69: =ROUND(J69*D69,2) -> 751.35 | L69: =K69/$C$20 -> 0.0038530769
B70: =Tarifas!B29 -> NotiUno (NORTE)-La Hornilla & John Alma-Spots | C70: 30 s · La Hornilla / John Alma | D70: =Tarifas!E29 -> 50.6 | E70: =E24/$D$24 -> 6.805731 | F70: =F24/$D$24 -> 5.1043057 | G70: =G24/$D$24 -> 5.1043057 | H70: =H24/$D$24 -> 5.1043057 | I70: =I24/$D$24 -> 5.1043057 | J70: =SUM(E70:I70) -> 27.222954 | K70: =ROUND(J70*D70,2) -> 1377.48 | L70: =K70/$C$20 -> 0.007064
B71: =Tarifas!B30 -> NotiUno (SUR-Ponce) ROS | C71: =Tarifas!C30 -> ROS 7 a. m.–5 p. m. | D71: =Tarifas!E30 -> 50.6 | E71: =E24/$D$24 -> 6.805731 | F71: =F24/$D$24 -> 5.1043057 | G71: =G24/$D$24 -> 5.1043057 | H71: =H24/$D$24 -> 5.1043057 | I71: =I24/$D$24 -> 5.1043057 | J71: =SUM(E71:I71) -> 27.222954 | K71: =ROUND(K24-SUM(K54:K70),2) -> 1377.49 | L71: =K71/$C$20 -> 0.0070640513
B72: Subtotal Radio regional | K72: =SUM(K54:K71) -> 18107.62
B73: Meta
B74: =Tarifas!B35 -> Meta | C74: =Tarifas!C35 -> Video / Reels / Stories | D74: =Tarifas!E35 -> 8.625 | E74: =ROUNDDOWN(E25/$D74*1000,0) -> 1502430 | F74: =ROUNDDOWN(F25/$D74*1000,0) -> 1126822 | G74: =ROUNDDOWN(G25/$D74*1000,0) -> 1126822 | H74: =ROUNDDOWN(H25/$D74*1000,0) -> 1126822 | I74: =ROUNDDOWN(I25/$D74*1000,0) -> 1126822 | J74: =SUM(E74:I74) -> 6009718 | K74: =K25 -> 51833.82 | L74: =K74/$C$20 -> 0.26581446
B75: Subtotal Meta | K75: =SUM(K74:K74) -> 51833.82
B76: YouTube
B77: =Tarifas!B36 -> YouTube | C77: =Tarifas!C36 -> Video 15–30 s | D77: =Tarifas!E36 -> 6.9 | E77: =ROUNDDOWN(E26/$D77*1000,0) -> 1413043 | F77: =ROUNDDOWN(F26/$D77*1000,0) -> 1059782 | G77: =ROUNDDOWN(G26/$D77*1000,0) -> 1059782 | H77: =ROUNDDOWN(H26/$D77*1000,0) -> 1059782 | I77: =ROUNDDOWN(I26/$D77*1000,0) -> 1059782 | J77: =SUM(E77:I77) -> 5652171 | K77: =K26 -> 39000 | L77: =K77/$C$20 -> 0.2
B78: Subtotal YouTube | K78: =SUM(K77:K77) -> 39000
B79: Gaming
B80: =Tarifas!B38 -> Gaming | C80: =Tarifas!C38 -> Admazing Video Reward | D80: =Tarifas!E38 -> 0.115 | E80: =ROUNDDOWN(E27/$D80*1,0) -> 42391 | F80: =ROUNDDOWN(F27/$D80*1,0) -> 31793 | G80: =ROUNDDOWN(G27/$D80*1,0) -> 31793 | H80: =ROUNDDOWN(H27/$D80*1,0) -> 31793 | I80: =ROUNDDOWN(I27/$D80*1,0) -> 31793 | J80: =SUM(E80:I80) -> 169563 | K80: =K27 -> 19500 | L80: =K80/$C$20 -> 0.1
B81: Subtotal Gaming | K81: =SUM(K80:K80) -> 19500
B82: Creadores e integraciones
B83: =Tarifas!B39 -> Creadores e integraciones | C83: =Tarifas!C39 -> 1 video + 2 Stories | D83: =Tarifas!E39 -> 2875 | E83: =E28/$D$28 -> 0.83762783 | F83: =F28/$D$28 -> 0.62822261 | G83: =G28/$D$28 -> 0.62822261 | H83: =H28/$D$28 -> 0.62822261 | I83: =I28/$D$28 -> 0.62822261 | J83: =SUM(E83:I83) -> 3.3505183 | K83: =K28 -> 9632.74 | L83: =K83/$C$20 -> 0.049398667
B84: Subtotal Creadores e integraciones | K84: =SUM(K83:K83) -> 9632.74
B85: Cantidad del proveedor = paquetes equivalentes. Entrega en el cuadro principal = paquetes × 3 publicaciones. Perfiles y unidades enteras pendientes.

Sheet 03 Velocidad y agresividad
B2: 27-12-03 Velocidad y agresividad
B4: Escenario de pauta con honorarios incluidos (comisión 15%). Presupuestos y entregas estimadas por programa.
B6: Presupuesto AGA | C6: ='AGA y criterios'!D11 -> 330000 | E6: Inversión del plan | F6: =L13 -> 330000 | H6: Balance | I6: =ROUND(C6-F6,2) -> 0 | K6: Auspicios AGA pendientes | M6: ='AGA y criterios'!E11 -> 85000
B8: Auspicios AGA pendientes de conciliación; no se suman al plan. Ver “AGA y criterios”. Alcance y frecuencia requieren datos de audiencia.
B10: Campaña | C10: Presupuesto | D10: TV abierta | E10: Radio | F10: Exterior | G10: Meta | H10: YouTube | I10: Programática | J10: Gaming | K10: Creadores | L10: Total asignado | M10: Balance | N10: SOI programa
B11: Velocidad | C11: ='AGA y criterios'!D28 -> 260000 | D11: =I24 -> 77306.68 | E11: =I25 -> 37143.81 | F11: =I26 -> 34437 | G11: =I27 -> 72112.48 | H11: =I28 -> 39000.03 | I11: 0 | J11: 0 | K11: 0 | L11: =I29 -> 260000 | M11: =ROUND(C11-L11,2) -> 0 | N11: =L11/$C$6 -> 0.78787879
B12: Agresividad | C12: ='AGA y criterios'!D29 -> 70000 | D12: =I96 -> 20813.35 | E12: =I97 -> 10000.26 | F12: =I98 -> 9271.5 | G12: =I99 -> 19414.89 | H12: =I100 -> 10500 | I12: 0 | J12: 0 | K12: 0 | L12: =I101 -> 70000 | M12: =ROUND(C12-L12,2) -> 0 | N12: =L12/$C$6 -> 0.21212121
B13: TOTAL PROGRAMA | C13: =SUM(C11:C12) -> 330000 | D13: =SUM(D11:D12) -> 98120.03 | E13: =SUM(E11:E12) -> 47144.07 | F13: =SUM(F11:F12) -> 43708.5 | G13: =SUM(G11:G12) -> 91527.37 | H13: =SUM(H11:H12) -> 49500.03 | I13: =SUM(I11:I12) -> 0 | J13: =SUM(J11:J12) -> 0 | ... N13: =SUM(N11:N12) -> 1
B17: 27-12-03 Velocidad
B18: Público: Hombres 25–34. Secundario: hombres 16–24.
B19: Mensaje: El límite de velocidad es la Ley.
B20: Se conserva la distribución por medio y las tres ventanas de la campaña base.
B21: Presupuesto de campaña | C21: ='AGA y criterios'!D28 -> 260000
B22: Auspicios: $1,075,000 pendientes de con con el RFP. No están sumados al escenario de $3,763,000.
B23: Medio | C23: Unidad estimada | D23: Tarifa integrada | E23: 1–28 feb 27 | F23: 1–28 jul 27 | G23: 1–28 ago 27 | H23: Entrega estimada | I23: Inversión total | J23: SOI %
B24: TV abierta | C24: Spots de 60 s eq. | D24: =SUM(Tarifas!E7:E12) -> 10068.25 | E24: =ROUND($C$21*('Base de distribución'!E50/SUM('Base de distribución'!E50,'Base de distribución'!E51,'Base de distribución'!E52,'Base de distribución'!E53,'Base de distribución'!E54,'Base de distribución'!E55,'Base de distribución'!E56,'Base de distribución'!E57,'Base de distribución'!E58,'Base de distribución'!E59,'Base de distribución'!E60,'Base de distribución'!E61,'Base de distribución'!E62,'Base de distribución'!E63,'Base de distribución'!E64)),2) -> 24597.58 | F24: =ROUND($C$21*('Base de distribución'!E51/SUM('Base de distribución'!E50,'Base de distribución'!E51,'Base de distribución'!E52,'Base de distribución'!E53,'Base de distribución'!E54,'Base de distribución'!E55,'Base de distribución'!E56,'Base de distribución'!E57,'Base de distribución'!E58,'Base de distribución'!E59,'Base de distribución'!E60,'Base de distribución'!E61,'Base de distribución'!E62,'Base de distribución'!E63,'Base de distribución'!E64)),2) -> 31625.46 | G24: =ROUND($C$21*('Base de distribución'!E52/SUM('Base de distribución'!E50,'Base de distribución'!E51,'Base de distribución'!E52,'Base de distribución'!E53,'Base de distribución'!E54,'Base de distribución'!E55,'Base de distribución'!E56,'Base de distribución'!E57,'Base de distribución'!E58,'Base de distribución'!E59,'Base de distribución'!E60,'Base de distribución'!E61,'Base de distribución'!E62,'Base de distribución'!E63,'Base de distribución'!E64)),2) -> 21083.64 | H24: =SUM(H45:H50) -> 46.069583 | I24: =SUM(E24:G24) -> 77306.68 | J24: =I24/$C$21 -> 0.29733338
B25: Entregas estimadas con tarifas de referencia. | C25: Cuñas de 30 s eq. | D25: =SUM(Tarifas!E13:E30) -> 665.16 | E25: =ROUND($C$21*('Base de distribución'!E53/SUM('Base de distribución'!E50,'Base de distribución'!E51,'Base de distribución'!E52,'Base de distribución'!E53,'Base de distribución'!E54,'Base de distribución'!E55,'Base de distribución'!E56,'Base de distribución'!E57,'Base de distribución'!E58,'Base de distribución'!E59,'Base de distribución'!E60,'Base de distribución'!E61,'Base de distribución'!E62,'Base de distribución'!E63,'Base de distribución'!E64)),2) -> 11607.44 | F25: =ROUND($C$21*('Base de distribución'!E54/SUM('Base de distribución'!E50,'Base de distribución'!E51,'Base de distribución'!E52,'Base de distribución'!E53,'Base de distribución'!E54,'Base de distribución'!E55,'Base de distribución'!E56,'Base de distribución'!E57,'Base de distribución'!E58,'Base de distribución'!E59,'Base de distribución'!E60,'Base de distribución'!E61,'Base de distribución'!E62,'Base de distribución'!E63,'Base de distribución'!E64)),2) -> 13928.93 | G25: =ROUND($C$21*('Base de distribución'!E55/SUM('Base de distribución'!E50,'Base de distribución'!E51,'Base de distribución'!E52,'Base de distribución'!E53,'Base de distribución'!E54,'Base de distribución'!E55,'Base de distribución'!E56,'Base de distribución'!E57,'Base de distribución'!E58,'Base de distribución'!E59,'Base de distribución'!E60,'Base de distribución'!E61,'Base de distribución'!E62,'Base de distribución'!E63,'Base de distribución'!E64)),2) -> 11607.44 | H25: =SUM(H53:H70) -> 1005.1545 | I25: =SUM(E25:G25) -> 37143.81 | J25: =I25/$C$21 -> 0.14286081
B26: Exterior / OOH | C26: Puntos-periodo eq. | D26: =SUM(Tarifas!E31:E34) -> 16445 | E26: =ROUND($C$21*('Base de distribución'!E56/SUM('Base de distribución'!E50,'Base de distribución'!E51,'Base de distribución'!E52,'Base de distribución'!E53,'Base de distribución'!E54,'Base de distribución'!E55,'Base de distribución'!E56,'Base de distribución'!E57,'Base de distribución'!E58,'Base de distribución'!E59,'Base de distribución'!E60,'Base de distribución'!E61,'Base de distribución'!E62,'Base de distribución'!E63,'Base de distribución'!E64)),2) -> 11479 | F26: =ROUND($C$21*('Base de distribución'!E57/SUM('Base de distribución'!E50,'Base de distribución'!E51,'Base de distribución'!E52,'Base de distribución'!E53,'Base de distribución'!E54,'Base de distribución'!E55,'Base de distribución'!E56,'Base de distribución'!E57,'Base de distribución'!E58,'Base de distribución'!E59,'Base de distribución'!E60,'Base de distribución'!E61,'Base de distribución'!E62,'Base de distribución'!E63,'Base de distribución'!E64)),2) -> 11479 | G26: =ROUND($C$21*('Base de distribución'!E58/SUM('Base de distribución'!E50,'Base de distribución'!E51,'Base de distribución'!E52,'Base de distribución'!E53,'Base de distribución'!E54,'Base de distribución'!E55,'Base de distribución'!E56,'Base de distribución'!E57,'Base de distribución'!E58,'Base de distribución'!E59,'Base de distribución'!E60,'Base de distribución'!E61,'Base de distribución'!E62,'Base de distribución'!E63,'Base de distribución'!E64)),2) -> 11479 | H26: =H73*Tarifas!F31+H74*Tarifas!F32+H75*Tarifas!F33+H76*Tarifas!F34 -> 58.633992 | I26: =SUM(E26:G26) -> 34437 | J26: =I26/$C$21 -> 0.13245
B27: Meta | C27: Impresiones | D27: =Tarifas!E35 -> 8.625 | E27: =ROUND($C$21*('Base de distribución'!E59/SUM('Base de distribución'!E50,'Base de distribución'!E51,'Base de distribución'!E52,'Base de distribución'!E53,'Base de distribución'!E54,'Base de distribución'!E55,'Base de distribución'!E56,'Base de distribución'!E57,'Base de distribución'!E58,'Base de distribución'!E59,'Base de distribución'!E60,'Base de distribución'!E61,'Base de distribución'!E62,'Base de distribución'!E63,'Base de distribución'!E64)),2) -> 18615.97 | F27: =ROUND($C$21*('Base de distribución'!E60/SUM('Base de distribución'!E50,'Base de distribución'!E51,'Base de distribución'!E52,'Base de distribución'!E53,'Base de distribución'!E54,'Base de distribución'!E55,'Base de distribución'!E56,'Base de distribución'!E57,'Base de distribución'!E58,'Base de distribución'!E59,'Base de distribución'!E60,'Base de distribución'!E61,'Base de distribución'!E62,'Base de distribución'!E63,'Base de distribución'!E64)),2) -> 31366.6 | G27: =ROUND($C$21*('Base de distribución'!E61/SUM('Base de distribución'!E50,'Base de distribución'!E51,'Base de distribución'!E52,'Base de distribución'!E53,'Base de distribución'!E54,'Base de distribución'!E55,'Base de distribución'!E56,'Base de distribución'!E57,'Base de distribución'!E58,'Base de distribución'!E59,'Base de distribución'!E60,'Base de distribución'!E61,'Base de distribución'!E62,'Base de distribución'!E63,'Base de distribución'!E64)),2) -> 22129.91 | H27: =SUM(H80:H80) -> 8360866 | I27: =SUM(E27:G27) -> 72112.48 | J27: =I27/$C$21 -> 0.27735569
B28: YouTube | C28: Impresiones | D28: =Tarifas!E36 -> 6.9 | E28: =ROUND($C$21*('Base de distribución'!E62/SUM('Base de distribución'!E50,'Base de distribución'!E51,'Base de distribución'!E52,'Base de distribución'!E53,'Base de distribución'!E54,'Base de distribución'!E55,'Base de distribución'!E56,'Base de distribución'!E57,'Base de distribución'!E58,'Base de distribución'!E59,'Base de distribución'!E60,'Base de distribución'!E61,'Base de distribución'!E62,'Base de distribución'!E63,'Base de distribución'!E64)),2) -> 11700 | F28: =ROUND($C$21*('Base de distribución'!E63/SUM('Base de distribución'!E50,'Base de distribución'!E51,'Base de distribución'!E52,'Base de distribución'!E53,'Base de distribución'!E54,'Base de distribución'!E55,'Base de distribución'!E56,'Base de distribución'!E57,'Base de distribución'!E58,'Base de distribución'!E59,'Base de distribución'!E60,'Base de distribución'!E61,'Base de distribución'!E62,'Base de distribución'!E63,'Base de distribución'!E64)),2) -> 15600 | G28: =ROUND($C$21-SUM(E24:G24,E25:G25,E26:G26,E27:G27,E28:F28),2) -> 11700.03 | H28: =SUM(H83:H83) -> 5652177 | I28: =SUM(E28:G28) -> 39000.03 | J28: =I28/$C$21 -> 0.15000012
B29: TOTAL CAMPAÑA | E29: =SUM(E24:E28) -> 77999.99 | F29: =SUM(F24:F28) -> 103999.99 | G29: =SUM(G24:G28) -> 78000.02 | I29: =SUM(I24:I28) -> 260000 | J29: =SUM(J24:J28) -> 1
B30: Balance de campaña | C30: =ROUND(C21-I29,2) -> 0
B31: “eq.” = unidades equivalentes de planificación, no colocaciones enteras contratadas. Ajuste de centavos en la última celda. Tarifas incluyen honorarios.
B32: Base de tarifa: TV = paquete de 6 spots; radio = 18 cuñas; OOH = 28 puntos × 5 días; digital = CPM; gaming = vista completa; creadores = 3 publicaciones.
B34: Fechas de pauta por medio
B35: Medio | C35: Formato | D35: Condición | E35: 1–28 feb 27 | F35: 1–28 jul 27 | G35: 1–28 ago 27
B36: TV abierta | C36: TMD / WAPA / TeleOnce; programas del detalle | D36: Ventana de pauta | E36: 1–28 feb 27 | F36: 1–28 jul 27 | G36: 1–28 ago 27
B37: Radio regional | C37: 18 emisoras; ROS 7 a. m.–5 p. m. y excepciones del detalle | D37: Bloques y días exactos por confirmar | E37: 1–28 feb 27 | F37: 1–28 jul 27 | G37: 1–28 ago 27
B38: Exterior / OOH | C38: 4 redes / 28 puntos de referencia / bloque de 5 días | D38: Bloques y días exactos por confirmar | E38: 1–28 feb 27 | F38: 1–28 jul 27 | G38: 1–28 ago 27
B39: Meta | C39: Video / Reels / Stories | D39: Ventana de pauta | E39: 1–28 feb 27 | F39: 1–28 jul 27 | G39: 1–28 ago 27
B40: YouTube | C40: Video 15–30 s | D40: Ventana de pauta | E40: 1–28 feb 27 | F40: 1–28 jul 27 | G40: 1–28 ago 27
B42: Colocaciones por proveedor y periodo
B43: Proveedor | C43: Programa / formato | D43: Tarifa integrada | E43: 1–28 feb 27 | F43: 1–28 jul 27 | G43: 1–28 ago 27 | H43: Cantidad total | I43: Inversión total | J43: SOI campaña
B44: TV abierta
B45: =Tarifas!B7 -> Telemundo | C45: =Tarifas!C7 -> Dia a Dia | D45: =Tarifas!E7 -> 782 | E45: =E24/$D$24 -> 2.443084 | F45: =F24/$D$24 -> 3.1411079 | G45: =G24/$D$24 -> 2.094072 | H45: =SUM(E45:G45) -> 7.6782638 | I45: =ROUND(H45*D45,2) -> 6004.4 | J45: =I45/$C$21 -> 0.023093846
B46: =Tarifas!B8 -> Telemundo | C46: =Tarifas!C8 -> PR Gana 6pm (M,W,T,f,Su) | D46: =Tarifas!E8 -> 2541.5 | E46: =E24/$D$24 -> 2.443084 | F46: =F24/$D$24 -> 3.1411079 | G46: =G24/$D$24 -> 2.094072 | H46: =SUM(E46:G46) -> 7.6782638 | I46: =ROUND(H46*D46,2) -> 19514.31 | J46: =I46/$C$21 -> 0.075055038
B47: =Tarifas!B9 -> WAPA | C47: =Tarifas!C9 -> Pegate al MedioDIa | D47: =Tarifas!E9 -> 977.5 | E47: =E24/$D$24 -> 2.443084 | F47: =F24/$D$24 -> 3.1411079 | G47: =G24/$D$24 -> 2.094072 | H47: =SUM(E47:G47) -> 7.6782638 | I47: =ROUND(H47*D47,2) -> 7505.5 | J47: =I47/$C$21 -> 0.028867308
B48: =Tarifas!B10 -> WAPA | C48: =Tarifas!C10 -> Reality-Funcion Estelar 7p | D48: =Tarifas!E10 -> 3519 | E48: =E24/$D$24 -> 2.443084 | F48: =F24/$D$24 -> 3.1411079 | G48: =G24/$D$24 -> 2.094072 | H48: =SUM(E48:G48) -> 7.6782638 | I48: =ROUND(H48*D48,2) -> 27019.81 | J48: =I48/$C$21 -> 0.10392235
B49: =Tarifas!B11 -> TeleOnce | C49: =Tarifas!C11 -> PR en Vivo | D49: =Tarifas!E11 -> 586.5 | E49: =E24/$D$24 -> 2.443084 | F49: =F24/$D$24 -> 3.1411079 | G49: =G24/$D$24 -> 2.094072 | H49: =SUM(E49:G49) -> 7.6782638 | I49: =ROUND(H49*D49,2) -> 4503.3 | J49: =I49/$C$21 -> 0.017320385
B50: =Tarifas!B12 -> TeleOnce | C50: =Tarifas!C12 -> Las Noticias Prime | D50: =Tarifas!E12 -> 1661.75 | E50: =E24/$D$24 -> 2.443084 | F50: =F24/$D$24 -> 3.1411079 | G50: =G24/$D$24 -> 2.094072 | H50: =SUM(E50:G50) -> 7.6782638 | I50: =ROUND(I24-SUM(I45:I49),2) -> 12759.36 | J50: =I50/$C$21 -> 0.049074462
B51: Subtotal TV abierta | I51: =SUM(I45:I50) -> 77306.68
B52: Radio regional
B53: =Tarifas!B13 -> Unica Radio-1230am | C53: =Tarifas!C13 -> ROS 7 a. m.–5 p. m. | D53: =Tarifas!E13 -> 36.8 | E53: =E25/$D$25 -> 17.450598 | F53: =F25/$D$25 -> 20.940721 | G53: =G25/$D$25 -> 17.450598 | H53: =SUM(E53:G53) -> 55.841918 | I53: =ROUND(H53*D53,2) -> 2054.98 | J53: =I53/$C$21 -> 0.0079037692
B54: =Tarifas!B14 -> Radio Once-1120AM | C54: =Tarifas!C14 -> ROS 7 a. m.–5 p. m. | D54: =Tarifas!E14 -> 36.8 | E54: =E25/$D$25 -> 17.450598 | F54: =F25/$D$25 -> 20.940721 | G54: =G25/$D$25 -> 17.450598 | H54: =SUM(E54:G54) -> 55.841918 | I54: =ROUND(H54*D54,2) -> 2054.98 | J54: =I54/$C$21 -> 0.0079037692
B55: =Tarifas!B15 -> WAPA Radio-Borinquen | C55: =Tarifas!C15 -> ROS 7 a. m.–5 p. m. | D55: =Tarifas!E15 -> 55.2 | E55: =E25/$D$25 -> 17.450598 | F55: =F25/$D$25 -> 20.940721 | G55: =G25/$D$25 -> 17.450598 | H55: =SUM(E55:G55) -> 55.841918 | I55: =ROUND(H55*D55,2) -> 3082.47 | J55: =I55/$C$21 -> 0.011855654
B56: =Tarifas!B16 -> WAEL-FM | C56: =Tarifas!C16 -> ROS 7 a. m.–5 p. m. | D56: =Tarifas!E16 -> 36.8 | E56: =E25/$D$25 -> 17.450598 | F56: =F25/$D$25 -> 20.940721 | G56: =G25/$D$25 -> 17.450598 | H56: =SUM(E56:G56) -> 55.841918 | I56: =ROUND(H56*D56,2) -> 2054.98 | J56: =I56/$C$21 -> 0.0079037692
B57: =Tarifas!B17 -> WABA-AM (Aguadilla) | C57: =Tarifas!C17 -> ROS 7 a. m.–5 p. m. | D57: =Tarifas!E17 -> 28.52 | E57: =E25/$D$25 -> 17.450598 | F57: =F25/$D$25 -> 20.940721 | G57: =G25/$D$25 -> 17.450598 | H57: =SUM(E57:G57) -> 55.841918 | I57: =ROUND(H57*D57,2) -> 1592.61 | J57: =I57/$C$21 -> 0.0061254231
B58: =Tarifas!B18 -> WHOY-AM (Salinas) | C58: =Tarifas!C18 -> ROS 7 a. m.–5 p. m. | D58: =Tarifas!E18 -> 28.52 | E58: =E25/$D$25 -> 17.450598 | F58: =F25/$D$25 -> 20.940721 | G58: =G25/$D$25 -> 17.450598 | H58: =SUM(E58:G58) -> 55.841918 | I58: =ROUND(H58*D58,2) -> 1592.61 | J58: =I58/$C$21 -> 0.0061254231
B59: =Tarifas!B19 -> WGDL-AM/FM (Lares/Aguadilla) | C59: =Tarifas!C19 -> ROS 7 a. m.–5 p. m. | D59: =Tarifas!E19 -> 45.08 | E59: =E25/$D$25 -> 17.450598 | F59: =F25/$D$25 -> 20.940721 | G59: =G25/$D$25 -> 17.450598 | H59: =SUM(E59:G59) -> 55.841918 | I59: =ROUND(H59*D59,2) -> 2517.35 | J59: =I59/$C$21 -> 0.0096821154
B60: =Tarifas!B20 -> WPRA-AM (Mayaguez) | C60: =Tarifas!C20 -> ROS 7 a. m.–5 p. m. | D60: =Tarifas!E20 -> 28.52 | E60: =E25/$D$25 -> 17.450598 | F60: =F25/$D$25 -> 20.940721 | G60: =G25/$D$25 -> 17.450598 | H60: =SUM(E60:G60) -> 55.841918 | I60: =ROUND(H60*D60,2) -> 1592.61 | J60: =I60/$C$21 -> 0.0061254231
B61: =Tarifas!B21 -> WISA-AM (Isabela) | C61: =Tarifas!C21 -> ROS 7 a. m.–5 p. m. | D61: =Tarifas!E21 -> 28.52 | E61: =E25/$D$25 -> 17.450598 | F61: =F25/$D$25 -> 20.940721 | G61: =G25/$D$25 -> 17.450598 | H61: =SUM(E61:G61) -> 55.841918 | I61: =ROUND(H61*D61,2) -> 1592.61 | J61: =I61/$C$21 -> 0.0061254231
B62: =Tarifas!B22 -> Auspicios: $1,075,000 pendientes de con con el RFP. No están sumados al escenario de $3,763,000. | C62: =Tarifas!C22 -> ROS 7 a. m.–5 p. m. | D62: =Tarifas!E22 -> 28.52 | E62: =E25/$D$25 -> 17.450598 | F62: =F25/$D$25 -> 20.940721 | G62: =G25/$D$25 -> 17.450598 | H62: =SUM(E62:G62) -> 55.841918 | I62: =ROUND(H62*D62,2) -> 1592.61 | J62: =I62/$C$21 -> 0.0061254231
B63: =Tarifas!B23 -> WCPR-AM (Coamo) | C63: =Tarifas!C23 -> ROS 7 a. m.–5 p. m. | D63: =Tarifas!E23 -> 28.52 | E63: =E25/$D$25 -> 17.450598 | F63: =F25/$D$25 -> 20.940721 | G63: =G25/$D$25 -> 17.450598 | H63: =SUM(E63:G63) -> 55.841918 | I63: =ROUND(H63*D63,2) -> 1592.61 | J63: =I63/$C$21 -> 0.0061254231
B64: =Tarifas!B24 -> WLPR-AM (SanSebastian) | C64: =Tarifas!C24 -> ROS 7 a. m.–5 p. m. | D64: =Tarifas!E24 -> 28.52 | E64: =E25/$D$25 -> 17.450598 | F64: =F25/$D$25 -> 20.940721 | G64: =G25/$D$25 -> 17.450598 | H64: =SUM(E64:G64) -> 55.841918 | I64: =ROUND(H64*D64,2) -> 1592.61 | J64: =I64/$C$21 -> 0.0061254231
B65: =Tarifas!B25 -> Entregas estimadas con tarifas de referencia. | C65: =Tarifas!C25 -> ROS 7 a. m.–5 p. m. | D65: =Tarifas!E25 -> 28.52 | E65: =E25/$D$25 -> 17.450598 | F65: =F25/$D$25 -> 20.940721 | G65: =G25/$D$25 -> 17.450598 | H65: =SUM(E65:G65) -> 55.841918 | I65: =ROUND(H65*D65,2) -> 1592.61 | J65: =I65/$C$21 -> 0.0061254231
B66: =Tarifas!B26 -> WENA-AM (Yauco) | C66: =Tarifas!C26 -> ROS 7 a. m.–5 p. m. | D66: =Tarifas!E26 -> 28.52 | E66: =E25/$D$25 -> 17.450598 | F66: =F25/$D$25 -> 20.940721 | G66: =G25/$D$25 -> 17.450598 | H66: =SUM(E66:G66) -> 55.841918 | I66: =ROUND(H66*D66,2) -> 1592.61 | J66: =I66/$C$21 -> 0.0061254231
B67: =Tarifas!B27 -> SuperK 106Fm (Arecibo) | C67: =Tarifas!C27 -> ROS 7 a. m.–5 p. m. | D67: =Tarifas!E27 -> 69 | E67: =E25/$D$25 -> 17.450598 | F67: =F25/$D$25 -> 20.940721 | G67: =G25/$D$25 -> 17.450598 | H67: =SUM(E67:G67) -> 55.841918 | I67: =ROUND(H67*D67,2) -> 3853.09 | J67: =I67/$C$21 -> 0.014819577
B68: =Tarifas!B28 -> Radio Grito (Lares)-Hora del Grito 12md | C68: 30 s · 12 m. | D68: =Tarifas!E28 -> 27.6 | E68: =E25/$D$25 -> 17.450598 | F68: =F25/$D$25 -> 20.940721 | G68: =G25/$D$25 -> 17.450598 | H68: =SUM(E68:G68) -> 55.841918 | I68: =ROUND(H68*D68,2) -> 1541.24 | J68: =I68/$C$21 -> 0.0059278462
B69: =Tarifas!B29 -> NotiUno (NORTE)-La Hornilla & John Alma-Spots | C69: 30 s · La Hornilla / John Alma | D69: =Tarifas!E29 -> 50.6 | E69: =E25/$D$25 -> 17.450598 | F69: =F25/$D$25 -> 20.940721 | G69: =G25/$D$25 -> 17.450598 | H69: =SUM(E69:G69) -> 55.841918 | I69: =ROUND(H69*D69,2) -> 2825.6 | J69: =I69/$C$21 -> 0.010867692
B70: =Tarifas!B30 -> NotiUno (SUR-Ponce) ROS | C70: =Tarifas!C30 -> ROS 7 a. m.–5 p. m. | D70: =Tarifas!E30 -> 50.6 | E70: =E25/$D$25 -> 17.450598 | F70: =F25/$D$25 -> 20.940721 | G70: =G25/$D$25 -> 17.450598 | H70: =SUM(E70:G70) -> 55.841918 | I70: =ROUND(I25-SUM(I53:I69),2) -> 2825.63 | J70: =I70/$C$21 -> 0.010867808
B71: Subtotal Radio regional | I71: =SUM(I53:I70) -> 37143.81
B72: Exterior / OOH
B73: =Tarifas!B31 -> Planet | C73: =Tarifas!C31 -> 10 puntos × 5 días | D73: =Tarifas!E31 -> 5980 | E73: =E26/$D$26 -> 0.69802372 | F73: =F26/$D$26 -> 0.69802372 | G73: =G26/$D$26 -> 0.69802372 | H73: =SUM(E73:G73) -> 2.0940711 | I73: =ROUND(H73*D73,2) -> 12522.55 | J73: =I73/$C$21 -> 0.048163654
B74: =Tarifas!B32 -> BMedia | C74: =Tarifas!C32 -> 7 puntos × 5 días | D74: =Tarifas!E32 -> 4025 | E74: =E26/$D$26 -> 0.69802372 | F74: =F26/$D$26 -> 0.69802372 | G74: =G26/$D$26 -> 0.69802372 | H74: =SUM(E74:G74) -> 2.0940711 | I74: =ROUND(H74*D74,2) -> 8428.64 | J74: =I74/$C$21 -> 0.032417846
B75: Hello Media | C75: =Tarifas!C33 -> 5 puntos × 5 días | D75: =Tarifas!E33 -> 2300 | E75: =E26/$D$26 -> 0.69802372 | F75: =F26/$D$26 -> 0.69802372 | G75: =G26/$D$26 -> 0.69802372 | H75: =SUM(E75:G75) -> 2.0940711 | I75: =ROUND(H75*D75,2) -> 4816.36 | J75: =I75/$C$21 -> 0.018524462
B76: =Tarifas!B34 -> Yes | C76: =Tarifas!C34 -> 6 puntos × 5 días | D76: =Tarifas!E34 -> 4140 | E76: =E26/$D$26 -> 0.69802372 | F76: =F26/$D$26 -> 0.69802372 | G76: =G26/$D$26 -> 0.69802372 | H76: =SUM(E76:G76) -> 2.0940711 | I76: =ROUND(I26-SUM(I73:I75),2) -> 8669.45 | J76: =I76/$C$21 -> 0.033344038
B77: Subtotal Exterior / OOH | I77: =SUM(I73:I76) -> 34437
B78: Cantidad del proveedor = bloques equivalentes de 5 días. Puntos-periodo = bloques × puntos de cada red; no es alcance único ni circulación.
B79: Meta
B80: =Tarifas!B35 -> Meta | C80: =Tarifas!C35 -> Video / Reels / Stories | D80: =Tarifas!E35 -> 8.625 | E80: =ROUNDDOWN(E27/$D80*1000,0) -> 2158373 | F80: =ROUNDDOWN(F27/$D80*1000,0) -> 3636707 | G80: =ROUNDDOWN(G27/$D80*1000,0) -> 2565786 | H80: =SUM(E80:G80) -> 8360866 | I80: =I27 -> 72112.48 | J80: =I80/$C$21 -> 0.27735569
B81: Subtotal Meta | I81: =SUM(I80:I80) -> 72112.48
B82: YouTube
B83: =Tarifas!B36 -> YouTube | C83: =Tarifas!C36 -> Video 15–30 s | D83: =Tarifas!E36 -> 6.9 | E83: =ROUNDDOWN(E28/$D83*1000,0) -> 1695652 | F83: =ROUNDDOWN(F28/$D83*1000,0) -> 2260869 | G83: =ROUNDDOWN(G28/$D83*1000,0) -> 1695656 | H83: =SUM(E83:G83) -> 5652177 | I83: =I28 -> 39000.03 | J83: =I83/$C$21 -> 0.15000012
B84: Subtotal YouTube | I84: =SUM(I83:I83) -> 39000.03
B89: 27-12-03 Agresividad
B90: Público: Hombres 25–34. Secundario: hombres 16–24.
B91: Mensaje: No seas un conductor agresivo.
B92: Partida separada. Conserva el mix y las ventanas de velocidad/agresividad.
B93: Presupuesto de campaña | C93: ='AGA y criterios'!D29 -> 70000
B95: Medio | C95: Unidad estimada | D95: Tarifa integrada | E95: 1–28 feb 27 | F95: 1–28 jul 27 | G95: 1–28 ago 27 | H95: Entrega estimada | I95: Inversión total | J95: SOI %
B96: TV abierta | C96: Spots de 60 s eq. | D96: =SUM(Tarifas!E7:E12) -> 10068.25 | E96: =ROUND($C$93*('Base de distribución'!E50/SUM('Base de distribución'!E50,'Base de distribución'!E51,'Base de distribución'!E52,'Base de distribución'!E53,'Base de distribución'!E54,'Base de distribución'!E55,'Base de distribución'!E56,'Base de distribución'!E57,'Base de distribución'!E58,'Base de distribución'!E59,'Base de distribución'!E60,'Base de distribución'!E61,'Base de distribución'!E62,'Base de distribución'!E63,'Base de distribución'!E64)),2) -> 6622.43 | F96: =ROUND($C$93*('Base de distribución'!E51/SUM('Base de distribución'!E50,'Base de distribución'!E51,'Base de distribución'!E52,'Base de distribución'!E53,'Base de distribución'!E54,'Base de distribución'!E55,'Base de distribución'!E56,'Base de distribución'!E57,'Base de distribución'!E58,'Base de distribución'!E59,'Base de distribución'!E60,'Base de distribución'!E61,'Base de distribución'!E62,'Base de distribución'!E63,'Base de distribución'!E64)),2) -> 8514.55 | G96: =ROUND($C$93*('Base de distribución'!E52/SUM('Base de distribución'!E50,'Base de distribución'!E51,'Base de distribución'!E52,'Base de distribución'!E53,'Base de distribución'!E54,'Base de distribución'!E55,'Base de distribución'!E56,'Base de distribución'!E57,'Base de distribución'!E58,'Base de distribución'!E59,'Base de distribución'!E60,'Base de distribución'!E61,'Base de distribución'!E62,'Base de distribución'!E63,'Base de distribución'!E64)),2) -> 5676.37 | H96: =SUM(H117:H122) -> 12.403357 | I96: =SUM(E96:G96) -> 20813.35 | J96: =I96/$C$93 -> 0.29733357
B97: Radio regional | C97: Cuñas de 30 s eq. | D97: =SUM(Tarifas!E13:E30) -> 665.16 | E97: =ROUND($C$93*('Base de distribución'!E53/SUM('Base de distribución'!E50,'Base de distribución'!E51,'Base de distribución'!E52,'Base de distribución'!E53,'Base de distribución'!E54,'Base de distribución'!E55,'Base de distribución'!E56,'Base de distribución'!E57,'Base de distribución'!E58,'Base de distribución'!E59,'Base de distribución'!E60,'Base de distribución'!E61,'Base de distribución'!E62,'Base de distribución'!E63,'Base de distribución'!E64)),2) -> 3125.08 | F97: =ROUND($C$93*('Base de distribución'!E54/SUM('Base de distribución'!E50,'Base de distribución'!E51,'Base de distribución'!E52,'Base de distribución'!E53,'Base de distribución'!E54,'Base de distribución'!E55,'Base de distribución'!E56,'Base de distribución'!E57,'Base de distribución'!E58,'Base de distribución'!E59,'Base de distribución'!E60,'Base de distribución'!E61,'Base de distribución'!E62,'Base de distribución'!E63,'Base de distribución'!E64)),2) -> 3750.1 | G97: =ROUND($C$93*('Base de distribución'!E55/SUM('Base de distribución'!E50,'Base de distribución'!E51,'Base de distribución'!E52,'Base de distribución'!E53,'Base de distribución'!E54,'Base de distribución'!E55,'Base de distribución'!E56,'Base de distribución'!E57,'Base de distribución'!E58,'Base de distribución'!E59,'Base de distribución'!E60,'Base de distribución'!E61,'Base de distribución'!E62,'Base de distribución'!E63,'Base de distribución'!E64)),2) -> 3125.08 | H97: =SUM(H125:H142) -> 270.61862 | I97: =SUM(E97:G97) -> 10000.26 | J97: =I97/$C$93 -> 0.14286086
B98: Exterior / OOH | C98: Puntos-periodo eq. | D98: =SUM(Tarifas!E31:E34) -> 16445 | E98: =ROUND($C$93*('Base de distribución'!E56/SUM('Base de distribución'!E50,'Base de distribución'!E51,'Base de distribución'!E52,'Base de distribución'!E53,'Base de distribución'!E54,'Base de distribución'!E55,'Base de distribución'!E56,'Base de distribución'!E57,'Base de distribución'!E58,'Base de distribución'!E59,'Base de distribución'!E60,'Base de distribución'!E61,'Base de distribución'!E62,'Base de distribución'!E63,'Base de distribución'!E64)),2) -> 3090.5 | F98: =ROUND($C$93*('Base de distribución'!E57/SUM('Base de distribución'!E50,'Base de distribución'!E51,'Base de distribución'!E52,'Base de distribución'!E53,'Base de distribución'!E54,'Base de distribución'!E55,'Base de distribución'!E56,'Base de distribución'!E57,'Base de distribución'!E58,'Base de distribución'!E59,'Base de distribución'!E60,'Base de distribución'!E61,'Base de distribución'!E62,'Base de distribución'!E63,'Base de distribución'!E64)),2) -> 3090.5 | G98: =ROUND($C$93*('Base de distribución'!E58/SUM('Base de distribución'!E50,'Base de distribución'!E51,'Base de distribución'!E52,'Base de distribución'!E53,'Base de distribución'!E54,'Base de distribución'!E55,'Base de distribución'!E56,'Base de distribución'!E57,'Base de distribución'!E58,'Base de distribución'!E59,'Base de distribución'!E60,'Base de distribución'!E61,'Base de distribución'!E62,'Base de distribución'!E63,'Base de distribución'!E64)),2) -> 3090.5 | H98: =H145*Tarifas!F31+H146*Tarifas!F32+H147*Tarifas!F33+H148*Tarifas!F34 -> 15.786075 | I98: =SUM(E98:G98) -> 9271.5 | J98: =I98/$C$93 -> 0.13245
B99: Meta | C99: Impresiones | D99: =Tarifas!E35 -> 8.625 | E99: =ROUND($C$93*('Base de distribución'!E59/SUM('Base de distribución'!E50,'Base de distribución'!E51,'Base de distribución'!E52,'Base de distribución'!E53,'Base de distribución'!E54,'Base de distribución'!E55,'Base de distribución'!E56,'Base de distribución'!E57,'Base de distribución'!E58,'Base de distribución'!E59,'Base de distribución'!E60,'Base de distribución'!E61,'Base de distribución'!E62,'Base de distribución'!E63,'Base de distribución'!E64)),2) -> 5011.99 | F99: =ROUND($C$93*('Base de distribución'!E60/SUM('Base de distribución'!E50,'Base de distribución'!E51,'Base de distribución'!E52,'Base de distribución'!E53,'Base de distribución'!E54,'Base de distribución'!E55,'Base de distribución'!E56,'Base de distribución'!E57,'Base de distribución'!E58,'Base de distribución'!E59,'Base de distribución'!E60,'Base de distribución'!E61,'Base de distribución'!E62,'Base de distribución'!E63,'Base de distribución'!E64)),2) -> 8444.85 | G99: =ROUND($C$93*('Base de distribución'!E61/SUM('Base de distribución'!E50,'Base de distribución'!E51,'Base de distribución'!E52,'Base de distribución'!E53,'Base de distribución'!E54,'Base de distribución'!E55,'Base de distribución'!E56,'Base de distribución'!E57,'Base de distribución'!E58,'Base de distribución'!E59,'Base de distribución'!E60,'Base de distribución'!E61,'Base de distribución'!E62,'Base de distribución'!E63,'Base de distribución'!E64)),2) -> 5958.05 | H99: =SUM(H152:H152) -> 2251001 | I99: =SUM(E99:G99) -> 19414.89 | J99: =I99/$C$93 -> 0.27735557
B100: YouTube | C100: Impresiones | D100: =Tarifas!E36 -> 6.9 | E100: =ROUND($C$93*('Base de distribución'!E62/SUM('Base de distribución'!E50,'Base de distribución'!E51,'Base de distribución'!E52,'Base de distribución'!E53,'Base de distribución'!E54,'Base de distribución'!E55,'Base de distribución'!E56,'Base de distribución'!E57,'Base de distribución'!E58,'Base de distribución'!E59,'Base de distribución'!E60,'Base de distribución'!E61,'Base de distribución'!E62,'Base de distribución'!E63,'Base de distribución'!E64)),2) -> 3150 | F100: =ROUND($C$93*('Base de distribución'!E63/SUM('Base de distribución'!E50,'Base de distribución'!E51,'Base de distribución'!E52,'Base de distribución'!E53,'Base de distribución'!E54,'Base de distribución'!E55,'Base de distribución'!E56,'Base de distribución'!E57,'Base de distribución'!E58,'Base de distribución'!E59,'Base de distribución'!E60,'Base de distribución'!E61,'Base de distribución'!E62,'Base de distribución'!E63,'Base de distribución'!E64)),2) -> 4200 | G100: =ROUND($C$93-SUM(E96:G96,E97:G97,E98:G98,E99:G99,E100:F100),2) -> 3150 | H100: =SUM(H155:H155) -> 1521737 | I100: =SUM(E100:G100) -> 10500 | J100: =I100/$C$93 -> 0.15
B101: TOTAL CAMPAÑA | E101: =SUM(E96:E100) -> 21000 | F101: =SUM(F96:F100) -> 28000 | G101: =SUM(G96:G100) -> 21000 | I101: =SUM(I96:I100) -> 70000 | J101: =SUM(J96:J100) -> 1
B102: Balance de campaña | C102: =ROUND(C93-I101,2) -> 0
B103: “eq.” = unidades equivalentes de planificación, no colocaciones enteras contratadas. Ajuste de centavos en la última celda. Tarifas incluyen honorarios.
B104: Base de tarifa: TV = paquete de 6 spots; radio = 18 cuñas; OOH = 28 puntos × 5 días; digital = CPM; gaming = vista completa; creadores = 3 publicaciones.
B106: Fechas de pauta por medio
B107: Medio | C107: Formato | D107: Condición | E107: 1–28 feb 27 | F107: 1–28 jul 27 | G107: 1–28 ago 27
B108: TV abierta | C108: TMD / WAPA / TeleOnce; programas del detalle | D108: Ventana de pauta | E108: 1–28 feb 27 | F108: 1–28 jul 27 | G108: 1–28 ago 27
B109: Radio regional | C109: 18 emisoras; ROS 7 a. m.–5 p. m. y excepciones del detalle | D109: Bloques y días exactos por confirmar | E109: 1–28 feb 27 | F109: 1–28 jul 27 | G109: 1–28 ago 27
B110: Exterior / OOH | C110: 4 redes / 28 puntos de referencia / bloque de 5 días | D110: Bloques y días exactos por confirmar | E110: 1–28 feb 27 | F110: 1–28 jul 27 | G110: 1–28 ago 27
B111: Meta | C111: Video / Reels / Stories | D111: Ventana de pauta | E111: 1–28 feb 27 | F111: 1–28 jul 27 | G111: 1–28 ago 27
B112: YouTube | C112: Video 15–30 s | D112: Ventana de pauta | E112: 1–28 feb 27 | F112: 1–28 jul 27 | G112: 1–28 ago 27
B114: Colocaciones por proveedor y periodo
B115: Proveedor | C115: Programa / formato | D115: Tarifa integrada | E115: 1–28 feb 27 | F115: 1–28 jul 27 | G115: 1–28 ago 27 | H115: Cantidad total | I115: Inversión total | J115: SOI campaña
B116: TV abierta
B117: =Tarifas!B7 -> Telemundo | C117: =Tarifas!C7 -> Dia a Dia | D117: =Tarifas!E7 -> 782 | E117: =E96/$D$96 -> 0.65775383 | F117: =F96/$D$96 -> 0.84568321 | G117: =G96/$D$96 -> 0.56378914 | H117: =SUM(E117:G117) -> 2.0672262 | I117: =ROUND(H117*D117,2) -> 1616.57 | J117: =I117/$C$93 -> 0.023093857
...

Sheet 04 Protección al ocupante
B2: 27-12-07 Protección al ocupante
B4: Escenario de pauta con honorarios incluidos (comisión 15%). Presupuestos y entregas estimadas por programa.
B6: Presupuesto AGA | C6: ='AGA y criterios'!D12 -> 625000 | E6: Inversión del plan | F6: =L14 -> 625000 | H6: Balance | I6: =ROUND(C6-F6,2) -> 0 | K6: Auspicios AGA pendientes | M6: ='AGA y criterios'!E12 -> 40000
B8: Auspicios AGA pendientes de conciliación; no se suman al plan. Ver “AGA y criterios”. Alcance y frecuencia requieren datos de audiencia.
B10: Campaña | C10: Presupuesto | D10: TV abierta | E10: Radio | F10: Exterior | G10: Meta | H10: YouTube | I10: Programática | J10: Gaming | K10: Creadores | L10: Total asignado | M10: Balance | N10: SOI programa
B11: Cinturón de seguridad | C11: ='AGA y criterios'!D30 -> 375000 | D11: =I25 -> 144805.24 | E11: =I26 -> 53572.81 | F11: 0 | G11: =I27 -> 120371.95 | H11: =I28 -> 56250 | I11: 0 | J11: 0 | K11: 0 | L11: =I29 -> 375000 | M11: =ROUND(C11-L11,2) -> 0 | N11: =L11/$C$6 -> 0.6
B12: Golpe de calor | C12: ='AGA y criterios'!D31 -> 125000 | D12: =H94 -> 35139.4 | E12: 0 | F12: 0 | G12: =H95 -> 40086.12 | H12: =H96 -> 25000 | I12: =H97 -> 6250 | J12: 0 | K12: =H98 -> 18524.48 | L12: =H99 -> 125000 | M12: =ROUND(C12-L12,2) -> 0 | N12: =L12/$C$6 -> 0.2
B13: Asientos protectores | C13: ='AGA y criterios'!D32 -> 125000 | D13: =H153 -> 35139.41 | E13: 0 | F13: 0 | G13: =H154 -> 40086.11 | H13: =H155 -> 25000 | I13: =H156 -> 6250 | J13: 0 | K13: =H157 -> 18524.48 | L13: =H158 -> 125000 | M13: =ROUND(C13-L13,2) -> 0 | N13: =L13/$C$6 -> 0.2
B14: TOTAL PROGRAMA | C14: =SUM(C11:C13) -> 625000 | D14: =SUM(D11:D13) -> 215084.05 | E14: =SUM(E11:E13) -> 53572.81 | F14: =SUM(F11:F13) -> 0 | G14: =SUM(G11:G13) -> 200544.18 | H14: =SUM(H11:H13) -> 106250 | I14: =SUM(I11:I13) -> 12500 | J14: =SUM(J11:J13) -> 0 | ... N14: =SUM(N11:N13) -> 1
B18: 27-12-07 Cinturón de seguridad
B19: Público: Hombres 25–34. Secundario: hombres 35–44.
B20: Mensaje: De día o de noche si no te amarras, pagas.
B21: 2 campañas AGA. Propuesta: campaña 1 en noviembre y febrero; campaña 2 en mayo. Se mantienen las tres ventanas de origen.
B22: Auspicios: $1,075,000 pendientes de con con el RFP. No están sumados al escenario de $3,763,000. | C22: ='AGA y criterios'!D30 -> 375000
B24: Medio | C24: Unidad estimada | D24: Tarifa integrada | E24: 1–28 nov 26 | F24: 1–28 feb 27 | G24: 1–28 may 27 | H24: Entrega estimada | I24: Inversión total | J24: SOI %
B25: Entregas estimadas con tarifas de referencia. | C25: Spots de 60 s eq. | D25: =SUM(Tarifas!E7:E12) -> 10068.25 | E25: =ROUND($C$22*('Base de distribución'!E77/SUM('Base de distribución'!E77,'Base de distribución'!E78,'Base de distribución'!E79,'Base de distribución'!E80,'Base de distribución'!E81,'Base de distribución'!E82,'Base de distribución'!E83,'Base de distribución'!E84,'Base de distribución'!E85,'Base de distribución'!E86,'Base de distribución'!E87,'Base de distribución'!E88)),2) -> 34753.26 | F25: =ROUND($C$22*('Base de distribución'!E78/SUM('Base de distribución'!E77,'Base de distribución'!E78,'Base de distribución'!E79,'Base de distribución'!E80,'Base de distribución'!E81,'Base de distribución'!E82,'Base de distribución'!E83,'Base de distribución'!E84,'Base de distribución'!E85,'Base de distribución'!E86,'Base de distribución'!E87,'Base de distribución'!E88)),2) -> 52129.88 | G25: =ROUND($C$22*('Base de distribución'!E79/SUM('Base de distribución'!E77,'Base de distribución'!E78,'Base de distribución'!E79,'Base de distribución'!E80,'Base de distribución'!E81,'Base de distribución'!E82,'Base de distribución'!E83,'Base de distribución'!E84,'Base de distribución'!E85,'Base de distribución'!E86,'Base de distribución'!E87,'Base de distribución'!E88)),2) -> 57922.1 | H25: =SUM(H44:H49) -> 86.294186 | I25: =SUM(E25:G25) -> 144805.24 | J25: =I25/$C$22 -> 0.38614731
B26: Radio regional | C26: Cuñas de 30 s eq. | D26: =SUM(Tarifas!E13:E30) -> 665.16 | E26: =ROUND($C$22*('Base de distribución'!E80/SUM('Base de distribución'!E77,'Base de distribución'!E78,'Base de distribución'!E79,'Base de distribución'!E80,'Base de distribución'!E81,'Base de distribución'!E82,'Base de distribución'!E83,'Base de distribución'!E84,'Base de distribución'!E85,'Base de distribución'!E86,'Base de distribución'!E87,'Base de distribución'!E88)),2) -> 11479.89 | F26: =ROUND($C$22*('Base de distribución'!E81/SUM('Base de distribución'!E77,'Base de distribución'!E78,'Base de distribución'!E79,'Base de distribución'!E80,'Base de distribución'!E81,'Base de distribución'!E82,'Base de distribución'!E83,'Base de distribución'!E84,'Base de distribución'!E85,'Base de distribución'!E86,'Base de distribución'!E87,'Base de distribución'!E88)),2) -> 19133.15 | G26: =ROUND($C$22*('Base de distribución'!E82/SUM('Base de distribución'!E77,'Base de distribución'!E78,'Base de distribución'!E79,'Base de distribución'!E80,'Base de distribución'!E81,'Base de distribución'!E82,'Base de distribución'!E83,'Base de distribución'!E84,'Base de distribución'!E85,'Base de distribución'!E86,'Base de distribución'!E87,'Base de distribución'!E88)),2) -> 22959.77 | H26: =SUM(H52:H69) -> 1449.7423 | I26: =SUM(E26:G26) -> 53572.81 | J26: =I26/$C$22 -> 0.14286083
B27: Meta | C27: Impresiones | D27: =Tarifas!E35 -> 8.625 | E27: =ROUND($C$22*('Base de distribución'!E83/SUM('Base de distribución'!E77,'Base de distribución'!E78,'Base de distribución'!E79,'Base de distribución'!E80,'Base de distribución'!E81,'Base de distribución'!E82,'Base de distribución'!E83,'Base de distribución'!E84,'Base de distribución'!E85,'Base de distribución'!E86,'Base de distribución'!E87,'Base de distribución'!E88)),2) -> 33454.35 | F27: =ROUND($C$22*('Base de distribución'!E84/SUM('Base de distribución'!E77,'Base de distribución'!E78,'Base de distribución'!E79,'Base de distribución'!E80,'Base de distribución'!E81,'Base de distribución'!E82,'Base de distribución'!E83,'Base de distribución'!E84,'Base de distribución'!E85,'Base de distribución'!E86,'Base de distribución'!E87,'Base de distribución'!E88)),2) -> 40299.47 | G27: =ROUND($C$22*('Base de distribución'!E85/SUM('Base de distribución'!E77,'Base de distribución'!E78,'Base de distribución'!E79,'Base de distribución'!E80,'Base de distribución'!E81,'Base de distribución'!E82,'Base de distribución'!E83,'Base de distribución'!E84,'Base de distribución'!E85,'Base de distribución'!E86,'Base de distribución'!E87,'Base de distribución'!E88)),2) -> 46618.13 | H27: =SUM(H72:H72) -> 13956167 | I27: =SUM(E27:G27) -> 120371.95 | J27: =I27/$C$22 -> 0.32099187
B28: YouTube | C28: Impresiones | D28: =Tarifas!E36 -> 6.9 | E28: =ROUND($C$22*('Base de distribución'!E86/SUM('Base de distribución'!E77,'Base de distribución'!E78,'Base de distribución'!E79,'Base de distribución'!E80,'Base de distribución'!E81,'Base de distribución'!E82,'Base de distribución'!E83,'Base de distribución'!E84,'Base de distribución'!E85,'Base de distribución'!E86,'Base de distribución'!E87,'Base de distribución'!E88)),2) -> 14062.5 | F28: =ROUND($C$22*('Base de distribución'!E87/SUM('Base de distribución'!E77,'Base de distribución'!E78,'Base de distribución'!E79,'Base de distribución'!E80,'Base de distribución'!E81,'Base de distribución'!E82,'Base de distribución'!E83,'Base de distribución'!E84,'Base de distribución'!E85,'Base de distribución'!E86,'Base de distribución'!E87,'Base de distribución'!E88)),2) -> 19687.5 | G28: =ROUND($C$22-SUM(E25:G25,E26:G26,E27:G27,E28:F28),2) -> 22500 | H28: =SUM(H75:H75) -> 8152172 | I28: =SUM(E28:G28) -> 56250 | J28: =I28/$C$22 -> 0.15
B29: TOTAL CAMPAÑA | E29: =SUM(E25:E28) -> 93750 | F29: =SUM(F25:F28) -> 131250 | G29: =SUM(G25:G28) -> 150000 | I29: =SUM(I25:I28) -> 375000 | J29: =SUM(J25:J28) -> 1
B30: Balance de campaña | C30: =ROUND(C22-I29,2) -> 0
B31: “eq.” = unidades equivalentes de planificación, no colocaciones enteras contratadas. Ajuste de centavos en la última celda. Tarifas incluyen honorarios.
B32: Base de tarifa: TV = paquete de 6 spots; radio = 18 cuñas; OOH = 28 puntos × 5 días; digital = CPM; gaming = vista completa; creadores = 3 publicaciones.
B34: Fechas de pauta por medio
B35: Medio | C35: Formato | D35: Condición | E35: 1–28 nov 26 | F35: 1–28 feb 27 | G35: 1–28 may 27
B36: TV abierta | C36: TMD / WAPA / TeleOnce; programas del detalle | D36: Ventana de pauta | E36: 1–28 nov 26 | F36: 1–28 feb 27 | G36: 1–28 may 27
B37: Radio regional | C37: 18 emisoras; ROS 7 a. m.–5 p. m. y excepciones del detalle | D37: Bloques y días exactos por confirmar | E37: 1–28 nov 26 | F37: 1–28 feb 27 | G37: 1–28 may 27
B38: Meta | C38: Video / Reels / Stories | D38: Ventana de pauta | E38: 1–28 nov 26 | F38: 1–28 feb 27 | G38: 1–28 may 27
B39: YouTube | C39: Video 15–30 s | D39: Ventana de pauta | E39: 1–28 nov 26 | F39: 1–28 feb 27 | G39: 1–28 may 27
B41: Colocaciones por proveedor y periodo
B42: Proveedor | C42: Programa / formato | D42: Tarifa integrada | E42: 1–28 nov 26 | F42: 1–28 feb 27 | G42: 1–28 may 27 | H42: Cantidad total | I42: Inversión total | J42: SOI campaña
B43: TV abierta
